Workbook
Name ADRESSE: #REF!
Name Agence: #REF!
Name CA_fournitures_sanitaires: #REF!
Name CA_fournitures_sanitaires: #REF!
Name CA_fournitures_sanitaires: #REF!
Name CA_fournitures_sanitaires: #REF!
Name CA_nettoyage_des_locaux: #REF!
Name CA_nettoyage_des_locaux: #REF!
Name CA_nettoyage_des_locaux: #REF!
Name CA_nettoyage_des_locaux: #REF!
Name CA_permanence: #REF!
Name CA_permanence: #REF!
Name CA_permanence: #REF!
Name CA_permanence: #REF!
Name CA_vitrerie: #REF!
Name CA_vitrerie: #REF!
Name CA_vitrerie: #REF!
Name CA_vitrerie: #REF!
Name Categoria: #REF!
Name CATEGORIAS: #REF!
Name CATEGORIAS: #REF!
Name Catlaboral: #REF!
Name Celia: #REF!
Name CentrosBilbao: #REF!
Name Code_NAF: #REF!
Name CODE_POSTAL_ET_VILLE: #REF!
Name Duracio_de_l_amortització: #REF!
Name Duracio_de_l_amortització: #REF!
Name Durée_de_l_amortissement: #REF!
Name E_mail: #REF!
Name Fax: #REF!
Name Frecuencia: #REF!
Name Frecuencia: #REF!
Name Frecuencias: #REF!
Name Initiateur: #REF!
Name Interlocuteur_client: #REF!
Name Investissement_annuel: #REF!
Name Listado_Convenios: #REF!
Name Marge_d_exploitation_hors_CS: #REF!
Name Marge_d_exploitation_hors_CS: #REF!
Name Marge_d_exploitation_hors_CS: #REF!
Name Marge_d_exploitation_hors_CS: #REF!
Name Marge_nettoyage_des_locaux: #REF!
Name Marge_permanence: #REF!
Name Marge_vitrerie: #REF!
Name Masse_salariale_sur_site: #REF!
Name Masse_salariale_vitrerie: #REF!
Name Masse_salarialre_permanence: #REF!
Name N__SIRET: #REF!
Name Prestacion: #REF!
Name Prestacion: #REF!
Name Preu_unitari: #REF!
Name Preu_unitari: #REF!
Name Prix_unitaire: #REF!
Name RAISON_SOCIALE: #REF!
Name Rendimiento: #REF!
Name Rendimiento: #REF!
Name Seleccionar_Categoria: #REF!
Name Seleccionar_Convenio: #REF!
Name Surface_totale: #REF!

Sheet Instruccions
A2: Instruccions d'ús Annex Tècnic | B2: Inici
A5: Per a omplir l'Annex Tècnic haurem de posar el rendiment de neteja adequat a la columna G
A7: Aquest rendiment mitjà ha d'incloure les tasques de neteja diàries, periòdiques i a fons de les netejadores
A9: Hem de tenir en compte que el mateix tipus de sala pot tenir diferents rendiments segons el nivell de brutícia, ús o materials que el componen.
A11: Es valorarà el que es tinguin en compte en els estudis els nivells de brutícia, ús o materials.
A13: No seran valorats els estudis que tinguin una mitjana de rendiments iguals en totes les sales sense tenir en compte el tipus de sala ni la seva utilització.
A16: Els rendiments de les tasques d'especialistes s'ompliran a les caselles:
A18: AH4-AK4-AN4-AQ4-AW4
A20: En aquestes caselles posarem el rendiment mitjà de cada operació. El rendiment pot ser diferent en cada centre.
A22: A la Columna I tenim una informació dels torns de neteja, aquests torns són orientatius i poden tenir modificacions.
A23: En el full resum podrem veure el total d'hores previstes de cada centre.
A25: El fet de desbloquejar o modificar aquests fulls de càlcul seria raó suficient per excloure a l'empresa d'aquesta licitació.

Sheet Inici
A1: Annex 4 Estudi Técnic, Ajuntament de Sant Feliu de Codines
B4: 1 | C4: =+'Resum Estudi'!E4 -> Escola Primaria Jaume Balmes | D4: 2 | E4: =+'Resum Estudi'!E5 -> Escola Infantil Jaume Balmes | F4: 3 | G4: =+'Resum Estudi'!E6 -> Escola Bressol Mestre Jane
C6: Resum
C7: Plaça Josep Umbert Ventura, 2, 08182, Sant Feliu de Codines – Tel. 938 662 768 – st.feliuc@diba.cat – https://www.santfeliudecodines.cat/

Sheet 1
B1: Inici | E1: Estudi Tecnic Ajuntament de Sant Feliu de Codines | U1: =+'Resum Estudi'!E4 -> Escola Primaria Jaume Balmes
B3: Annex 4 | W3: Mesos | AF3: Vidres interiors | AI3: Vidres perimetre | AL3: Punts de llum i difusors d'aire | AO3: Limpieza de tapizados y moquetas | AR3: Limpieza de Techos | AU3: Tratamiento de Suelos | AX3: Aplicación de Emulsiones | BA3: Total Mensual
K4: TOTAL | L4: =+L99 -> 0 | M4: =+M99 -> 0 | N4: =+N99 -> 0 | O4: =+O99 -> 0 | P4: =+P99 -> 0 | Q4: =+Q99 -> 0 | R4: =+R99 -> 0 | S4: =+S99 -> 0 | ... V4: =+V99 -> 0 | W4: =+'Resum Estudi'!I4 -> 11 | AF4: Freq | AG4: 2 | AI4: Freq | AJ4: 2 | AL4: Freq | AM4: 1 | AO4: Freq | AP4: 1 | AR4: Freq | AS4: 1 | AT4: 1000 | AU4: Freq | AV4: 1 | AX4: Freq | AY4: 1 | AZ4: 1000 | BA4: =BA99 -> #DIV/0!
X5: Horas semana por turnos
B6: Edifici | C6: Planta | D6: Zona | E6: Tipus de paviments | F6: Superficie | G6: Rendiment final | H6: Freqüència | K6: Hores unitat | L6: Dilluns | M6: Dimarts | N6: Dimecres | O6: Dijous | P6: Divendres | R6: Dissabte | T6: Diumenge | U6: Hores Setmana | V6: Hores Mes | W6: Hores Any | X6: D/S | Y6: Torn | Z6: Mati | AB6: Tarda | AD6: Nit | AG6: H/V | AH6: Hores/mes | AJ6: H/V | AK6: Hores/mes | AM6: H/V | AN6: Hores/mes | AP6: H/V | AQ6: Horas/mes | AS6: H/V | AT6: Horas/mes | AV6: H/V | AW6: Horas/mes | AY6: H/V | AZ6: Horas/mes | BA6: Total Mensual
B8: Escola Jaume Balmes - Primaria | C8: P Baixa | D8: Tallavents | E8: Terratzo | F8: 8.4 | H8: Diario 5/7 | I8: =IF(H8=Tablas!$B$5,Tablas!$C$5,VLOOKUP(H8,Tablas!$B$5:$D$40,2,FALSE)) -> 19 | J8: =IF(I8=0,"",VLOOKUP(I8,Tablas!$C$5:$D$40,2,FALSE)) -> 21.72619 | K8: =IF(G8=0,"0",F8/G8) -> 0 | L8: =IF($X8=3,$K8,0)+IF($X8=4,$K8,0)+IF($X8=5,$K8,0)+IF($X8=6,$K8,0)+IF($X8=7,$K8,0)+IF($X8=10,$K8*2,0)+IF($X8=12,$K8*2,0)+IF($X8=14,$K8*2,0)+IF($X8=21,$K8*3,0)+IF($X8<=1,$K8*$J8/21.75,0)+IF($X8=15,$K8*3,0) -> 0 | M8: =IF($X8=2,$K8,0)+IF($X8=4,$K8,0)+IF($X8=5,$K8,0)+IF($X8=6,$K8,0)+IF($X8=7,$K8,0)+IF($X8=10,$K8*2,0)+IF($X8=12,$K8*2,0)+IF($X8=14,$K8*2,0)+IF($X8=15,$K8*3,0)+IF($X8=21,$K8*3,0)+IF($X8<=1,$K8*$J8/21.75,0) -> 0 | N8: =IF($X8=3,$K8,0)+IF($X8=4,$K8,0)+IF($X8=5,$K8,0)+IF($X8=6,$K8,0)+IF($X8=7,$K8,0)+IF($X8=10,$K8*2,0)+IF($X8=12,$K8*2,0)+IF($X8=14,$K8*2,0)+IF($X8=21,$K8*3,0)+IF($X8<=1,$K8*$J8/21.75,0)+IF($X8=15,$K8*3,0) -> 0 | O8: =IF($X8=2,$K8,0)+IF($X8=4,$K8,0)+IF($X8=5,$K8,0)+IF($X8=6,$K8,0)+IF($X8=7,$K8,0)+IF($X8=10,$K8*2,0)+IF($X8=12,$K8*2,0)+IF($X8=14,$K8*2,0)+IF($X8=15,$K8*3,0)+IF($X8=21,$K8*3,0)+IF($X8<=1,$K8*$J8/21.75,0) -> 0 | P8: =IF($X8=3,$K8,0)+IF($X8=4,$K8,0)+IF($X8=5,$K8,0)+IF($X8=6,$K8,0)+IF($X8=7,$K8,0)+IF($X8=10,$K8*2,0)+IF($X8=12,$K8*2,0)+IF($X8=14,$K8*2,0)+IF($X8=21,$K8*3,0)+IF($X8<=1,$K8*$J8/21.75,0)+IF($X8=15,$K8*3,0) -> 0 | Q8: 0.75 | R8: =(IF($X8=6,$K8,)+IF($X8=7,$K8,)+IF($X8=12,$K8*2,)+IF($X8=18,$K8*3,)+IF($X8=21,$K8*3,)+IF($X8=14,$K8*2,))*Q8 -> 0 | S8: 0.75 | T8: =(IF($X8=7,$K8,)+IF($X8=21,$K8*3,)+IF($X8=14,$K8*2,))*S8 -> 0 | U8: =SUM(+L8+M8+N8+O8+P8+R8+T8) -> 0 | V8: =+U8*4.345 -> 0 | W8: =IF(V8="","",$W$4*V8) -> 0 | X8: =ROUND(J8/4.3452380952381,1) -> 5 | Y8: T | Z8: 1 | AA8: =+IF($Y8="M",$U8,IF($Y8="MT",$U8/2,IF(Y8="MN",$U8/2,IF($Y8="MTN",$U8/3,0))))*Z8 -> 0 | AB8: 1 | AC8: =+IF($Y8="T",$U8,IF($Y8="MT",$U8/2,IF($Y8="TN",$U8/2,IF($Y8="MTN",$U8/3,0))))*AB8 -> 0 | AD8: 1 | AE8: =+IF($Y8="N",$U8,IF($Y8="MN",$U8/2,IF($Y8="TN",$U8/2,IF($Y8="MTN",$U8/3,0))))*AD8 -> 0 | AF8: 5.214 | AG8: =+AF8/AH$4 -> #DIV/0! | AH8: =AG8*AG$4/12 -> #DIV/0! | AI8: 5.21 | AJ8: =+AI8/AK$4 -> #DIV/0! | AK8: =AJ8*AJ$4/12 -> #DIV/0! | AL8: 8.4 | AM8: =+AL8/AN$4 -> #DIV/0! | AN8: =AM8*AM$4/12 -> #DIV/0! | AP8: =+AO8/AQ$4 -> #DIV/0! | AQ8: =AP8*AP$4/12 -> #DIV/0! | AS8: =+AR8/AT$4 -> 0 | AT8: =AS8*AS$4/12 -> 0 | AU8: 8.4 | AV8: =+AU8/AW$4 -> #DIV/0! | AW8: =AV8*AV$4/12 -> #DIV/0! | AY8: =+AX8/AZ$4 -> 0 | AZ8: =AY8*AY$4/12 -> 0 | BA8: =+AH8+AK8+AN8+AQ8+AT8+AW8+AZ8 -> #DIV/0!
B9: Escola Jaume Balmes - Primaria | C9: P Baixa | D9: Secretaria | E9: Terratzo | F9: 27.45 | H9: Diario 5/7 | I9: =IF(H9=Tablas!$B$5,Tablas!$C$5,VLOOKUP(H9,Tablas!$B$5:$D$40,2,FALSE)) -> 19 | J9: =IF(I9=0,"",VLOOKUP(I9,Tablas!$C$5:$D$40,2,FALSE)) -> 21.72619 | K9: =IF(G9=0,"0",F9/G9) -> 0 | L9: =IF($X9=3,$K9,0)+IF($X9=4,$K9,0)+IF($X9=5,$K9,0)+IF($X9=6,$K9,0)+IF($X9=7,$K9,0)+IF($X9=10,$K9*2,0)+IF($X9=12,$K9*2,0)+IF($X9=14,$K9*2,0)+IF($X9=21,$K9*3,0)+IF($X9<=1,$K9*$J9/21.75,0)+IF($X9=15,$K9*3,0) -> 0 | M9: =IF($X9=2,$K9,0)+IF($X9=4,$K9,0)+IF($X9=5,$K9,0)+IF($X9=6,$K9,0)+IF($X9=7,$K9,0)+IF($X9=10,$K9*2,0)+IF($X9=12,$K9*2,0)+IF($X9=14,$K9*2,0)+IF($X9=15,$K9*3,0)+IF($X9=21,$K9*3,0)+IF($X9<=1,$K9*$J9/21.75,0) -> 0 | N9: =IF($X9=3,$K9,0)+IF($X9=4,$K9,0)+IF($X9=5,$K9,0)+IF($X9=6,$K9,0)+IF($X9=7,$K9,0)+IF($X9=10,$K9*2,0)+IF($X9=12,$K9*2,0)+IF($X9=14,$K9*2,0)+IF($X9=21,$K9*3,0)+IF($X9<=1,$K9*$J9/21.75,0)+IF($X9=15,$K9*3,0) -> 0 | O9: =IF($X9=2,$K9,0)+IF($X9=4,$K9,0)+IF($X9=5,$K9,0)+IF($X9=6,$K9,0)+IF($X9=7,$K9,0)+IF($X9=10,$K9*2,0)+IF($X9=12,$K9*2,0)+IF($X9=14,$K9*2,0)+IF($X9=15,$K9*3,0)+IF($X9=21,$K9*3,0)+IF($X9<=1,$K9*$J9/21.75,0) -> 0 | P9: =IF($X9=3,$K9,0)+IF($X9=4,$K9,0)+IF($X9=5,$K9,0)+IF($X9=6,$K9,0)+IF($X9=7,$K9,0)+IF($X9=10,$K9*2,0)+IF($X9=12,$K9*2,0)+IF($X9=14,$K9*2,0)+IF($X9=21,$K9*3,0)+IF($X9<=1,$K9*$J9/21.75,0)+IF($X9=15,$K9*3,0) -> 0 | Q9: 0.75 | R9: =(IF($X9=6,$K9,)+IF($X9=7,$K9,)+IF($X9=12,$K9*2,)+IF($X9=18,$K9*3,)+IF($X9=21,$K9*3,)+IF($X9=14,$K9*2,))*Q9 -> 0 | S9: 0.75 | T9: =(IF($X9=7,$K9,)+IF($X9=21,$K9*3,)+IF($X9=14,$K9*2,))*S9 -> 0 | U9: =SUM(+L9+M9+N9+O9+P9+R9+T9) -> 0 | V9: =+U9*4.345 -> 0 | W9: =IF(V9="","",$W$4*V9) -> 0 | X9: =ROUND(J9/4.3452380952381,1) -> 5 | Y9: T | Z9: 1 | AA9: =+IF($Y9="M",$U9,IF($Y9="MT",$U9/2,IF(Y9="MN",$U9/2,IF($Y9="MTN",$U9/3,0))))*Z9 -> 0 | AB9: 1 | AC9: =+IF($Y9="T",$U9,IF($Y9="MT",$U9/2,IF($Y9="TN",$U9/2,IF($Y9="MTN",$U9/3,0))))*AB9 -> 0 | AD9: 1 | AE9: =+IF($Y9="N",$U9,IF($Y9="MN",$U9/2,IF($Y9="TN",$U9/2,IF($Y9="MTN",$U9/3,0))))*AD9 -> 0 | AF9: 4 | AG9: =+AF9/AH$4 -> #DIV/0! | AH9: =AG9*AG$4/12 -> #DIV/0! | AI9: 2.7 | AJ9: =+AI9/AK$4 -> #DIV/0! | AK9: =AJ9*AJ$4/12 -> #DIV/0! | AL9: 27.45 | AM9: =+AL9/AN$4 -> #DIV/0! | AN9: =AM9*AM$4/12 -> #DIV/0! | AP9: =+AO9/AQ$4 -> #DIV/0! | AQ9: =AP9*AP$4/12 -> #DIV/0! | AS9: =+AR9/AT$4 -> 0 | AT9: =AS9*AS$4/12 -> 0 | AU9: 27.45 | AV9: =+AU9/AW$4 -> #DIV/0! | AW9: =AV9*AV$4/12 -> #DIV/0! | AY9: =+AX9/AZ$4 -> 0 | AZ9: =AY9*AY$4/12 -> 0 | BA9: =+AH9+AK9+AN9+AQ9+AT9+AW9+AZ9 -> #DIV/0!
B10: Escola Jaume Balmes - Primaria | C10: P Baixa | D10: Sala de professors | E10: Terratzo | F10: 23.22 | H10: Diario 5/7 | I10: =IF(H10=Tablas!$B$5,Tablas!$C$5,VLOOKUP(H10,Tablas!$B$5:$D$40,2,FALSE)) -> 19 | J10: =IF(I10=0,"",VLOOKUP(I10,Tablas!$C$5:$D$40,2,FALSE)) -> 21.72619 | K10: =IF(G10=0,"0",F10/G10) -> 0 | L10: =IF($X10=3,$K10,0)+IF($X10=4,$K10,0)+IF($X10=5,$K10,0)+IF($X10=6,$K10,0)+IF($X10=7,$K10,0)+IF($X10=10,$K10*2,0)+IF($X10=12,$K10*2,0)+IF($X10=14,$K10*2,0)+IF($X10=21,$K10*3,0)+IF($X10<=1,$K10*$J10/21.75,0)+IF($X10=15,$K10*3,0) -> 0 | M10: =IF($X10=2,$K10,0)+IF($X10=4,$K10,0)+IF($X10=5,$K10,0)+IF($X10=6,$K10,0)+IF($X10=7,$K10,0)+IF($X10=10,$K10*2,0)+IF($X10=12,$K10*2,0)+IF($X10=14,$K10*2,0)+IF($X10=15,$K10*3,0)+IF($X10=21,$K10*3,0)+IF($X10<=1,$K10*$J10/21.75,0) -> 0 | N10: =IF($X10=3,$K10,0)+IF($X10=4,$K10,0)+IF($X10=5,$K10,0)+IF($X10=6,$K10,0)+IF($X10=7,$K10,0)+IF($X10=10,$K10*2,0)+IF($X10=12,$K10*2,0)+IF($X10=14,$K10*2,0)+IF($X10=21,$K10*3,0)+IF($X10<=1,$K10*$J10/21.75,0)+IF($X10=15,$K10*3,0) -> 0 | O10: =IF($X10=2,$K10,0)+IF($X10=4,$K10,0)+IF($X10=5,$K10,0)+IF($X10=6,$K10,0)+IF($X10=7,$K10,0)+IF($X10=10,$K10*2,0)+IF($X10=12,$K10*2,0)+IF($X10=14,$K10*2,0)+IF($X10=15,$K10*3,0)+IF($X10=21,$K10*3,0)+IF($X10<=1,$K10*$J10/21.75,0) -> 0 | P10: =IF($X10=3,$K10,0)+IF($X10=4,$K10,0)+IF($X10=5,$K10,0)+IF($X10=6,$K10,0)+IF($X10=7,$K10,0)+IF($X10=10,$K10*2,0)+IF($X10=12,$K10*2,0)+IF($X10=14,$K10*2,0)+IF($X10=21,$K10*3,0)+IF($X10<=1,$K10*$J10/21.75,0)+IF($X10=15,$K10*3,0) -> 0 | Q10: 0.75 | R10: =(IF($X10=6,$K10,)+IF($X10=7,$K10,)+IF($X10=12,$K10*2,)+IF($X10=18,$K10*3,)+IF($X10=21,$K10*3,)+IF($X10=14,$K10*2,))*Q10 -> 0 | S10: 0.75 | T10: =(IF($X10=7,$K10,)+IF($X10=21,$K10*3,)+IF($X10=14,$K10*2,))*S10 -> 0 | U10: =SUM(+L10+M10+N10+O10+P10+R10+T10) -> 0 | V10: =+U10*4.345 -> 0 | W10: =IF(V10="","",$W$4*V10) -> 0 | X10: =ROUND(J10/4.3452380952381,1) -> 5 | Y10: T | Z10: 1 | AA10: =+IF($Y10="M",$U10,IF($Y10="MT",$U10/2,IF(Y10="MN",$U10/2,IF($Y10="MTN",$U10/3,0))))*Z10 -> 0 | AB10: 1 | AC10: =+IF($Y10="T",$U10,IF($Y10="MT",$U10/2,IF($Y10="TN",$U10/2,IF($Y10="MTN",$U10/3,0))))*AB10 -> 0 | AD10: 1 | AE10: =+IF($Y10="N",$U10,IF($Y10="MN",$U10/2,IF($Y10="TN",$U10/2,IF($Y10="MTN",$U10/3,0))))*AD10 -> 0 | AG10: =+AF10/AH$4 -> #DIV/0! | AH10: =AG10*AG$4/12 -> #DIV/0! | AI10: 2.7 | AJ10: =+AI10/AK$4 -> #DIV/0! | AK10: =AJ10*AJ$4/12 -> #DIV/0! | AL10: 23.22 | AM10: =+AL10/AN$4 -> #DIV/0! | AN10: =AM10*AM$4/12 -> #DIV/0! | AP10: =+AO10/AQ$4 -> #DIV/0! | AQ10: =AP10*AP$4/12 -> #DIV/0! | AS10: =+AR10/AT$4 -> 0 | AT10: =AS10*AS$4/12 -> 0 | AU10: 23.22 | AV10: =+AU10/AW$4 -> #DIV/0! | AW10: =AV10*AV$4/12 -> #DIV/0! | AY10: =+AX10/AZ$4 -> 0 | AZ10: =AY10*AY$4/12 -> 0 | BA10: =+AH10+AK10+AN10+AQ10+AT10+AW10+AZ10 -> #DIV/0!
B11: Escola Jaume Balmes - Primaria | C11: P Baixa | D11: Biblioteca | E11: Terratzo | F11: =74.26-15 -> 59.26 | H11: Diario 5/7 | I11: =IF(H11=Tablas!$B$5,Tablas!$C$5,VLOOKUP(H11,Tablas!$B$5:$D$40,2,FALSE)) -> 19 | J11: =IF(I11=0,"",VLOOKUP(I11,Tablas!$C$5:$D$40,2,FALSE)) -> 21.72619 | K11: =IF(G11=0,"0",F11/G11) -> 0 | L11: =IF($X11=3,$K11,0)+IF($X11=4,$K11,0)+IF($X11=5,$K11,0)+IF($X11=6,$K11,0)+IF($X11=7,$K11,0)+IF($X11=10,$K11*2,0)+IF($X11=12,$K11*2,0)+IF($X11=14,$K11*2,0)+IF($X11=21,$K11*3,0)+IF($X11<=1,$K11*$J11/21.75,0)+IF($X11=15,$K11*3,0) -> 0 | M11: =IF($X11=2,$K11,0)+IF($X11=4,$K11,0)+IF($X11=5,$K11,0)+IF($X11=6,$K11,0)+IF($X11=7,$K11,0)+IF($X11=10,$K11*2,0)+IF($X11=12,$K11*2,0)+IF($X11=14,$K11*2,0)+IF($X11=15,$K11*3,0)+IF($X11=21,$K11*3,0)+IF($X11<=1,$K11*$J11/21.75,0) -> 0 | N11: =IF($X11=3,$K11,0)+IF($X11=4,$K11,0)+IF($X11=5,$K11,0)+IF($X11=6,$K11,0)+IF($X11=7,$K11,0)+IF($X11=10,$K11*2,0)+IF($X11=12,$K11*2,0)+IF($X11=14,$K11*2,0)+IF($X11=21,$K11*3,0)+IF($X11<=1,$K11*$J11/21.75,0)+IF($X11=15,$K11*3,0) -> 0 | O11: =IF($X11=2,$K11,0)+IF($X11=4,$K11,0)+IF($X11=5,$K11,0)+IF($X11=6,$K11,0)+IF($X11=7,$K11,0)+IF($X11=10,$K11*2,0)+IF($X11=12,$K11*2,0)+IF($X11=14,$K11*2,0)+IF($X11=15,$K11*3,0)+IF($X11=21,$K11*3,0)+IF($X11<=1,$K11*$J11/21.75,0) -> 0 | P11: =IF($X11=3,$K11,0)+IF($X11=4,$K11,0)+IF($X11=5,$K11,0)+IF($X11=6,$K11,0)+IF($X11=7,$K11,0)+IF($X11=10,$K11*2,0)+IF($X11=12,$K11*2,0)+IF($X11=14,$K11*2,0)+IF($X11=21,$K11*3,0)+IF($X11<=1,$K11*$J11/21.75,0)+IF($X11=15,$K11*3,0) -> 0 | Q11: 0.75 | R11: =(IF($X11=6,$K11,)+IF($X11=7,$K11,)+IF($X11=12,$K11*2,)+IF($X11=18,$K11*3,)+IF($X11=21,$K11*3,)+IF($X11=14,$K11*2,))*Q11 -> 0 | S11: 0.75 | T11: =(IF($X11=7,$K11,)+IF($X11=21,$K11*3,)+IF($X11=14,$K11*2,))*S11 -> 0 | U11: =SUM(+L11+M11+N11+O11+P11+R11+T11) -> 0 | V11: =+U11*4.345 -> 0 | W11: =IF(V11="","",$W$4*V11) -> 0 | X11: =ROUND(J11/4.3452380952381,1) -> 5 | Y11: T | Z11: 1 | AA11: =+IF($Y11="M",$U11,IF($Y11="MT",$U11/2,IF(Y11="MN",$U11/2,IF($Y11="MTN",$U11/3,0))))*Z11 -> 0 | AB11: 1 | AC11: =+IF($Y11="T",$U11,IF($Y11="MT",$U11/2,IF($Y11="TN",$U11/2,IF($Y11="MTN",$U11/3,0))))*AB11 -> 0 | AD11: 1 | AE11: =+IF($Y11="N",$U11,IF($Y11="MN",$U11/2,IF($Y11="TN",$U11/2,IF($Y11="MTN",$U11/3,0))))*AD11 -> 0 | AG11: =+AF11/AH$4 -> #DIV/0! | AH11: =AG11*AG$4/12 -> #DIV/0! | AI11: 4.5 | AJ11: =+AI11/AK$4 -> #DIV/0! | AK11: =AJ11*AJ$4/12 -> #DIV/0! | AL11: 59.26 | AM11: =+AL11/AN$4 -> #DIV/0! | AN11: =AM11*AM$4/12 -> #DIV/0! | AP11: =+AO11/AQ$4 -> #DIV/0! | AQ11: =AP11*AP$4/12 -> #DIV/0! | AS11: =+AR11/AT$4 -> 0 | AT11: =AS11*AS$4/12 -> 0 | AU11: 59.26 | AV11: =+AU11/AW$4 -> #DIV/0! | AW11: =AV11*AV$4/12 -> #DIV/0! | AY11: =+AX11/AZ$4 -> 0 | AZ11: =AY11*AY$4/12 -> 0 | BA11: =+AH11+AK11+AN11+AQ11+AT11+AW11+AZ11 -> #DIV/0!
B12: Escola Jaume Balmes - Primaria | C12: P Baixa | D12: Magatzem biblioteca | E12: Terratzo | F12: 15 | H12: Diario 5/7 | I12: =IF(H12=Tablas!$B$5,Tablas!$C$5,VLOOKUP(H12,Tablas!$B$5:$D$40,2,FALSE)) -> 19 | J12: =IF(I12=0,"",VLOOKUP(I12,Tablas!$C$5:$D$40,2,FALSE)) -> 21.72619 | K12: =IF(G12=0,"0",F12/G12) -> 0 | L12: =IF($X12=3,$K12,0)+IF($X12=4,$K12,0)+IF($X12=5,$K12,0)+IF($X12=6,$K12,0)+IF($X12=7,$K12,0)+IF($X12=10,$K12*2,0)+IF($X12=12,$K12*2,0)+IF($X12=14,$K12*2,0)+IF($X12=21,$K12*3,0)+IF($X12<=1,$K12*$J12/21.75,0)+IF($X12=15,$K12*3,0) -> 0 | M12: =IF($X12=2,$K12,0)+IF($X12=4,$K12,0)+IF($X12=5,$K12,0)+IF($X12=6,$K12,0)+IF($X12=7,$K12,0)+IF($X12=10,$K12*2,0)+IF($X12=12,$K12*2,0)+IF($X12=14,$K12*2,0)+IF($X12=15,$K12*3,0)+IF($X12=21,$K12*3,0)+IF($X12<=1,$K12*$J12/21.75,0) -> 0 | N12: =IF($X12=3,$K12,0)+IF($X12=4,$K12,0)+IF($X12=5,$K12,0)+IF($X12=6,$K12,0)+IF($X12=7,$K12,0)+IF($X12=10,$K12*2,0)+IF($X12=12,$K12*2,0)+IF($X12=14,$K12*2,0)+IF($X12=21,$K12*3,0)+IF($X12<=1,$K12*$J12/21.75,0)+IF($X12=15,$K12*3,0) -> 0 | O12: =IF($X12=2,$K12,0)+IF($X12=4,$K12,0)+IF($X12=5,$K12,0)+IF($X12=6,$K12,0)+IF($X12=7,$K12,0)+IF($X12=10,$K12*2,0)+IF($X12=12,$K12*2,0)+IF($X12=14,$K12*2,0)+IF($X12=15,$K12*3,0)+IF($X12=21,$K12*3,0)+IF($X12<=1,$K12*$J12/21.75,0) -> 0 | P12: =IF($X12=3,$K12,0)+IF($X12=4,$K12,0)+IF($X12=5,$K12,0)+IF($X12=6,$K12,0)+IF($X12=7,$K12,0)+IF($X12=10,$K12*2,0)+IF($X12=12,$K12*2,0)+IF($X12=14,$K12*2,0)+IF($X12=21,$K12*3,0)+IF($X12<=1,$K12*$J12/21.75,0)+IF($X12=15,$K12*3,0) -> 0 | Q12: 0.75 | R12: =(IF($X12=6,$K12,)+IF($X12=7,$K12,)+IF($X12=12,$K12*2,)+IF($X12=18,$K12*3,)+IF($X12=21,$K12*3,)+IF($X12=14,$K12*2,))*Q12 -> 0 | S12: 0.75 | T12: =(IF($X12=7,$K12,)+IF($X12=21,$K12*3,)+IF($X12=14,$K12*2,))*S12 -> 0 | U12: =SUM(+L12+M12+N12+O12+P12+R12+T12) -> 0 | V12: =+U12*4.345 -> 0 | W12: =IF(V12="","",$W$4*V12) -> 0 | X12: =ROUND(J12/4.3452380952381,1) -> 5 | Y12: T | Z12: 1 | AA12: =+IF($Y12="M",$U12,IF($Y12="MT",$U12/2,IF(Y12="MN",$U12/2,IF($Y12="MTN",$U12/3,0))))*Z12 -> 0 | AB12: 1 | AC12: =+IF($Y12="T",$U12,IF($Y12="MT",$U12/2,IF($Y12="TN",$U12/2,IF($Y12="MTN",$U12/3,0))))*AB12 -> 0 | AD12: 1 | AE12: =+IF($Y12="N",$U12,IF($Y12="MN",$U12/2,IF($Y12="TN",$U12/2,IF($Y12="MTN",$U12/3,0))))*AD12 -> 0 | AG12: =+AF12/AH$4 -> #DIV/0! | AH12: =AG12*AG$4/12 -> #DIV/0! | AJ12: =+AI12/AK$4 -> #DIV/0! | AK12: =AJ12*AJ$4/12 -> #DIV/0! | AL12: 15 | AM12: =+AL12/AN$4 -> #DIV/0! | AN12: =AM12*AM$4/12 -> #DIV/0! | AP12: =+AO12/AQ$4 -> #DIV/0! | AQ12: =AP12*AP$4/12 -> #DIV/0! | AS12: =+AR12/AT$4 -> 0 | AT12: =AS12*AS$4/12 -> 0 | AU12: 15 | AV12: =+AU12/AW$4 -> #DIV/0! | AW12: =AV12*AV$4/12 -> #DIV/0! | AY12: =+AX12/AZ$4 -> 0 | AZ12: =AY12*AY$4/12 -> 0 | BA12: =+AH12+AK12+AN12+AQ12+AT12+AW12+AZ12 -> #DIV/0!
B13: Escola Jaume Balmes - Primaria | C13: P Baixa | D13: Aseo Biblioteca | E13: Terratzo | F13: 2.81 | H13: Diario 5/7 | I13: =IF(H13=Tablas!$B$5,Tablas!$C$5,VLOOKUP(H13,Tablas!$B$5:$D$40,2,FALSE)) -> 19 | J13: =IF(I13=0,"",VLOOKUP(I13,Tablas!$C$5:$D$40,2,FALSE)) -> 21.72619 | K13: =IF(G13=0,"0",F13/G13) -> 0 | L13: =IF($X13=3,$K13,0)+IF($X13=4,$K13,0)+IF($X13=5,$K13,0)+IF($X13=6,$K13,0)+IF($X13=7,$K13,0)+IF($X13=10,$K13*2,0)+IF($X13=12,$K13*2,0)+IF($X13=14,$K13*2,0)+IF($X13=21,$K13*3,0)+IF($X13<=1,$K13*$J13/21.75,0)+IF($X13=15,$K13*3,0) -> 0 | M13: =IF($X13=2,$K13,0)+IF($X13=4,$K13,0)+IF($X13=5,$K13,0)+IF($X13=6,$K13,0)+IF($X13=7,$K13,0)+IF($X13=10,$K13*2,0)+IF($X13=12,$K13*2,0)+IF($X13=14,$K13*2,0)+IF($X13=15,$K13*3,0)+IF($X13=21,$K13*3,0)+IF($X13<=1,$K13*$J13/21.75,0) -> 0 | N13: =IF($X13=3,$K13,0)+IF($X13=4,$K13,0)+IF($X13=5,$K13,0)+IF($X13=6,$K13,0)+IF($X13=7,$K13,0)+IF($X13=10,$K13*2,0)+IF($X13=12,$K13*2,0)+IF($X13=14,$K13*2,0)+IF($X13=21,$K13*3,0)+IF($X13<=1,$K13*$J13/21.75,0)+IF($X13=15,$K13*3,0) -> 0 | O13: =IF($X13=2,$K13,0)+IF($X13=4,$K13,0)+IF($X13=5,$K13,0)+IF($X13=6,$K13,0)+IF($X13=7,$K13,0)+IF($X13=10,$K13*2,0)+IF($X13=12,$K13*2,0)+IF($X13=14,$K13*2,0)+IF($X13=15,$K13*3,0)+IF($X13=21,$K13*3,0)+IF($X13<=1,$K13*$J13/21.75,0) -> 0 | P13: =IF($X13=3,$K13,0)+IF($X13=4,$K13,0)+IF($X13=5,$K13,0)+IF($X13=6,$K13,0)+IF($X13=7,$K13,0)+IF($X13=10,$K13*2,0)+IF($X13=12,$K13*2,0)+IF($X13=14,$K13*2,0)+IF($X13=21,$K13*3,0)+IF($X13<=1,$K13*$J13/21.75,0)+IF($X13=15,$K13*3,0) -> 0 | Q13: 0.75 | R13: =(IF($X13=6,$K13,)+IF($X13=7,$K13,)+IF($X13=12,$K13*2,)+IF($X13=18,$K13*3,)+IF($X13=21,$K13*3,)+IF($X13=14,$K13*2,))*Q13 -> 0 | S13: 0.75 | T13: =(IF($X13=7,$K13,)+IF($X13=21,$K13*3,)+IF($X13=14,$K13*2,))*S13 -> 0 | U13: =SUM(+L13+M13+N13+O13+P13+R13+T13) -> 0 | V13: =+U13*4.345 -> 0 | W13: =IF(V13="","",$W$4*V13) -> 0 | X13: =ROUND(J13/4.3452380952381,1) -> 5 | Y13: T | Z13: 1 | AA13: =+IF($Y13="M",$U13,IF($Y13="MT",$U13/2,IF(Y13="MN",$U13/2,IF($Y13="MTN",$U13/3,0))))*Z13 -> 0 | AB13: 1 | AC13: =+IF($Y13="T",$U13,IF($Y13="MT",$U13/2,IF($Y13="TN",$U13/2,IF($Y13="MTN",$U13/3,0))))*AB13 -> 0 | AD13: 1 | AE13: =+IF($Y13="N",$U13,IF($Y13="MN",$U13/2,IF($Y13="TN",$U13/2,IF($Y13="MTN",$U13/3,0))))*AD13 -> 0 | AG13: =+AF13/AH$4 -> #DIV/0! | AH13: =AG13*AG$4/12 -> #DIV/0! | AJ13: =+AI13/AK$4 -> #DIV/0! | AK13: =AJ13*AJ$4/12 -> #DIV/0! | AL13: 2.81 | AM13: =+AL13/AN$4 -> #DIV/0! | AN13: =AM13*AM$4/12 -> #DIV/0! | AP13: =+AO13/AQ$4 -> #DIV/0! | AQ13: =AP13*AP$4/12 -> #DIV/0! | AS13: =+AR13/AT$4 -> 0 | AT13: =AS13*AS$4/12 -> 0 | AU13: =+F13 -> 2.81 | AV13: =+AU13/AW$4 -> #DIV/0! | AW13: =AV13*AV$4/12 -> #DIV/0! | AY13: =+AX13/AZ$4 -> 0 | AZ13: =AY13*AY$4/12 -> 0 | BA13: =+AH13+AK13+AN13+AQ13+AT13+AW13+AZ13 -> #DIV/0!
B14: Escola Jaume Balmes - Primaria | C14: P Baixa | D14: Aseos professors | E14: Vinilic | F14: 8.27 | H14: Diario 5/7 | I14: =IF(H14=Tablas!$B$5,Tablas!$C$5,VLOOKUP(H14,Tablas!$B$5:$D$40,2,FALSE)) -> 19 | J14: =IF(I14=0,"",VLOOKUP(I14,Tablas!$C$5:$D$40,2,FALSE)) -> 21.72619 | K14: =IF(G14=0,"0",F14/G14) -> 0 | L14: =IF($X14=3,$K14,0)+IF($X14=4,$K14,0)+IF($X14=5,$K14,0)+IF($X14=6,$K14,0)+IF($X14=7,$K14,0)+IF($X14=10,$K14*2,0)+IF($X14=12,$K14*2,0)+IF($X14=14,$K14*2,0)+IF($X14=21,$K14*3,0)+IF($X14<=1,$K14*$J14/21.75,0)+IF($X14=15,$K14*3,0) -> 0 | M14: =IF($X14=2,$K14,0)+IF($X14=4,$K14,0)+IF($X14=5,$K14,0)+IF($X14=6,$K14,0)+IF($X14=7,$K14,0)+IF($X14=10,$K14*2,0)+IF($X14=12,$K14*2,0)+IF($X14=14,$K14*2,0)+IF($X14=15,$K14*3,0)+IF($X14=21,$K14*3,0)+IF($X14<=1,$K14*$J14/21.75,0) -> 0 | N14: =IF($X14=3,$K14,0)+IF($X14=4,$K14,0)+IF($X14=5,$K14,0)+IF($X14=6,$K14,0)+IF($X14=7,$K14,0)+IF($X14=10,$K14*2,0)+IF($X14=12,$K14*2,0)+IF($X14=14,$K14*2,0)+IF($X14=21,$K14*3,0)+IF($X14<=1,$K14*$J14/21.75,0)+IF($X14=15,$K14*3,0) -> 0 | O14: =IF($X14=2,$K14,0)+IF($X14=4,$K14,0)+IF($X14=5,$K14,0)+IF($X14=6,$K14,0)+IF($X14=7,$K14,0)+IF($X14=10,$K14*2,0)+IF($X14=12,$K14*2,0)+IF($X14=14,$K14*2,0)+IF($X14=15,$K14*3,0)+IF($X14=21,$K14*3,0)+IF($X14<=1,$K14*$J14/21.75,0) -> 0 | P14: =IF($X14=3,$K14,0)+IF($X14=4,$K14,0)+IF($X14=5,$K14,0)+IF($X14=6,$K14,0)+IF($X14=7,$K14,0)+IF($X14=10,$K14*2,0)+IF($X14=12,$K14*2,0)+IF($X14=14,$K14*2,0)+IF($X14=21,$K14*3,0)+IF($X14<=1,$K14*$J14/21.75,0)+IF($X14=15,$K14*3,0) -> 0 | Q14: 0.75 | R14: =(IF($X14=6,$K14,)+IF($X14=7,$K14,)+IF($X14=12,$K14*2,)+IF($X14=18,$K14*3,)+IF($X14=21,$K14*3,)+IF($X14=14,$K14*2,))*Q14 -> 0 | S14: 0.75 | T14: =(IF($X14=7,$K14,)+IF($X14=21,$K14*3,)+IF($X14=14,$K14*2,))*S14 -> 0 | U14: =SUM(+L14+M14+N14+O14+P14+R14+T14) -> 0 | V14: =+U14*4.345 -> 0 | W14: =IF(V14="","",$W$4*V14) -> 0 | X14: =ROUND(J14/4.3452380952381,1) -> 5 | Y14: T | Z14: 1 | AA14: =+IF($Y14="M",$U14,IF($Y14="MT",$U14/2,IF(Y14="MN",$U14/2,IF($Y14="MTN",$U14/3,0))))*Z14 -> 0 | AB14: 1 | AC14: =+IF($Y14="T",$U14,IF($Y14="MT",$U14/2,IF($Y14="TN",$U14/2,IF($Y14="MTN",$U14/3,0))))*AB14 -> 0 | AD14: 1 | AE14: =+IF($Y14="N",$U14,IF($Y14="MN",$U14/2,IF($Y14="TN",$U14/2,IF($Y14="MTN",$U14/3,0))))*AD14 -> 0 | AG14: =+AF14/AH$4 -> #DIV/0! | AH14: =AG14*AG$4/12 -> #DIV/0! | AI14: 1.8 | AJ14: =+AI14/AK$4 -> #DIV/0! | AK14: =AJ14*AJ$4/12 -> #DIV/0! | AL14: 8.27 | AM14: =+AL14/AN$4 -> #DIV/0! | AN14: =AM14*AM$4/12 -> #DIV/0! | AP14: =+AO14/AQ$4 -> #DIV/0! | AQ14: =AP14*AP$4/12 -> #DIV/0! | AS14: =+AR14/AT$4 -> 0 | AT14: =AS14*AS$4/12 -> 0 | AU14: 8.27 | AV14: =+AU14/AW$4 -> #DIV/0! | AW14: =AV14*AV$4/12 -> #DIV/0! | AY14: =+AX14/AZ$4 -> 0 | AZ14: =AY14*AY$4/12 -> 0 | BA14: =+AH14+AK14+AN14+AQ14+AT14+AW14+AZ14 -> #DIV/0!
B15: Escola Jaume Balmes - Primaria | C15: P Baixa | D15: Distribuidor | E15: Terratzo | F15: 7.87 | H15: Diario 5/7 | I15: =IF(H15=Tablas!$B$5,Tablas!$C$5,VLOOKUP(H15,Tablas!$B$5:$D$40,2,FALSE)) -> 19 | J15: =IF(I15=0,"",VLOOKUP(I15,Tablas!$C$5:$D$40,2,FALSE)) -> 21.72619 | K15: =IF(G15=0,"0",F15/G15) -> 0 | L15: =IF($X15=3,$K15,0)+IF($X15=4,$K15,0)+IF($X15=5,$K15,0)+IF($X15=6,$K15,0)+IF($X15=7,$K15,0)+IF($X15=10,$K15*2,0)+IF($X15=12,$K15*2,0)+IF($X15=14,$K15*2,0)+IF($X15=21,$K15*3,0)+IF($X15<=1,$K15*$J15/21.75,0)+IF($X15=15,$K15*3,0) -> 0 | M15: =IF($X15=2,$K15,0)+IF($X15=4,$K15,0)+IF($X15=5,$K15,0)+IF($X15=6,$K15,0)+IF($X15=7,$K15,0)+IF($X15=10,$K15*2,0)+IF($X15=12,$K15*2,0)+IF($X15=14,$K15*2,0)+IF($X15=15,$K15*3,0)+IF($X15=21,$K15*3,0)+IF($X15<=1,$K15*$J15/21.75,0) -> 0 | N15: =IF($X15=3,$K15,0)+IF($X15=4,$K15,0)+IF($X15=5,$K15,0)+IF($X15=6,$K15,0)+IF($X15=7,$K15,0)+IF($X15=10,$K15*2,0)+IF($X15=12,$K15*2,0)+IF($X15=14,$K15*2,0)+IF($X15=21,$K15*3,0)+IF($X15<=1,$K15*$J15/21.75,0)+IF($X15=15,$K15*3,0) -> 0 | O15: =IF($X15=2,$K15,0)+IF($X15=4,$K15,0)+IF($X15=5,$K15,0)+IF($X15=6,$K15,0)+IF($X15=7,$K15,0)+IF($X15=10,$K15*2,0)+IF($X15=12,$K15*2,0)+IF($X15=14,$K15*2,0)+IF($X15=15,$K15*3,0)+IF($X15=21,$K15*3,0)+IF($X15<=1,$K15*$J15/21.75,0) -> 0 | P15: =IF($X15=3,$K15,0)+IF($X15=4,$K15,0)+IF($X15=5,$K15,0)+IF($X15=6,$K15,0)+IF($X15=7,$K15,0)+IF($X15=10,$K15*2,0)+IF($X15=12,$K15*2,0)+IF($X15=14,$K15*2,0)+IF($X15=21,$K15*3,0)+IF($X15<=1,$K15*$J15/21.75,0)+IF($X15=15,$K15*3,0) -> 0 | Q15: 0.75 | R15: =(IF($X15=6,$K15,)+IF($X15=7,$K15,)+IF($X15=12,$K15*2,)+IF($X15=18,$K15*3,)+IF($X15=21,$K15*3,)+IF($X15=14,$K15*2,))*Q15 -> 0 | S15: 0.75 | T15: =(IF($X15=7,$K15,)+IF($X15=21,$K15*3,)+IF($X15=14,$K15*2,))*S15 -> 0 | U15: =SUM(+L15+M15+N15+O15+P15+R15+T15) -> 0 | V15: =+U15*4.345 -> 0 | W15: =IF(V15="","",$W$4*V15) -> 0 | X15: =ROUND(J15/4.3452380952381,1) -> 5 | Y15: T | Z15: 1 | AA15: =+IF($Y15="M",$U15,IF($Y15="MT",$U15/2,IF(Y15="MN",$U15/2,IF($Y15="MTN",$U15/3,0))))*Z15 -> 0 | AB15: 1 | AC15: =+IF($Y15="T",$U15,IF($Y15="MT",$U15/2,IF($Y15="TN",$U15/2,IF($Y15="MTN",$U15/3,0))))*AB15 -> 0 | AD15: 1 | AE15: =+IF($Y15="N",$U15,IF($Y15="MN",$U15/2,IF($Y15="TN",$U15/2,IF($Y15="MTN",$U15/3,0))))*AD15 -> 0 | AG15: =+AF15/AH$4 -> #DIV/0! | AH15: =AG15*AG$4/12 -> #DIV/0! | AJ15: =+AI15/AK$4 -> #DIV/0! | AK15: =AJ15*AJ$4/12 -> #DIV/0! | AL15: 7.87 | AM15: =+AL15/AN$4 -> #DIV/0! | AN15: =AM15*AM$4/12 -> #DIV/0! | AP15: =+AO15/AQ$4 -> #DIV/0! | AQ15: =AP15*AP$4/12 -> #DIV/0! | AS15: =+AR15/AT$4 -> 0 | AT15: =AS15*AS$4/12 -> 0 | AU15: 7.87 | AV15: =+AU15/AW$4 -> #DIV/0! | AW15: =AV15*AV$4/12 -> #DIV/0! | AY15: =+AX15/AZ$4 -> 0 | AZ15: =AY15*AY$4/12 -> 0 | BA15: =+AH15+AK15+AN15+AQ15+AT15+AW15+AZ15 -> #DIV/0!
B16: Escola Jaume Balmes - Primaria | C16: P Baixa | D16: Despatx direcció | E16: Terratzo | F16: 16.43 | H16: Diario 5/7 | I16: =IF(H16=Tablas!$B$5,Tablas!$C$5,VLOOKUP(H16,Tablas!$B$5:$D$40,2,FALSE)) -> 19 | J16: =IF(I16=0,"",VLOOKUP(I16,Tablas!$C$5:$D$40,2,FALSE)) -> 21.72619 | K16: =IF(G16=0,"0",F16/G16) -> 0 | L16: =IF($X16=3,$K16,0)+IF($X16=4,$K16,0)+IF($X16=5,$K16,0)+IF($X16=6,$K16,0)+IF($X16=7,$K16,0)+IF($X16=10,$K16*2,0)+IF($X16=12,$K16*2,0)+IF($X16=14,$K16*2,0)+IF($X16=21,$K16*3,0)+IF($X16<=1,$K16*$J16/21.75,0)+IF($X16=15,$K16*3,0) -> 0 | M16: =IF($X16=2,$K16,0)+IF($X16=4,$K16,0)+IF($X16=5,$K16,0)+IF($X16=6,$K16,0)+IF($X16=7,$K16,0)+IF($X16=10,$K16*2,0)+IF($X16=12,$K16*2,0)+IF($X16=14,$K16*2,0)+IF($X16=15,$K16*3,0)+IF($X16=21,$K16*3,0)+IF($X16<=1,$K16*$J16/21.75,0) -> 0 | N16: =IF($X16=3,$K16,0)+IF($X16=4,$K16,0)+IF($X16=5,$K16,0)+IF($X16=6,$K16,0)+IF($X16=7,$K16,0)+IF($X16=10,$K16*2,0)+IF($X16=12,$K16*2,0)+IF($X16=14,$K16*2,0)+IF($X16=21,$K16*3,0)+IF($X16<=1,$K16*$J16/21.75,0)+IF($X16=15,$K16*3,0) -> 0 | O16: =IF($X16=2,$K16,0)+IF($X16=4,$K16,0)+IF($X16=5,$K16,0)+IF($X16=6,$K16,0)+IF($X16=7,$K16,0)+IF($X16=10,$K16*2,0)+IF($X16=12,$K16*2,0)+IF($X16=14,$K16*2,0)+IF($X16=15,$K16*3,0)+IF($X16=21,$K16*3,0)+IF($X16<=1,$K16*$J16/21.75,0) -> 0 | P16: =IF($X16=3,$K16,0)+IF($X16=4,$K16,0)+IF($X16=5,$K16,0)+IF($X16=6,$K16,0)+IF($X16=7,$K16,0)+IF($X16=10,$K16*2,0)+IF($X16=12,$K16*2,0)+IF($X16=14,$K16*2,0)+IF($X16=21,$K16*3,0)+IF($X16<=1,$K16*$J16/21.75,0)+IF($X16=15,$K16*3,0) -> 0 | Q16: 0.75 | R16: =(IF($X16=6,$K16,)+IF($X16=7,$K16,)+IF($X16=12,$K16*2,)+IF($X16=18,$K16*3,)+IF($X16=21,$K16*3,)+IF($X16=14,$K16*2,))*Q16 -> 0 | S16: 0.75 | T16: =(IF($X16=7,$K16,)+IF($X16=21,$K16*3,)+IF($X16=14,$K16*2,))*S16 -> 0 | U16: =SUM(+L16+M16+N16+O16+P16+R16+T16) -> 0 | V16: =+U16*4.345 -> 0 | W16: =IF(V16="","",$W$4*V16) -> 0 | X16: =ROUND(J16/4.3452380952381,1) -> 5 | Y16: T | Z16: 1 | AA16: =+IF($Y16="M",$U16,IF($Y16="MT",$U16/2,IF(Y16="MN",$U16/2,IF($Y16="MTN",$U16/3,0))))*Z16 -> 0 | AB16: 1 | AC16: =+IF($Y16="T",$U16,IF($Y16="MT",$U16/2,IF($Y16="TN",$U16/2,IF($Y16="MTN",$U16/3,0))))*AB16 -> 0 | AD16: 1 | AE16: =+IF($Y16="N",$U16,IF($Y16="MN",$U16/2,IF($Y16="TN",$U16/2,IF($Y16="MTN",$U16/3,0))))*AD16 -> 0 | AG16: =+AF16/AH$4 -> #DIV/0! | AH16: =AG16*AG$4/12 -> #DIV/0! | AI16: 2.7 | AJ16: =+AI16/AK$4 -> #DIV/0! | AK16: =AJ16*AJ$4/12 -> #DIV/0! | AL16: 16.43 | AM16: =+AL16/AN$4 -> #DIV/0! | AN16: =AM16*AM$4/12 -> #DIV/0! | AP16: =+AO16/AQ$4 -> #DIV/0! | AQ16: =AP16*AP$4/12 -> #DIV/0! | AS16: =+AR16/AT$4 -> 0 | AT16: =AS16*AS$4/12 -> 0 | AU16: 16.43 | AV16: =+AU16/AW$4 -> #DIV/0! | AW16: =AV16*AV$4/12 -> #DIV/0! | AY16: =+AX16/AZ$4 -> 0 | AZ16: =AY16*AY$4/12 -> 0 | BA16: =+AH16+AK16+AN16+AQ16+AT16+AW16+AZ16 -> #DIV/0!
B17: Escola Jaume Balmes - Primaria | C17: P Baixa | D17: Sala de reunnions | E17: Terratzo | F17: 16.21 | H17: Diario 5/7 | I17: =IF(H17=Tablas!$B$5,Tablas!$C$5,VLOOKUP(H17,Tablas!$B$5:$D$40,2,FALSE)) -> 19 | J17: =IF(I17=0,"",VLOOKUP(I17,Tablas!$C$5:$D$40,2,FALSE)) -> 21.72619 | K17: =IF(G17=0,"0",F17/G17) -> 0 | L17: =IF($X17=3,$K17,0)+IF($X17=4,$K17,0)+IF($X17=5,$K17,0)+IF($X17=6,$K17,0)+IF($X17=7,$K17,0)+IF($X17=10,$K17*2,0)+IF($X17=12,$K17*2,0)+IF($X17=14,$K17*2,0)+IF($X17=21,$K17*3,0)+IF($X17<=1,$K17*$J17/21.75,0)+IF($X17=15,$K17*3,0) -> 0 | M17: =IF($X17=2,$K17,0)+IF($X17=4,$K17,0)+IF($X17=5,$K17,0)+IF($X17=6,$K17,0)+IF($X17=7,$K17,0)+IF($X17=10,$K17*2,0)+IF($X17=12,$K17*2,0)+IF($X17=14,$K17*2,0)+IF($X17=15,$K17*3,0)+IF($X17=21,$K17*3,0)+IF($X17<=1,$K17*$J17/21.75,0) -> 0 | N17: =IF($X17=3,$K17,0)+IF($X17=4,$K17,0)+IF($X17=5,$K17,0)+IF($X17=6,$K17,0)+IF($X17=7,$K17,0)+IF($X17=10,$K17*2,0)+IF($X17=12,$K17*2,0)+IF($X17=14,$K17*2,0)+IF($X17=21,$K17*3,0)+IF($X17<=1,$K17*$J17/21.75,0)+IF($X17=15,$K17*3,0) -> 0 | O17: =IF($X17=2,$K17,0)+IF($X17=4,$K17,0)+IF($X17=5,$K17,0)+IF($X17=6,$K17,0)+IF($X17=7,$K17,0)+IF($X17=10,$K17*2,0)+IF($X17=12,$K17*2,0)+IF($X17=14,$K17*2,0)+IF($X17=15,$K17*3,0)+IF($X17=21,$K17*3,0)+IF($X17<=1,$K17*$J17/21.75,0) -> 0 | P17: =IF($X17=3,$K17,0)+IF($X17=4,$K17,0)+IF($X17=5,$K17,0)+IF($X17=6,$K17,0)+IF($X17=7,$K17,0)+IF($X17=10,$K17*2,0)+IF($X17=12,$K17*2,0)+IF($X17=14,$K17*2,0)+IF($X17=21,$K17*3,0)+IF($X17<=1,$K17*$J17/21.75,0)+IF($X17=15,$K17*3,0) -> 0 | Q17: 0.75 | R17: =(IF($X17=6,$K17,)+IF($X17=7,$K17,)+IF($X17=12,$K17*2,)+IF($X17=18,$K17*3,)+IF($X17=21,$K17*3,)+IF($X17=14,$K17*2,))*Q17 -> 0 | S17: 0.75 | T17: =(IF($X17=7,$K17,)+IF($X17=21,$K17*3,)+IF($X17=14,$K17*2,))*S17 -> 0 | U17: =SUM(+L17+M17+N17+O17+P17+R17+T17) -> 0 | V17: =+U17*4.345 -> 0 | W17: =IF(V17="","",$W$4*V17) -> 0 | X17: =ROUND(J17/4.3452380952381,1) -> 5 | Y17: T | Z17: 1 | AA17: =+IF($Y17="M",$U17,IF($Y17="MT",$U17/2,IF(Y17="MN",$U17/2,IF($Y17="MTN",$U17/3,0))))*Z17 -> 0 | AB17: 1 | AC17: =+IF($Y17="T",$U17,IF($Y17="MT",$U17/2,IF($Y17="TN",$U17/2,IF($Y17="MTN",$U17/3,0))))*AB17 -> 0 | AD17: 1 | AE17: =+IF($Y17="N",$U17,IF($Y17="MN",$U17/2,IF($Y17="TN",$U17/2,IF($Y17="MTN",$U17/3,0))))*AD17 -> 0 | AG17: =+AF17/AH$4 -> #DIV/0! | AH17: =AG17*AG$4/12 -> #DIV/0! | AI17: 1.8 | AJ17: =+AI17/AK$4 -> #DIV/0! | AK17: =AJ17*AJ$4/12 -> #DIV/0! | AL17: 16.21 | AM17: =+AL17/AN$4 -> #DIV/0! | AN17: =AM17*AM$4/12 -> #DIV/0! | AP17: =+AO17/AQ$4 -> #DIV/0! | AQ17: =AP17*AP$4/12 -> #DIV/0! | AS17: =+AR17/AT$4 -> 0 | AT17: =AS17*AS$4/12 -> 0 | AU17: 16.21 | AV17: =+AU17/AW$4 -> #DIV/0! | AW17: =AV17*AV$4/12 -> #DIV/0! | AY17: =+AX17/AZ$4 -> 0 | AZ17: =AY17*AY$4/12 -> 0 | BA17: =+AH17+AK17+AN17+AQ17+AT17+AW17+AZ17 -> #DIV/0!
B18: Escola Jaume Balmes - Primaria | C18: P Baixa | D18: Magatzem | F18: 26.87 | H18: Mensual | I18: =IF(H18=Tablas!$B$5,Tablas!$C$5,VLOOKUP(H18,Tablas!$B$5:$D$40,2,FALSE)) -> 29 | J18: =IF(I18=0,"",VLOOKUP(I18,Tablas!$C$5:$D$40,2,FALSE)) -> 1 | K18: =IF(G18=0,"0",F18/G18) -> 0 | L18: =IF($X18=3,$K18,0)+IF($X18=4,$K18,0)+IF($X18=5,$K18,0)+IF($X18=6,$K18,0)+IF($X18=7,$K18,0)+IF($X18=10,$K18*2,0)+IF($X18=12,$K18*2,0)+IF($X18=14,$K18*2,0)+IF($X18=21,$K18*3,0)+IF($X18<=1,$K18*$J18/21.75,0)+IF($X18=15,$K18*3,0) -> 0 | M18: =IF($X18=2,$K18,0)+IF($X18=4,$K18,0)+IF($X18=5,$K18,0)+IF($X18=6,$K18,0)+IF($X18=7,$K18,0)+IF($X18=10,$K18*2,0)+IF($X18=12,$K18*2,0)+IF($X18=14,$K18*2,0)+IF($X18=15,$K18*3,0)+IF($X18=21,$K18*3,0)+IF($X18<=1,$K18*$J18/21.75,0) -> 0 | N18: =IF($X18=3,$K18,0)+IF($X18=4,$K18,0)+IF($X18=5,$K18,0)+IF($X18=6,$K18,0)+IF($X18=7,$K18,0)+IF($X18=10,$K18*2,0)+IF($X18=12,$K18*2,0)+IF($X18=14,$K18*2,0)+IF($X18=21,$K18*3,0)+IF($X18<=1,$K18*$J18/21.75,0)+IF($X18=15,$K18*3,0) -> 0 | O18: =IF($X18=2,$K18,0)+IF($X18=4,$K18,0)+IF($X18=5,$K18,0)+IF($X18=6,$K18,0)+IF($X18=7,$K18,0)+IF($X18=10,$K18*2,0)+IF($X18=12,$K18*2,0)+IF($X18=14,$K18*2,0)+IF($X18=15,$K18*3,0)+IF($X18=21,$K18*3,0)+IF($X18<=1,$K18*$J18/21.75,0) -> 0 | P18: =IF($X18=3,$K18,0)+IF($X18=4,$K18,0)+IF($X18=5,$K18,0)+IF($X18=6,$K18,0)+IF($X18=7,$K18,0)+IF($X18=10,$K18*2,0)+IF($X18=12,$K18*2,0)+IF($X18=14,$K18*2,0)+IF($X18=21,$K18*3,0)+IF($X18<=1,$K18*$J18/21.75,0)+IF($X18=15,$K18*3,0) -> 0 | Q18: 0.75 | R18: =(IF($X18=6,$K18,)+IF($X18=7,$K18,)+IF($X18=12,$K18*2,)+IF($X18=18,$K18*3,)+IF($X18=21,$K18*3,)+IF($X18=14,$K18*2,))*Q18 -> 0 | S18: 0.75 | T18: =(IF($X18=7,$K18,)+IF($X18=21,$K18*3,)+IF($X18=14,$K18*2,))*S18 -> 0 | U18: =SUM(+L18+M18+N18+O18+P18+R18+T18) -> 0 | V18: =+U18*4.345 -> 0 | W18: =IF(V18="","",$W$4*V18) -> 0 | X18: =ROUND(J18/4.3452380952381,1) -> 0.2 | Y18: T | Z18: 1 | AA18: =+IF($Y18="M",$U18,IF($Y18="MT",$U18/2,IF(Y18="MN",$U18/2,IF($Y18="MTN",$U18/3,0))))*Z18 -> 0 | AB18: 1 | AC18: =+IF($Y18="T",$U18,IF($Y18="MT",$U18/2,IF($Y18="TN",$U18/2,IF($Y18="MTN",$U18/3,0))))*AB18 -> 0 | AD18: 1 | AE18: =+IF($Y18="N",$U18,IF($Y18="MN",$U18/2,IF($Y18="TN",$U18/2,IF($Y18="MTN",$U18/3,0))))*AD18 -> 0 | AG18: =+AF18/AH$4 -> #DIV/0! | AH18: =AG18*AG$4/12 -> #DIV/0! | AI18: 1.8 | AJ18: =+AI18/AK$4 -> #DIV/0! | AK18: =AJ18*AJ$4/12 -> #DIV/0! | AL18: 26.87 | AM18: =+AL18/AN$4 -> #DIV/0! | AN18: =AM18*AM$4/12 -> #DIV/0! | AP18: =+AO18/AQ$4 -> #DIV/0! | AQ18: =AP18*AP$4/12 -> #DIV/0! | AS18: =+AR18/AT$4 -> 0 | AT18: =AS18*AS$4/12 -> 0 | AU18: 26.87 | AV18: =+AU18/AW$4 -> #DIV/0! | AW18: =AV18*AV$4/12 -> #DIV/0! | AY18: =+AX18/AZ$4 -> 0 | AZ18: =AY18*AY$4/12 -> 0 | BA18: =+AH18+AK18+AN18+AQ18+AT18+AW18+AZ18 -> #DIV/0!
B19: Escola Jaume Balmes - Primaria | C19: P Baixa | D19: Aula 1er | F19: 47.9 | H19: Diario 5/7 | I19: =IF(H19=Tablas!$B$5,Tablas!$C$5,VLOOKUP(H19,Tablas!$B$5:$D$40,2,FALSE)) -> 19 | J19: =IF(I19=0,"",VLOOKUP(I19,Tablas!$C$5:$D$40,2,FALSE)) -> 21.72619 | K19: =IF(G19=0,"0",F19/G19) -> 0 | L19: =IF($X19=3,$K19,0)+IF($X19=4,$K19,0)+IF($X19=5,$K19,0)+IF($X19=6,$K19,0)+IF($X19=7,$K19,0)+IF($X19=10,$K19*2,0)+IF($X19=12,$K19*2,0)+IF($X19=14,$K19*2,0)+IF($X19=21,$K19*3,0)+IF($X19<=1,$K19*$J19/21.75,0)+IF($X19=15,$K19*3,0) -> 0 | M19: =IF($X19=2,$K19,0)+IF($X19=4,$K19,0)+IF($X19=5,$K19,0)+IF($X19=6,$K19,0)+IF($X19=7,$K19,0)+IF($X19=10,$K19*2,0)+IF($X19=12,$K19*2,0)+IF($X19=14,$K19*2,0)+IF($X19=15,$K19*3,0)+IF($X19=21,$K19*3,0)+IF($X19<=1,$K19*$J19/21.75,0) -> 0 | N19: =IF($X19=3,$K19,0)+IF($X19=4,$K19,0)+IF($X19=5,$K19,0)+IF($X19=6,$K19,0)+IF($X19=7,$K19,0)+IF($X19=10,$K19*2,0)+IF($X19=12,$K19*2,0)+IF($X19=14,$K19*2,0)+IF($X19=21,$K19*3,0)+IF($X19<=1,$K19*$J19/21.75,0)+IF($X19=15,$K19*3,0) -> 0 | O19: =IF($X19=2,$K19,0)+IF($X19=4,$K19,0)+IF($X19=5,$K19,0)+IF($X19=6,$K19,0)+IF($X19=7,$K19,0)+IF($X19=10,$K19*2,0)+IF($X19=12,$K19*2,0)+IF($X19=14,$K19*2,0)+IF($X19=15,$K19*3,0)+IF($X19=21,$K19*3,0)+IF($X19<=1,$K19*$J19/21.75,0) -> 0 | P19: =IF($X19=3,$K19,0)+IF($X19=4,$K19,0)+IF($X19=5,$K19,0)+IF($X19=6,$K19,0)+IF($X19=7,$K19,0)+IF($X19=10,$K19*2,0)+IF($X19=12,$K19*2,0)+IF($X19=14,$K19*2,0)+IF($X19=21,$K19*3,0)+IF($X19<=1,$K19*$J19/21.75,0)+IF($X19=15,$K19*3,0) -> 0 | Q19: 0.75 | R19: =(IF($X19=6,$K19,)+IF($X19=7,$K19,)+IF($X19=12,$K19*2,)+IF($X19=18,$K19*3,)+IF($X19=21,$K19*3,)+IF($X19=14,$K19*2,))*Q19 -> 0 | S19: 0.75 | T19: =(IF($X19=7,$K19,)+IF($X19=21,$K19*3,)+IF($X19=14,$K19*2,))*S19 -> 0 | U19: =SUM(+L19+M19+N19+O19+P19+R19+T19) -> 0 | V19: =+U19*4.345 -> 0 | W19: =IF(V19="","",$W$4*V19) -> 0 | X19: =ROUND(J19/4.3452380952381,1) -> 5 | Y19: T | Z19: 1 | AA19: =+IF($Y19="M",$U19,IF($Y19="MT",$U19/2,IF(Y19="MN",$U19/2,IF($Y19="MTN",$U19/3,0))))*Z19 -> 0 | AB19: 1 | AC19: =+IF($Y19="T",$U19,IF($Y19="MT",$U19/2,IF($Y19="TN",$U19/2,IF($Y19="MTN",$U19/3,0))))*AB19 -> 0 | AD19: 1 | AE19: =+IF($Y19="N",$U19,IF($Y19="MN",$U19/2,IF($Y19="TN",$U19/2,IF($Y19="MTN",$U19/3,0))))*AD19 -> 0 | AF19: 1.7 | AG19: =+AF19/AH$4 -> #DIV/0! | AH19: =AG19*AG$4/12 -> #DIV/0! | AI19: 8.1 | AJ19: =+AI19/AK$4 -> #DIV/0! | AK19: =AJ19*AJ$4/12 -> #DIV/0! | AL19: 47.9 | AM19: =+AL19/AN$4 -> #DIV/0! | AN19: =AM19*AM$4/12 -> #DIV/0! | AP19: =+AO19/AQ$4 -> #DIV/0! | AQ19: =AP19*AP$4/12 -> #DIV/0! | AS19: =+AR19/AT$4 -> 0 | AT19: =AS19*AS$4/12 -> 0 | AU19: 47.9 | AV19: =+AU19/AW$4 -> #DIV/0! | AW19: =AV19*AV$4/12 -> #DIV/0! | AY19: =+AX19/AZ$4 -> 0 | AZ19: =AY19*AY$4/12 -> 0 | BA19: =+AH19+AK19+AN19+AQ19+AT19+AW19+AZ19 -> #DIV/0!
B20: Escola Jaume Balmes - Primaria | C20: P Baixa | D20: Aula 1er | E20: Vinilic | F20: 47.95 | H20: Diario 5/7 | I20: =IF(H20=Tablas!$B$5,Tablas!$C$5,VLOOKUP(H20,Tablas!$B$5:$D$40,2,FALSE)) -> 19 | J20: =IF(I20=0,"",VLOOKUP(I20,Tablas!$C$5:$D$40,2,FALSE)) -> 21.72619 | K20: =IF(G20=0,"0",F20/G20) -> 0 | L20: =IF($X20=3,$K20,0)+IF($X20=4,$K20,0)+IF($X20=5,$K20,0)+IF($X20=6,$K20,0)+IF($X20=7,$K20,0)+IF($X20=10,$K20*2,0)+IF($X20=12,$K20*2,0)+IF($X20=14,$K20*2,0)+IF($X20=21,$K20*3,0)+IF($X20<=1,$K20*$J20/21.75,0)+IF($X20=15,$K20*3,0) -> 0 | M20: =IF($X20=2,$K20,0)+IF($X20=4,$K20,0)+IF($X20=5,$K20,0)+IF($X20=6,$K20,0)+IF($X20=7,$K20,0)+IF($X20=10,$K20*2,0)+IF($X20=12,$K20*2,0)+IF($X20=14,$K20*2,0)+IF($X20=15,$K20*3,0)+IF($X20=21,$K20*3,0)+IF($X20<=1,$K20*$J20/21.75,0) -> 0 | N20: =IF($X20=3,$K20,0)+IF($X20=4,$K20,0)+IF($X20=5,$K20,0)+IF($X20=6,$K20,0)+IF($X20=7,$K20,0)+IF($X20=10,$K20*2,0)+IF($X20=12,$K20*2,0)+IF($X20=14,$K20*2,0)+IF($X20=21,$K20*3,0)+IF($X20<=1,$K20*$J20/21.75,0)+IF($X20=15,$K20*3,0) -> 0 | O20: =IF($X20=2,$K20,0)+IF($X20=4,$K20,0)+IF($X20=5,$K20,0)+IF($X20=6,$K20,0)+IF($X20=7,$K20,0)+IF($X20=10,$K20*2,0)+IF($X20=12,$K20*2,0)+IF($X20=14,$K20*2,0)+IF($X20=15,$K20*3,0)+IF($X20=21,$K20*3,0)+IF($X20<=1,$K20*$J20/21.75,0) -> 0 | P20: =IF($X20=3,$K20,0)+IF($X20=4,$K20,0)+IF($X20=5,$K20,0)+IF($X20=6,$K20,0)+IF($X20=7,$K20,0)+IF($X20=10,$K20*2,0)+IF($X20=12,$K20*2,0)+IF($X20=14,$K20*2,0)+IF($X20=21,$K20*3,0)+IF($X20<=1,$K20*$J20/21.75,0)+IF($X20=15,$K20*3,0) -> 0 | Q20: 0.75 | R20: =(IF($X20=6,$K20,)+IF($X20=7,$K20,)+IF($X20=12,$K20*2,)+IF($X20=18,$K20*3,)+IF($X20=21,$K20*3,)+IF($X20=14,$K20*2,))*Q20 -> 0 | S20: 0.75 | T20: =(IF($X20=7,$K20,)+IF($X20=21,$K20*3,)+IF($X20=14,$K20*2,))*S20 -> 0 | U20: =SUM(+L20+M20+N20+O20+P20+R20+T20) -> 0 | V20: =+U20*4.345 -> 0 | W20: =IF(V20="","",$W$4*V20) -> 0 | X20: =ROUND(J20/4.3452380952381,1) -> 5 | Y20: T | Z20: 1 | AA20: =+IF($Y20="M",$U20,IF($Y20="MT",$U20/2,IF(Y20="MN",$U20/2,IF($Y20="MTN",$U20/3,0))))*Z20 -> 0 | AB20: 1 | AC20: =+IF($Y20="T",$U20,IF($Y20="MT",$U20/2,IF($Y20="TN",$U20/2,IF($Y20="MTN",$U20/3,0))))*AB20 -> 0 | AD20: 1 | AE20: =+IF($Y20="N",$U20,IF($Y20="MN",$U20/2,IF($Y20="TN",$U20/2,IF($Y20="MTN",$U20/3,0))))*AD20 -> 0 | AF20: 1.7 | AG20: =+AF20/AH$4 -> #DIV/0! | AH20: =AG20*AG$4/12 -> #DIV/0! | AI20: 5.4 | AJ20: =+AI20/AK$4 -> #DIV/0! | AK20: =AJ20*AJ$4/12 -> #DIV/0! | AL20: 47.95 | AM20: =+AL20/AN$4 -> #DIV/0! | AN20: =AM20*AM$4/12 -> #DIV/0! | AP20: =+AO20/AQ$4 -> #DIV/0! | AQ20: =AP20*AP$4/12 -> #DIV/0! | AS20: =+AR20/AT$4 -> 0 | AT20: =AS20*AS$4/12 -> 0 | AU20: 47.95 | AV20: =+AU20/AW$4 -> #DIV/0! | AW20: =AV20*AV$4/12 -> #DIV/0! | AY20: =+AX20/AZ$4 -> 0 | AZ20: =AY20*AY$4/12 -> 0 | BA20: =+AH20+AK20+AN20+AQ20+AT20+AW20+AZ20 -> #DIV/0!
B21: Escola Jaume Balmes - Primaria | C21: P Baixa | D21: Aula 2n | F21: 58.08 | H21: Diario 5/7 | I21: =IF(H21=Tablas!$B$5,Tablas!$C$5,VLOOKUP(H21,Tablas!$B$5:$D$40,2,FALSE)) -> 19 | J21: =IF(I21=0,"",VLOOKUP(I21,Tablas!$C$5:$D$40,2,FALSE)) -> 21.72619 | K21: =IF(G21=0,"0",F21/G21) -> 0 | L21: =IF($X21=3,$K21,0)+IF($X21=4,$K21,0)+IF($X21=5,$K21,0)+IF($X21=6,$K21,0)+IF($X21=7,$K21,0)+IF($X21=10,$K21*2,0)+IF($X21=12,$K21*2,0)+IF($X21=14,$K21*2,0)+IF($X21=21,$K21*3,0)+IF($X21<=1,$K21*$J21/21.75,0)+IF($X21=15,$K21*3,0) -> 0 | M21: =IF($X21=2,$K21,0)+IF($X21=4,$K21,0)+IF($X21=5,$K21,0)+IF($X21=6,$K21,0)+IF($X21=7,$K21,0)+IF($X21=10,$K21*2,0)+IF($X21=12,$K21*2,0)+IF($X21=14,$K21*2,0)+IF($X21=15,$K21*3,0)+IF($X21=21,$K21*3,0)+IF($X21<=1,$K21*$J21/21.75,0) -> 0 | N21: =IF($X21=3,$K21,0)+IF($X21=4,$K21,0)+IF($X21=5,$K21,0)+IF($X21=6,$K21,0)+IF($X21=7,$K21,0)+IF($X21=10,$K21*2,0)+IF($X21=12,$K21*2,0)+IF($X21=14,$K21*2,0)+IF($X21=21,$K21*3,0)+IF($X21<=1,$K21*$J21/21.75,0)+IF($X21=15,$K21*3,0) -> 0 | O21: =IF($X21=2,$K21,0)+IF($X21=4,$K21,0)+IF($X21=5,$K21,0)+IF($X21=6,$K21,0)+IF($X21=7,$K21,0)+IF($X21=10,$K21*2,0)+IF($X21=12,$K21*2,0)+IF($X21=14,$K21*2,0)+IF($X21=15,$K21*3,0)+IF($X21=21,$K21*3,0)+IF($X21<=1,$K21*$J21/21.75,0) -> 0 | P21: =IF($X21=3,$K21,0)+IF($X21=4,$K21,0)+IF($X21=5,$K21,0)+IF($X21=6,$K21,0)+IF($X21=7,$K21,0)+IF($X21=10,$K21*2,0)+IF($X21=12,$K21*2,0)+IF($X21=14,$K21*2,0)+IF($X21=21,$K21*3,0)+IF($X21<=1,$K21*$J21/21.75,0)+IF($X21=15,$K21*3,0) -> 0 | Q21: 0.75 | R21: =(IF($X21=6,$K21,)+IF($X21=7,$K21,)+IF($X21=12,$K21*2,)+IF($X21=18,$K21*3,)+IF($X21=21,$K21*3,)+IF($X21=14,$K21*2,))*Q21 -> 0 | S21: 0.75 | T21: =(IF($X21=7,$K21,)+IF($X21=21,$K21*3,)+IF($X21=14,$K21*2,))*S21 -> 0 | U21: =SUM(+L21+M21+N21+O21+P21+R21+T21) -> 0 | V21: =+U21*4.345 -> 0 | W21: =IF(V21="","",$W$4*V21) -> 0 | X21: =ROUND(J21/4.3452380952381,1) -> 5 | Y21: T | Z21: 1 | AA21: =+IF($Y21="M",$U21,IF($Y21="MT",$U21/2,IF(Y21="MN",$U21/2,IF($Y21="MTN",$U21/3,0))))*Z21 -> 0 | AB21: 1 | AC21: =+IF($Y21="T",$U21,IF($Y21="MT",$U21/2,IF($Y21="TN",$U21/2,IF($Y21="MTN",$U21/3,0))))*AB21 -> 0 | AD21: 1 | AE21: =+IF($Y21="N",$U21,IF($Y21="MN",$U21/2,IF($Y21="TN",$U21/2,IF($Y21="MTN",$U21/3,0))))*AD21 -> 0 | AF21: 1.7 | AG21: =+AF21/AH$4 -> #DIV/0! | AH21: =AG21*AG$4/12 -> #DIV/0! | AI21: 18 | AJ21: =+AI21/AK$4 -> #DIV/0! | AK21: =AJ21*AJ$4/12 -> #DIV/0! | AL21: 58.08 | AM21: =+AL21/AN$4 -> #DIV/0! | AN21: =AM21*AM$4/12 -> #DIV/0! | AP21: =+AO21/AQ$4 -> #DIV/0! | AQ21: =AP21*AP$4/12 -> #DIV/0! | AS21: =+AR21/AT$4 -> 0 | AT21: =AS21*AS$4/12 -> 0 | AU21: 58.08 | AV21: =+AU21/AW$4 -> #DIV/0! | AW21: =AV21*AV$4/12 -> #DIV/0! | AY21: =+AX21/AZ$4 -> 0 | AZ21: =AY21*AY$4/12 -> 0 | BA21: =+AH21+AK21+AN21+AQ21+AT21+AW21+AZ21 -> #DIV/0!
B22: Escola Jaume Balmes - Primaria | C22: P Baixa | D22: Aula 2n | F22: 47.57 | H22: Diario 5/7 | I22: =IF(H22=Tablas!$B$5,Tablas!$C$5,VLOOKUP(H22,Tablas!$B$5:$D$40,2,FALSE)) -> 19 | J22: =IF(I22=0,"",VLOOKUP(I22,Tablas!$C$5:$D$40,2,FALSE)) -> 21.72619 | K22: =IF(G22=0,"0",F22/G22) -> 0 | L22: =IF($X22=3,$K22,0)+IF($X22=4,$K22,0)+IF($X22=5,$K22,0)+IF($X22=6,$K22,0)+IF($X22=7,$K22,0)+IF($X22=10,$K22*2,0)+IF($X22=12,$K22*2,0)+IF($X22=14,$K22*2,0)+IF($X22=21,$K22*3,0)+IF($X22<=1,$K22*$J22/21.75,0)+IF($X22=15,$K22*3,0) -> 0 | M22: =IF($X22=2,$K22,0)+IF($X22=4,$K22,0)+IF($X22=5,$K22,0)+IF($X22=6,$K22,0)+IF($X22=7,$K22,0)+IF($X22=10,$K22*2,0)+IF($X22=12,$K22*2,0)+IF($X22=14,$K22*2,0)+IF($X22=15,$K22*3,0)+IF($X22=21,$K22*3,0)+IF($X22<=1,$K22*$J22/21.75,0) -> 0 | N22: =IF($X22=3,$K22,0)+IF($X22=4,$K22,0)+IF($X22=5,$K22,0)+IF($X22=6,$K22,0)+IF($X22=7,$K22,0)+IF($X22=10,$K22*2,0)+IF($X22=12,$K22*2,0)+IF($X22=14,$K22*2,0)+IF($X22=21,$K22*3,0)+IF($X22<=1,$K22*$J22/21.75,0)+IF($X22=15,$K22*3,0) -> 0 | O22: =IF($X22=2,$K22,0)+IF($X22=4,$K22,0)+IF($X22=5,$K22,0)+IF($X22=6,$K22,0)+IF($X22=7,$K22,0)+IF($X22=10,$K22*2,0)+IF($X22=12,$K22*2,0)+IF($X22=14,$K22*2,0)+IF($X22=15,$K22*3,0)+IF($X22=21,$K22*3,0)+IF($X22<=1,$K22*$J22/21.75,0) -> 0 | P22: =IF($X22=3,$K22,0)+IF($X22=4,$K22,0)+IF($X22=5,$K22,0)+IF($X22=6,$K22,0)+IF($X22=7,$K22,0)+IF($X22=10,$K22*2,0)+IF($X22=12,$K22*2,0)+IF($X22=14,$K22*2,0)+IF($X22=21,$K22*3,0)+IF($X22<=1,$K22*$J22/21.75,0)+IF($X22=15,$K22*3,0) -> 0 | Q22: 0.75 | R22: =(IF($X22=6,$K22,)+IF($X22=7,$K22,)+IF($X22=12,$K22*2,)+IF($X22=18,$K22*3,)+IF($X22=21,$K22*3,)+IF($X22=14,$K22*2,))*Q22 -> 0 | S22: 0.75 | T22: =(IF($X22=7,$K22,)+IF($X22=21,$K22*3,)+IF($X22=14,$K22*2,))*S22 -> 0 | U22: =SUM(+L22+M22+N22+O22+P22+R22+T22) -> 0 | V22: =+U22*4.345 -> 0 | W22: =IF(V22="","",$W$4*V22) -> 0 | X22: =ROUND(J22/4.3452380952381,1) -> 5 | Y22: T | Z22: 1 | AA22: =+IF($Y22="M",$U22,IF($Y22="MT",$U22/2,IF(Y22="MN",$U22/2,IF($Y22="MTN",$U22/3,0))))*Z22 -> 0 | AB22: 1 | AC22: =+IF($Y22="T",$U22,IF($Y22="MT",$U22/2,IF($Y22="TN",$U22/2,IF($Y22="MTN",$U22/3,0))))*AB22 -> 0 | AD22: 1 | AE22: =+IF($Y22="N",$U22,IF($Y22="MN",$U22/2,IF($Y22="TN",$U22/2,IF($Y22="MTN",$U22/3,0))))*AD22 -> 0 | AF22: 3.75 | AG22: =+AF22/AH$4 -> #DIV/0! | AH22: =AG22*AG$4/12 -> #DIV/0! | AI22: 15 | AJ22: =+AI22/AK$4 -> #DIV/0! | AK22: =AJ22*AJ$4/12 -> #DIV/0! | AL22: 47.57 | AM22: =+AL22/AN$4 -> #DIV/0! | AN22: =AM22*AM$4/12 -> #DIV/0! | AP22: =+AO22/AQ$4 -> #DIV/0! | AQ22: =AP22*AP$4/12 -> #DIV/0! | AS22: =+AR22/AT$4 -> 0 | AT22: =AS22*AS$4/12 -> 0 | AU22: 47.57 | AV22: =+AU22/AW$4 -> #DIV/0! | AW22: =AV22*AV$4/12 -> #DIV/0! | AY22: =+AX22/AZ$4 -> 0 | AZ22: =AY22*AY$4/12 -> 0 | BA22: =+AH22+AK22+AN22+AQ22+AT22+AW22+AZ22 -> #DIV/0!
B23: Escola Jaume Balmes - Primaria | C23: P Baixa | D23: Aula audiovisuals-música | F23: 75.69 | H23: Diario 5/7 | I23: =IF(H23=Tablas!$B$5,Tablas!$C$5,VLOOKUP(H23,Tablas!$B$5:$D$40,2,FALSE)) -> 19 | J23: =IF(I23=0,"",VLOOKUP(I23,Tablas!$C$5:$D$40,2,FALSE)) -> 21.72619 | K23: =IF(G23=0,"0",F23/G23) -> 0 | L23: =IF($X23=3,$K23,0)+IF($X23=4,$K23,0)+IF($X23=5,$K23,0)+IF($X23=6,$K23,0)+IF($X23=7,$K23,0)+IF($X23=10,$K23*2,0)+IF($X23=12,$K23*2,0)+IF($X23=14,$K23*2,0)+IF($X23=21,$K23*3,0)+IF($X23<=1,$K23*$J23/21.75,0)+IF($X23=15,$K23*3,0) -> 0 | M23: =IF($X23=2,$K23,0)+IF($X23=4,$K23,0)+IF($X23=5,$K23,0)+IF($X23=6,$K23,0)+IF($X23=7,$K23,0)+IF($X23=10,$K23*2,0)+IF($X23=12,$K23*2,0)+IF($X23=14,$K23*2,0)+IF($X23=15,$K23*3,0)+IF($X23=21,$K23*3,0)+IF($X23<=1,$K23*$J23/21.75,0) -> 0 | N23: =IF($X23=3,$K23,0)+IF($X23=4,$K23,0)+IF($X23=5,$K23,0)+IF($X23=6,$K23,0)+IF($X23=7,$K23,0)+IF($X23=10,$K23*2,0)+IF($X23=12,$K23*2,0)+IF($X23=14,$K23*2,0)+IF($X23=21,$K23*3,0)+IF($X23<=1,$K23*$J23/21.75,0)+IF($X23=15,$K23*3,0) -> 0 | O23: =IF($X23=2,$K23,0)+IF($X23=4,$K23,0)+IF($X23=5,$K23,0)+IF($X23=6,$K23,0)+IF($X23=7,$K23,0)+IF($X23=10,$K23*2,0)+IF($X23=12,$K23*2,0)+IF($X23=14,$K23*2,0)+IF($X23=15,$K23*3,0)+IF($X23=21,$K23*3,0)+IF($X23<=1,$K23*$J23/21.75,0) -> 0 | P23: =IF($X23=3,$K23,0)+IF($X23=4,$K23,0)+IF($X23=5,$K23,0)+IF($X23=6,$K23,0)+IF($X23=7,$K23,0)+IF($X23=10,$K23*2,0)+IF($X23=12,$K23*2,0)+IF($X23=14,$K23*2,0)+IF($X23=21,$K23*3,0)+IF($X23<=1,$K23*$J23/21.75,0)+IF($X23=15,$K23*3,0) -> 0 | Q23: 0.75 | R23: =(IF($X23=6,$K23,)+IF($X23=7,$K23,)+IF($X23=12,$K23*2,)+IF($X23=18,$K23*3,)+IF($X23=21,$K23*3,)+IF($X23=14,$K23*2,))*Q23 -> 0 | S23: 0.75 | T23: =(IF($X23=7,$K23,)+IF($X23=21,$K23*3,)+IF($X23=14,$K23*2,))*S23 -> 0 | U23: =SUM(+L23+M23+N23+O23+P23+R23+T23) -> 0 | V23: =+U23*4.345 -> 0 | W23: =IF(V23="","",$W$4*V23) -> 0 | X23: =ROUND(J23/4.3452380952381,1) -> 5 | Y23: T | Z23: 1 | AA23: =+IF($Y23="M",$U23,IF($Y23="MT",$U23/2,IF(Y23="MN",$U23/2,IF($Y23="MTN",$U23/3,0))))*Z23 -> 0 | AB23: 1 | AC23: =+IF($Y23="T",$U23,IF($Y23="MT",$U23/2,IF($Y23="TN",$U23/2,IF($Y23="MTN",$U23/3,0))))*AB23 -> 0 | AD23: 1 | AE23: =+IF($Y23="N",$U23,IF($Y23="MN",$U23/2,IF($Y23="TN",$U23/2,IF($Y23="MTN",$U23/3,0))))*AD23 -> 0 | AF23: 29.1 | AG23: =+AF23/AH$4 -> #DIV/0! | AH23: =AG23*AG$4/12 -> #DIV/0! | AI23: 4 | AJ23: =+AI23/AK$4 -> #DIV/0! | AK23: =AJ23*AJ$4/12 -> #DIV/0! | AL23: 75.69 | AM23: =+AL23/AN$4 -> #DIV/0! | AN23: =AM23*AM$4/12 -> #DIV/0! | AP23: =+AO23/AQ$4 -> #DIV/0! | AQ23: =AP23*AP$4/12 -> #DIV/0! | AS23: =+AR23/AT$4 -> 0 | AT23: =AS23*AS$4/12 -> 0 | AU23: 75.69 | AV23: =+AU23/AW$4 -> #DIV/0! | AW23: =AV23*AV$4/12 -> #DIV/0! | AY23: =+AX23/AZ$4 -> 0 | AZ23: =AY23*AY$4/12 -> 0 | BA23: =+AH23+AK23+AN23+AQ23+AT23+AW23+AZ23 -> #DIV/0!
B24: Escola Jaume Balmes - Primaria | C24: P Baixa | D24: Aseos nois | E24: Gres | F24: 17.22 | H24: Diario 5/7 | I24: =IF(H24=Tablas!$B$5,Tablas!$C$5,VLOOKUP(H24,Tablas!$B$5:$D$40,2,FALSE)) -> 19 | J24: =IF(I24=0,"",VLOOKUP(I24,Tablas!$C$5:$D$40,2,FALSE)) -> 21.72619 | K24: =IF(G24=0,"0",F24/G24) -> 0 | L24: =IF($X24=3,$K24,0)+IF($X24=4,$K24,0)+IF($X24=5,$K24,0)+IF($X24=6,$K24,0)+IF($X24=7,$K24,0)+IF($X24=10,$K24*2,0)+IF($X24=12,$K24*2,0)+IF($X24=14,$K24*2,0)+IF($X24=21,$K24*3,0)+IF($X24<=1,$K24*$J24/21.75,0)+IF($X24=15,$K24*3,0) -> 0 | M24: =IF($X24=2,$K24,0)+IF($X24=4,$K24,0)+IF($X24=5,$K24,0)+IF($X24=6,$K24,0)+IF($X24=7,$K24,0)+IF($X24=10,$K24*2,0)+IF($X24=12,$K24*2,0)+IF($X24=14,$K24*2,0)+IF($X24=15,$K24*3,0)+IF($X24=21,$K24*3,0)+IF($X24<=1,$K24*$J24/21.75,0) -> 0 | N24: =IF($X24=3,$K24,0)+IF($X24=4,$K24,0)+IF($X24=5,$K24,0)+IF($X24=6,$K24,0)+IF($X24=7,$K24,0)+IF($X24=10,$K24*2,0)+IF($X24=12,$K24*2,0)+IF($X24=14,$K24*2,0)+IF($X24=21,$K24*3,0)+IF($X24<=1,$K24*$J24/21.75,0)+IF($X24=15,$K24*3,0) -> 0 | O24: =IF($X24=2,$K24,0)+IF($X24=4,$K24,0)+IF($X24=5,$K24,0)+IF($X24=6,$K24,0)+IF($X24=7,$K24,0)+IF($X24=10,$K24*2,0)+IF($X24=12,$K24*2,0)+IF($X24=14,$K24*2,0)+IF($X24=15,$K24*3,0)+IF($X24=21,$K24*3,0)+IF($X24<=1,$K24*$J24/21.75,0) -> 0 | P24: =IF($X24=3,$K24,0)+IF($X24=4,$K24,0)+IF($X24=5,$K24,0)+IF($X24=6,$K24,0)+IF($X24=7,$K24,0)+IF($X24=10,$K24*2,0)+IF($X24=12,$K24*2,0)+IF($X24=14,$K24*2,0)+IF($X24=21,$K24*3,0)+IF($X24<=1,$K24*$J24/21.75,0)+IF($X24=15,$K24*3,0) -> 0 | Q24: 0.75 | R24: =(IF($X24=6,$K24,)+IF($X24=7,$K24,)+IF($X24=12,$K24*2,)+IF($X24=18,$K24*3,)+IF($X24=21,$K24*3,)+IF($X24=14,$K24*2,))*Q24 -> 0 | S24: 0.75 | T24: =(IF($X24=7,$K24,)+IF($X24=21,$K24*3,)+IF($X24=14,$K24*2,))*S24 -> 0 | U24: =SUM(+L24+M24+N24+O24+P24+R24+T24) -> 0 | V24: =+U24*4.345 -> 0 | W24: =IF(V24="","",$W$4*V24) -> 0 | X24: =ROUND(J24/4.3452380952381,1) -> 5 | Y24: T | Z24: 1 | AA24: =+IF($Y24="M",$U24,IF($Y24="MT",$U24/2,IF(Y24="MN",$U24/2,IF($Y24="MTN",$U24/3,0))))*Z24 -> 0 | AB24: 1 | AC24: =+IF($Y24="T",$U24,IF($Y24="MT",$U24/2,IF($Y24="TN",$U24/2,IF($Y24="MTN",$U24/3,0))))*AB24 -> 0 | AD24: 1 | AE24: =+IF($Y24="N",$U24,IF($Y24="MN",$U24/2,IF($Y24="TN",$U24/2,IF($Y24="MTN",$U24/3,0))))*AD24 -> 0 | AG24: =+AF24/AH$4 -> #DIV/0! | AH24: =AG24*AG$4/12 -> #DIV/0! | AI24: 2.7 | AJ24: =+AI24/AK$4 -> #DIV/0! | AK24: =AJ24*AJ$4/12 -> #DIV/0! | AL24: 17.22 | AM24: =+AL24/AN$4 -> #DIV/0! | AN24: =AM24*AM$4/12 -> #DIV/0! | AP24: =+AO24/AQ$4 -> #DIV/0! | AQ24: =AP24*AP$4/12 -> #DIV/0! | AS24: =+AR24/AT$4 -> 0 | AT24: =AS24*AS$4/12 -> 0 | AU24: 17.22 | AV24: =+AU24/AW$4 -> #DIV/0! | AW24: =AV24*AV$4/12 -> #DIV/0! | AY24: =+AX24/AZ$4 -> 0 | AZ24: =AY24*AY$4/12 -> 0 | BA24: =+AH24+AK24+AN24+AQ24+AT24+AW24+AZ24 -> #DIV/0!
B25: Escola Jaume Balmes - Primaria | C25: P Baixa | D25: Aseos noies | E25: Gres | F25: 16.31 | H25: Diario 5/7 | I25: =IF(H25=Tablas!$B$5,Tablas!$C$5,VLOOKUP(H25,Tablas!$B$5:$D$40,2,FALSE)) -> 19 | J25: =IF(I25=0,"",VLOOKUP(I25,Tablas!$C$5:$D$40,2,FALSE)) -> 21.72619 | K25: =IF(G25=0,"0",F25/G25) -> 0 | L25: =IF($X25=3,$K25,0)+IF($X25=4,$K25,0)+IF($X25=5,$K25,0)+IF($X25=6,$K25,0)+IF($X25=7,$K25,0)+IF($X25=10,$K25*2,0)+IF($X25=12,$K25*2,0)+IF($X25=14,$K25*2,0)+IF($X25=21,$K25*3,0)+IF($X25<=1,$K25*$J25/21.75,0)+IF($X25=15,$K25*3,0) -> 0 | M25: =IF($X25=2,$K25,0)+IF($X25=4,$K25,0)+IF($X25=5,$K25,0)+IF($X25=6,$K25,0)+IF($X25=7,$K25,0)+IF($X25=10,$K25*2,0)+IF($X25=12,$K25*2,0)+IF($X25=14,$K25*2,0)+IF($X25=15,$K25*3,0)+IF($X25=21,$K25*3,0)+IF($X25<=1,$K25*$J25/21.75,0) -> 0 | N25: =IF($X25=3,$K25,0)+IF($X25=4,$K25,0)+IF($X25=5,$K25,0)+IF($X25=6,$K25,0)+IF($X25=7,$K25,0)+IF($X25=10,$K25*2,0)+IF($X25=12,$K25*2,0)+IF($X25=14,$K25*2,0)+IF($X25=21,$K25*3,0)+IF($X25<=1,$K25*$J25/21.75,0)+IF($X25=15,$K25*3,0) -> 0 | O25: =IF($X25=2,$K25,0)+IF($X25=4,$K25,0)+IF($X25=5,$K25,0)+IF($X25=6,$K25,0)+IF($X25=7,$K25,0)+IF($X25=10,$K25*2,0)+IF($X25=12,$K25*2,0)+IF($X25=14,$K25*2,0)+IF($X25=15,$K25*3,0)+IF($X25=21,$K25*3,0)+IF($X25<=1,$K25*$J25/21.75,0) -> 0 | P25: =IF($X25=3,$K25,0)+IF($X25=4,$K25,0)+IF($X25=5,$K25,0)+IF($X25=6,$K25,0)+IF($X25=7,$K25,0)+IF($X25=10,$K25*2,0)+IF($X25=12,$K25*2,0)+IF($X25=14,$K25*2,0)+IF($X25=21,$K25*3,0)+IF($X25<=1,$K25*$J25/21.75,0)+IF($X25=15,$K25*3,0) -> 0 | Q25: 0.75 | R25: =(IF($X25=6,$K25,)+IF($X25=7,$K25,)+IF($X25=12,$K25*2,)+IF($X25=18,$K25*3,)+IF($X25=21,$K25*3,)+IF($X25=14,$K25*2,))*Q25 -> 0 | S25: 0.75 | T25: =(IF($X25=7,$K25,)+IF($X25=21,$K25*3,)+IF($X25=14,$K25*2,))*S25 -> 0 | U25: =SUM(+L25+M25+N25+O25+P25+R25+T25) -> 0 | V25: =+U25*4.345 -> 0 | W25: =IF(V25="","",$W$4*V25) -> 0 | X25: =ROUND(J25/4.3452380952381,1) -> 5 | Y25: T | Z25: 1 | AA25: =+IF($Y25="M",$U25,IF($Y25="MT",$U25/2,IF(Y25="MN",$U25/2,IF($Y25="MTN",$U25/3,0))))*Z25 -> 0 | AB25: 1 | AC25: =+IF($Y25="T",$U25,IF($Y25="MT",$U25/2,IF($Y25="TN",$U25/2,IF($Y25="MTN",$U25/3,0))))*AB25 -> 0 | AD25: 1 | AE25: =+IF($Y25="N",$U25,IF($Y25="MN",$U25/2,IF($Y25="TN",$U25/2,IF($Y25="MTN",$U25/3,0))))*AD25 -> 0 | AG25: =+AF25/AH$4 -> #DIV/0! | AH25: =AG25*AG$4/12 -> #DIV/0! | AI25: 2.7 | AJ25: =+AI25/AK$4 -> #DIV/0! | AK25: =AJ25*AJ$4/12 -> #DIV/0! | AL25: 16.31 | AM25: =+AL25/AN$4 -> #DIV/0! | AN25: =AM25*AM$4/12 -> #DIV/0! | AP25: =+AO25/AQ$4 -> #DIV/0! | AQ25: =AP25*AP$4/12 -> #DIV/0! | AS25: =+AR25/AT$4 -> 0 | AT25: =AS25*AS$4/12 -> 0 | AU25: 16.31 | AV25: =+AU25/AW$4 -> #DIV/0! | AW25: =AV25*AV$4/12 -> #DIV/0! | AY25: =+AX25/AZ$4 -> 0 | AZ25: =AY25*AY$4/12 -> 0 | BA25: =+AH25+AK25+AN25+AQ25+AT25+AW25+AZ25 -> #DIV/0!
B26: Escola Jaume Balmes - Primaria | C26: P Baixa | D26: Neteja | E26: Terratzo | F26: 2.89 | H26: Mensual | I26: =IF(H26=Tablas!$B$5,Tablas!$C$5,VLOOKUP(H26,Tablas!$B$5:$D$40,2,FALSE)) -> 29 | J26: =IF(I26=0,"",VLOOKUP(I26,Tablas!$C$5:$D$40,2,FALSE)) -> 1 | K26: =IF(G26=0,"0",F26/G26) -> 0 | L26: =IF($X26=3,$K26,0)+IF($X26=4,$K26,0)+IF($X26=5,$K26,0)+IF($X26=6,$K26,0)+IF($X26=7,$K26,0)+IF($X26=10,$K26*2,0)+IF($X26=12,$K26*2,0)+IF($X26=14,$K26*2,0)+IF($X26=21,$K26*3,0)+IF($X26<=1,$K26*$J26/21.75,0)+IF($X26=15,$K26*3,0) -> 0 | M26: =IF($X26=2,$K26,0)+IF($X26=4,$K26,0)+IF($X26=5,$K26,0)+IF($X26=6,$K26,0)+IF($X26=7,$K26,0)+IF($X26=10,$K26*2,0)+IF($X26=12,$K26*2,0)+IF($X26=14,$K26*2,0)+IF($X26=15,$K26*3,0)+IF($X26=21,$K26*3,0)+IF($X26<=1,$K26*$J26/21.75,0) -> 0 | N26: =IF($X26=3,$K26,0)+IF($X26=4,$K26,0)+IF($X26=5,$K26,0)+IF($X26=6,$K26,0)+IF($X26=7,$K26,0)+IF($X26=10,$K26*2,0)+IF($X26=12,$K26*2,0)+IF($X26=14,$K26*2,0)+IF($X26=21,$K26*3,0)+IF($X26<=1,$K26*$J26/21.75,0)+IF($X26=15,$K26*3,0) -> 0 | O26: =IF($X26=2,$K26,0)+IF($X26=4,$K26,0)+IF($X26=5,$K26,0)+IF($X26=6,$K26,0)+IF($X26=7,$K26,0)+IF($X26=10,$K26*2,0)+IF($X26=12,$K26*2,0)+IF($X26=14,$K26*2,0)+IF($X26=15,$K26*3,0)+IF($X26=21,$K26*3,0)+IF($X26<=1,$K26*$J26/21.75,0) -> 0 | P26: =IF($X26=3,$K26,0)+IF($X26=4,$K26,0)+IF($X26=5,$K26,0)+IF($X26=6,$K26,0)+IF($X26=7,$K26,0)+IF($X26=10,$K26*2,0)+IF($X26=12,$K26*2,0)+IF($X26=14,$K26*2,0)+IF($X26=21,$K26*3,0)+IF($X26<=1,$K26*$J26/21.75,0)+IF($X26=15,$K26*3,0) -> 0 | Q26: 0.75 | R26: =(IF($X26=6,$K26,)+IF($X26=7,$K26,)+IF($X26=12,$K26*2,)+IF($X26=18,$K26*3,)+IF($X26=21,$K26*3,)+IF($X26=14,$K26*2,))*Q26 -> 0 | S26: 0.75 | T26: =(IF($X26=7,$K26,)+IF($X26=21,$K26*3,)+IF($X26=14,$K26*2,))*S26 -> 0 | U26: =SUM(+L26+M26+N26+O26+P26+R26+T26) -> 0 | V26: =+U26*4.345 -> 0 | W26: =IF(V26="","",$W$4*V26) -> 0 | X26: =ROUND(J26/4.3452380952381,1) -> 0.2 | Y26: T | Z26: 1 | AA26: =+IF($Y26="M",$U26,IF($Y26="MT",$U26/2,IF(Y26="MN",$U26/2,IF($Y26="MTN",$U26/3,0))))*Z26 -> 0 | AB26: 1 | AC26: =+IF($Y26="T",$U26,IF($Y26="MT",$U26/2,IF($Y26="TN",$U26/2,IF($Y26="MTN",$U26/3,0))))*AB26 -> 0 | AD26: 1 | AE26: =+IF($Y26="N",$U26,IF($Y26="MN",$U26/2,IF($Y26="TN",$U26/2,IF($Y26="MTN",$U26/3,0))))*AD26 -> 0 | AG26: =+AF26/AH$4 -> #DIV/0! | AH26: =AG26*AG$4/12 -> #DIV/0! | AJ26: =+AI26/AK$4 -> #DIV/0! | AK26: =AJ26*AJ$4/12 -> #DIV/0! | AL26: 2.89 | AM26: =+AL26/AN$4 -> #DIV/0! | AN26: =AM26*AM$4/12 -> #DIV/0! | AP26: =+AO26/AQ$4 -> #DIV/0! | AQ26: =AP26*AP$4/12 -> #DIV/0! | AS26: =+AR26/AT$4 -> 0 | AT26: =AS26*AS$4/12 -> 0 | AU26: 2.89 | AV26: =+AU26/AW$4 -> #DIV/0! | AW26: =AV26*AV$4/12 -> #DIV/0! | AY26: =+AX26/AZ$4 -> 0 | AZ26: =AY26*AY$4/12 -> 0 | BA26: =+AH26+AK26+AN26+AQ26+AT26+AW26+AZ26 -> #DIV/0!
B27: Escola Jaume Balmes - Primaria | C27: P Baixa | D27: Traster | E27: Terratzo | F27: 2.59 | H27: Mensual | I27: =IF(H27=Tablas!$B$5,Tablas!$C$5,VLOOKUP(H27,Tablas!$B$5:$D$40,2,FALSE)) -> 29 | J27: =IF(I27=0,"",VLOOKUP(I27,Tablas!$C$5:$D$40,2,FALSE)) -> 1 | K27: =IF(G27=0,"0",F27/G27) -> 0 | L27: =IF($X27=3,$K27,0)+IF($X27=4,$K27,0)+IF($X27=5,$K27,0)+IF($X27=6,$K27,0)+IF($X27=7,$K27,0)+IF($X27=10,$K27*2,0)+IF($X27=12,$K27*2,0)+IF($X27=14,$K27*2,0)+IF($X27=21,$K27*3,0)+IF($X27<=1,$K27*$J27/21.75,0)+IF($X27=15,$K27*3,0) -> 0 | M27: =IF($X27=2,$K27,0)+IF($X27=4,$K27,0)+IF($X27=5,$K27,0)+IF($X27=6,$K27,0)+IF($X27=7,$K27,0)+IF($X27=10,$K27*2,0)+IF($X27=12,$K27*2,0)+IF($X27=14,$K27*2,0)+IF($X27=15,$K27*3,0)+IF($X27=21,$K27*3,0)+IF($X27<=1,$K27*$J27/21.75,0) -> 0 | N27: =IF($X27=3,$K27,0)+IF($X27=4,$K27,0)+IF($X27=5,$K27,0)+IF($X27=6,$K27,0)+IF($X27=7,$K27,0)+IF($X27=10,$K27*2,0)+IF($X27=12,$K27*2,0)+IF($X27=14,$K27*2,0)+IF($X27=21,$K27*3,0)+IF($X27<=1,$K27*$J27/21.75,0)+IF($X27=15,$K27*3,0) -> 0 | O27: =IF($X27=2,$K27,0)+IF($X27=4,$K27,0)+IF($X27=5,$K27,0)+IF($X27=6,$K27,0)+IF($X27=7,$K27,0)+IF($X27=10,$K27*2,0)+IF($X27=12,$K27*2,0)+IF($X27=14,$K27*2,0)+IF($X27=15,$K27*3,0)+IF($X27=21,$K27*3,0)+IF($X27<=1,$K27*$J27/21.75,0) -> 0 | P27: =IF($X27=3,$K27,0)+IF($X27=4,$K27,0)+IF($X27=5,$K27,0)+IF($X27=6,$K27,0)+IF($X27=7,$K27,0)+IF($X27=10,$K27*2,0)+IF($X27=12,$K27*2,0)+IF($X27=14,$K27*2,0)+IF($X27=21,$K27*3,0)+IF($X27<=1,$K27*$J27/21.75,0)+IF($X27=15,$K27*3,0) -> 0 | Q27: 0.75 | R27: =(IF($X27=6,$K27,)+IF($X27=7,$K27,)+IF($X27=12,$K27*2,)+IF($X27=18,$K27*3,)+IF($X27=21,$K27*3,)+IF($X27=14,$K27*2,))*Q27 -> 0 | S27: 0.75 | T27: =(IF($X27=7,$K27,)+IF($X27=21,$K27*3,)+IF($X27=14,$K27*2,))*S27 -> 0 | U27: =SUM(+L27+M27+N27+O27+P27+R27+T27) -> 0 | V27: =+U27*4.345 -> 0 | W27: =IF(V27="","",$W$4*V27) -> 0 | X27: =ROUND(J27/4.3452380952381,1) -> 0.2 | Y27: T | Z27: 1 | AA27: =+IF($Y27="M",$U27,IF($Y27="MT",$U27/2,IF(Y27="MN",$U27/2,IF($Y27="MTN",$U27/3,0))))*Z27 -> 0 | AB27: 1 | AC27: =+IF($Y27="T",$U27,IF($Y27="MT",$U27/2,IF($Y27="TN",$U27/2,IF($Y27="MTN",$U27/3,0))))*AB27 -> 0 | AD27: 1 | AE27: =+IF($Y27="N",$U27,IF($Y27="MN",$U27/2,IF($Y27="TN",$U27/2,IF($Y27="MTN",$U27/3,0))))*AD27 -> 0 | AG27: =+AF27/AH$4 -> #DIV/0! | AH27: =AG27*AG$4/12 -> #DIV/0! | AJ27: =+AI27/AK$4 -> #DIV/0! | AK27: =AJ27*AJ$4/12 -> #DIV/0! | AL27: 2.59 | AM27: =+AL27/AN$4 -> #DIV/0! | AN27: =AM27*AM$4/12 -> #DIV/0! | AP27: =+AO27/AQ$4 -> #DIV/0! | AQ27: =AP27*AP$4/12 -> #DIV/0! | AS27: =+AR27/AT$4 -> 0 | AT27: =AS27*AS$4/12 -> 0 | AU27: 2.59 | AV27: =+AU27/AW$4 -> #DIV/0! | AW27: =AV27*AV$4/12 -> #DIV/0! | AY27: =+AX27/AZ$4 -> 0 | AZ27: =AY27*AY$4/12 -> 0 | BA27: =+AH27+AK27+AN27+AQ27+AT27+AW27+AZ27 -> #DIV/0!
B28: Escola Jaume Balmes - Primaria | C28: P Baixa | D28: Traster | E28: Terratzo | F28: 4.98 | H28: Mensual | I28: =IF(H28=Tablas!$B$5,Tablas!$C$5,VLOOKUP(H28,Tablas!$B$5:$D$40,2,FALSE)) -> 29 | J28: =IF(I28=0,"",VLOOKUP(I28,Tablas!$C$5:$D$40,2,FALSE)) -> 1 | K28: =IF(G28=0,"0",F28/G28) -> 0 | L28: =IF($X28=3,$K28,0)+IF($X28=4,$K28,0)+IF($X28=5,$K28,0)+IF($X28=6,$K28,0)+IF($X28=7,$K28,0)+IF($X28=10,$K28*2,0)+IF($X28=12,$K28*2,0)+IF($X28=14,$K28*2,0)+IF($X28=21,$K28*3,0)+IF($X28<=1,$K28*$J28/21.75,0)+IF($X28=15,$K28*3,0) -> 0 | M28: =IF($X28=2,$K28,0)+IF($X28=4,$K28,0)+IF($X28=5,$K28,0)+IF($X28=6,$K28,0)+IF($X28=7,$K28,0)+IF($X28=10,$K28*2,0)+IF($X28=12,$K28*2,0)+IF($X28=14,$K28*2,0)+IF($X28=15,$K28*3,0)+IF($X28=21,$K28*3,0)+IF($X28<=1,$K28*$J28/21.75,0) -> 0 | N28: =IF($X28=3,$K28,0)+IF($X28=4,$K28,0)+IF($X28=5,$K28,0)+IF($X28=6,$K28,0)+IF($X28=7,$K28,0)+IF($X28=10,$K28*2,0)+IF($X28=12,$K28*2,0)+IF($X28=14,$K28*2,0)+IF($X28=21,$K28*3,0)+IF($X28<=1,$K28*$J28/21.75,0)+IF($X28=15,$K28*3,0) -> 0 | O28: =IF($X28=2,$K28,0)+IF($X28=4,$K28,0)+IF($X28=5,$K28,0)+IF($X28=6,$K28,0)+IF($X28=7,$K28,0)+IF($X28=10,$K28*2,0)+IF($X28=12,$K28*2,0)+IF($X28=14,$K28*2,0)+IF($X28=15,$K28*3,0)+IF($X28=21,$K28*3,0)+IF($X28<=1,$K28*$J28/21.75,0) -> 0 | P28: =IF($X28=3,$K28,0)+IF($X28=4,$K28,0)+IF($X28=5,$K28,0)+IF($X28=6,$K28,0)+IF($X28=7,$K28,0)+IF($X28=10,$K28*2,0)+IF($X28=12,$K28*2,0)+IF($X28=14,$K28*2,0)+IF($X28=21,$K28*3,0)+IF($X28<=1,$K28*$J28/21.75,0)+IF($X28=15,$K28*3,0) -> 0 | Q28: 0.75 | R28: =(IF($X28=6,$K28,)+IF($X28=7,$K28,)+IF($X28=12,$K28*2,)+IF($X28=18,$K28*3,)+IF($X28=21,$K28*3,)+IF($X28=14,$K28*2,))*Q28 -> 0 | S28: 0.75 | T28: =(IF($X28=7,$K28,)+IF($X28=21,$K28*3,)+IF($X28=14,$K28*2,))*S28 -> 0 | U28: =SUM(+L28+M28+N28+O28+P28+R28+T28) -> 0 | V28: =+U28*4.345 -> 0 | W28: =IF(V28="","",$W$4*V28) -> 0 | X28: =ROUND(J28/4.3452380952381,1) -> 0.2 | Y28: T | Z28: 1 | AA28: =+IF($Y28="M",$U28,IF($Y28="MT",$U28/2,IF(Y28="MN",$U28/2,IF($Y28="MTN",$U28/3,0))))*Z28 -> 0 | AB28: 1 | AC28: =+IF($Y28="T",$U28,IF($Y28="MT",$U28/2,IF($Y28="TN",$U28/2,IF($Y28="MTN",$U28/3,0))))*AB28 -> 0 | AD28: 1 | AE28: =+IF($Y28="N",$U28,IF($Y28="MN",$U28/2,IF($Y28="TN",$U28/2,IF($Y28="MTN",$U28/3,0))))*AD28 -> 0 | AG28: =+AF28/AH$4 -> #DIV/0! | AH28: =AG28*AG$4/12 -> #DIV/0! | AJ28: =+AI28/AK$4 -> #DIV/0! | AK28: =AJ28*AJ$4/12 -> #DIV/0! | AL28: 4.98 | AM28: =+AL28/AN$4 -> #DIV/0! | AN28: =AM28*AM$4/12 -> #DIV/0! | AP28: =+AO28/AQ$4 -> #DIV/0! | AQ28: =AP28*AP$4/12 -> #DIV/0! | AS28: =+AR28/AT$4 -> 0 | AT28: =AS28*AS$4/12 -> 0 | AU28: 4.98 | AV28: =+AU28/AW$4 -> #DIV/0! | AW28: =AV28*AV$4/12 -> #DIV/0! | AY28: =+AX28/AZ$4 -> 0 | AZ28: =AY28*AY$4/12 -> 0 | BA28: =+AH28+AK28+AN28+AQ28+AT28+AW28+AZ28 -> #DIV/0!
B29: Escola Jaume Balmes - Primaria | C29: P Baixa | D29: Pasadissos | E29: Terratzo | F29: 77.04 | H29: Diario 5/7 | I29: =IF(H29=Tablas!$B$5,Tablas!$C$5,VLOOKUP(H29,Tablas!$B$5:$D$40,2,FALSE)) -> 19 | J29: =IF(I29=0,"",VLOOKUP(I29,Tablas!$C$5:$D$40,2,FALSE)) -> 21.72619 | K29: =IF(G29=0,"0",F29/G29) -> 0 | L29: =IF($X29=3,$K29,0)+IF($X29=4,$K29,0)+IF($X29=5,$K29,0)+IF($X29=6,$K29,0)+IF($X29=7,$K29,0)+IF($X29=10,$K29*2,0)+IF($X29=12,$K29*2,0)+IF($X29=14,$K29*2,0)+IF($X29=21,$K29*3,0)+IF($X29<=1,$K29*$J29/21.75,0)+IF($X29=15,$K29*3,0) -> 0 | M29: =IF($X29=2,$K29,0)+IF($X29=4,$K29,0)+IF($X29=5,$K29,0)+IF($X29=6,$K29,0)+IF($X29=7,$K29,0)+IF($X29=10,$K29*2,0)+IF($X29=12,$K29*2,0)+IF($X29=14,$K29*2,0)+IF($X29=15,$K29*3,0)+IF($X29=21,$K29*3,0)+IF($X29<=1,$K29*$J29/21.75,0) -> 0 | N29: =IF($X29=3,$K29,0)+IF($X29=4,$K29,0)+IF($X29=5,$K29,0)+IF($X29=6,$K29,0)+IF($X29=7,$K29,0)+IF($X29=10,$K29*2,0)+IF($X29=12,$K29*2,0)+IF($X29=14,$K29*2,0)+IF($X29=21,$K29*3,0)+IF($X29<=1,$K29*$J29/21.75,0)+IF($X29=15,$K29*3,0) -> 0 | O29: =IF($X29=2,$K29,0)+IF($X29=4,$K29,0)+IF($X29=5,$K29,0)+IF($X29=6,$K29,0)+IF($X29=7,$K29,0)+IF($X29=10,$K29*2,0)+IF($X29=12,$K29*2,0)+IF($X29=14,$K29*2,0)+IF($X29=15,$K29*3,0)+IF($X29=21,$K29*3,0)+IF($X29<=1,$K29*$J29/21.75,0) -> 0 | P29: =IF($X29=3,$K29,0)+IF($X29=4,$K29,0)+IF($X29=5,$K29,0)+IF($X29=6,$K29,0)+IF($X29=7,$K29,0)+IF($X29=10,$K29*2,0)+IF($X29=12,$K29*2,0)+IF($X29=14,$K29*2,0)+IF($X29=21,$K29*3,0)+IF($X29<=1,$K29*$J29/21.75,0)+IF($X29=15,$K29*3,0) -> 0 | Q29: 0.75 | R29: =(IF($X29=6,$K29,)+IF($X29=7,$K29,)+IF($X29=12,$K29*2,)+IF($X29=18,$K29*3,)+IF($X29=21,$K29*3,)+IF($X29=14,$K29*2,))*Q29 -> 0 | S29: 0.75 | T29: =(IF($X29=7,$K29,)+IF($X29=21,$K29*3,)+IF($X29=14,$K29*2,))*S29 -> 0 | U29: =SUM(+L29+M29+N29+O29+P29+R29+T29) -> 0 | V29: =+U29*4.345 -> 0 | W29: =IF(V29="","",$W$4*V29) -> 0 | X29: =ROUND(J29/4.3452380952381,1) -> 5 | Y29: T | Z29: 1 | AA29: =+IF($Y29="M",$U29,IF($Y29="MT",$U29/2,IF(Y29="MN",$U29/2,IF($Y29="MTN",$U29/3,0))))*Z29 -> 0 | AB29: 1 | AC29: =+IF($Y29="T",$U29,IF($Y29="MT",$U29/2,IF($Y29="TN",$U29/2,IF($Y29="MTN",$U29/3,0))))*AB29 -> 0 | AD29: 1 | AE29: =+IF($Y29="N",$U29,IF($Y29="MN",$U29/2,IF($Y29="TN",$U29/2,IF($Y29="MTN",$U29/3,0))))*AD29 -> 0 | AF29: 10.8 | AG29: =+AF29/AH$4 -> #DIV/0! | AH29: =AG29*AG$4/12 -> #DIV/0! | AI29: 23.9 | AJ29: =+AI29/AK$4 -> #DIV/0! | AK29: =AJ29*AJ$4/12 -> #DIV/0! | AL29: 77.04 | AM29: =+AL29/AN$4 -> #DIV/0! | AN29: =AM29*AM$4/12 -> #DIV/0! | AP29: =+AO29/AQ$4 -> #DIV/0! | AQ29: =AP29*AP$4/12 -> #DIV/0! | AS29: =+AR29/AT$4 -> 0 | AT29: =AS29*AS$4/12 -> 0 | AU29: 77.04 | AV29: =+AU29/AW$4 -> #DIV/0! | AW29: =AV29*AV$4/12 -> #DIV/0! | AY29: =+AX29/AZ$4 -> 0 | AZ29: =AY29*AY$4/12 -> 0 | BA29: =+AH29+AK29+AN29+AQ29+AT29+AW29+AZ29 -> #DIV/0!
B30: Escola Jaume Balmes - Primaria | C30: P Baixa | D30: Ascensor | F30: 3.5 | H30: Diario 5/7 | I30: =IF(H30=Tablas!$B$5,Tablas!$C$5,VLOOKUP(H30,Tablas!$B$5:$D$40,2,FALSE)) -> 19 | J30: =IF(I30=0,"",VLOOKUP(I30,Tablas!$C$5:$D$40,2,FALSE)) -> 21.72619 | K30: =IF(G30=0,"0",F30/G30) -> 0 | L30: =IF($X30=3,$K30,0)+IF($X30=4,$K30,0)+IF($X30=5,$K30,0)+IF($X30=6,$K30,0)+IF($X30=7,$K30,0)+IF($X30=10,$K30*2,0)+IF($X30=12,$K30*2,0)+IF($X30=14,$K30*2,0)+IF($X30=21,$K30*3,0)+IF($X30<=1,$K30*$J30/21.75,0)+IF($X30=15,$K30*3,0) -> 0 | M30: =IF($X30=2,$K30,0)+IF($X30=4,$K30,0)+IF($X30=5,$K30,0)+IF($X30=6,$K30,0)+IF($X30=7,$K30,0)+IF($X30=10,$K30*2,0)+IF($X30=12,$K30*2,0)+IF($X30=14,$K30*2,0)+IF($X30=15,$K30*3,0)+IF($X30=21,$K30*3,0)+IF($X30<=1,$K30*$J30/21.75,0) -> 0 | N30: =IF($X30=3,$K30,0)+IF($X30=4,$K30,0)+IF($X30=5,$K30,0)+IF($X30=6,$K30,0)+IF($X30=7,$K30,0)+IF($X30=10,$K30*2,0)+IF($X30=12,$K30*2,0)+IF($X30=14,$K30*2,0)+IF($X30=21,$K30*3,0)+IF($X30<=1,$K30*$J30/21.75,0)+IF($X30=15,$K30*3,0) -> 0 | O30: =IF($X30=2,$K30,0)+IF($X30=4,$K30,0)+IF($X30=5,$K30,0)+IF($X30=6,$K30,0)+IF($X30=7,$K30,0)+IF($X30=10,$K30*2,0)+IF($X30=12,$K30*2,0)+IF($X30=14,$K30*2,0)+IF($X30=15,$K30*3,0)+IF($X30=21,$K30*3,0)+IF($X30<=1,$K30*$J30/21.75,0) -> 0 | P30: =IF($X30=3,$K30,0)+IF($X30=4,$K30,0)+IF($X30=5,$K30,0)+IF($X30=6,$K30,0)+IF($X30=7,$K30,0)+IF($X30=10,$K30*2,0)+IF($X30=12,$K30*2,0)+IF($X30=14,$K30*2,0)+IF($X30=21,$K30*3,0)+IF($X30<=1,$K30*$J30/21.75,0)+IF($X30=15,$K30*3,0) -> 0 | Q30: 0.75 | R30: =(IF($X30=6,$K30,)+IF($X30=7,$K30,)+IF($X30=12,$K30*2,)+IF($X30=18,$K30*3,)+IF($X30=21,$K30*3,)+IF($X30=14,$K30*2,))*Q30 -> 0 | S30: 0.75 | T30: =(IF($X30=7,$K30,)+IF($X30=21,$K30*3,)+IF($X30=14,$K30*2,))*S30 -> 0 | U30: =SUM(+L30+M30+N30+O30+P30+R30+T30) -> 0 | V30: =+U30*4.345 -> 0 | W30: =IF(V30="","",$W$4*V30) -> 0 | X30: =ROUND(J30/4.3452380952381,1) -> 5 | Y30: T | Z30: 1 | AA30: =+IF($Y30="M",$U30,IF($Y30="MT",$U30/2,IF(Y30="MN",$U30/2,IF($Y30="MTN",$U30/3,0))))*Z30 -> 0 | AB30: 1 | AC30: =+IF($Y30="T",$U30,IF($Y30="MT",$U30/2,IF($Y30="TN",$U30/2,IF($Y30="MTN",$U30/3,0))))*AB30 -> 0 | AD30: 1 | AE30: =+IF($Y30="N",$U30,IF($Y30="MN",$U30/2,IF($Y30="TN",$U30/2,IF($Y30="MTN",$U30/3,0))))*AD30 -> 0 | AG30: =+AF30/AH$4 -> #DIV/0! | AH30: =AG30*AG$4/12 -> #DIV/0! | AJ30: =+AI30/AK$4 -> #DIV/0! | AK30: =AJ30*AJ$4/12 -> #DIV/0! | AL30: 3.5 | AM30: =+AL30/AN$4 -> #DIV/0! | AN30: =AM30*AM$4/12 -> #DIV/0! | AP30: =+AO30/AQ$4 -> #DIV/0! | AQ30: =AP30*AP$4/12 -> #DIV/0! | AS30: =+AR30/AT$4 -> 0 | AT30: =AS30*AS$4/12 -> 0 | AU30: 3.5 | AV30: =+AU30/AW$4 -> #DIV/0! | AW30: =AV30*AV$4/12 -> #DIV/0! | AY30: =+AX30/AZ$4 -> 0 | AZ30: =AY30*AY$4/12 -> 0 | BA30: =+AH30+AK30+AN30+AQ30+AT30+AW30+AZ30 -> #DIV/0!
B31: Escola Jaume Balmes - Primaria | C31: P Baixa | D31: Vestíbuls | E31: Terratzo | F31: 85.3 | H31: Diario 5/7 | I31: =IF(H31=Tablas!$B$5,Tablas!$C$5,VLOOKUP(H31,Tablas!$B$5:$D$40,2,FALSE)) -> 19 | J31: =IF(I31=0,"",VLOOKUP(I31,Tablas!$C$5:$D$40,2,FALSE)) -> 21.72619 | K31: =IF(G31=0,"0",F31/G31) -> 0 | L31: =IF($X31=3,$K31,0)+IF($X31=4,$K31,0)+IF($X31=5,$K31,0)+IF($X31=6,$K31,0)+IF($X31=7,$K31,0)+IF($X31=10,$K31*2,0)+IF($X31=12,$K31*2,0)+IF($X31=14,$K31*2,0)+IF($X31=21,$K31*3,0)+IF($X31<=1,$K31*$J31/21.75,0)+IF($X31=15,$K31*3,0) -> 0 | M31: =IF($X31=2,$K31,0)+IF($X31=4,$K31,0)+IF($X31=5,$K31,0)+IF($X31=6,$K31,0)+IF($X31=7,$K31,0)+IF($X31=10,$K31*2,0)+IF($X31=12,$K31*2,0)+IF($X31=14,$K31*2,0)+IF($X31=15,$K31*3,0)+IF($X31=21,$K31*3,0)+IF($X31<=1,$K31*$J31/21.75,0) -> 0 | N31: =IF($X31=3,$K31,0)+IF($X31=4,$K31,0)+IF($X31=5,$K31,0)+IF($X31=6,$K31,0)+IF($X31=7,$K31,0)+IF($X31=10,$K31*2,0)+IF($X31=12,$K31*2,0)+IF($X31=14,$K31*2,0)+IF($X31=21,$K31*3,0)+IF($X31<=1,$K31*$J31/21.75,0)+IF($X31=15,$K31*3,0) -> 0 | O31: =IF($X31=2,$K31,0)+IF($X31=4,$K31,0)+IF($X31=5,$K31,0)+IF($X31=6,$K31,0)+IF($X31=7,$K31,0)+IF($X31=10,$K31*2,0)+IF($X31=12,$K31*2,0)+IF($X31=14,$K31*2,0)+IF($X31=15,$K31*3,0)+IF($X31=21,$K31*3,0)+IF($X31<=1,$K31*$J31/21.75,0) -> 0 | P31: =IF($X31=3,$K31,0)+IF($X31=4,$K31,0)+IF($X31=5,$K31,0)+IF($X31=6,$K31,0)+IF($X31=7,$K31,0)+IF($X31=10,$K31*2,0)+IF($X31=12,$K31*2,0)+IF($X31=14,$K31*2,0)+IF($X31=21,$K31*3,0)+IF($X31<=1,$K31*$J31/21.75,0)+IF($X31=15,$K31*3,0) -> 0 | Q31: 0.75 | R31: =(IF($X31=6,$K31,)+IF($X31=7,$K31,)+IF($X31=12,$K31*2,)+IF($X31=18,$K31*3,)+IF($X31=21,$K31*3,)+IF($X31=14,$K31*2,))*Q31 -> 0 | S31: 0.75 | T31: =(IF($X31=7,$K31,)+IF($X31=21,$K31*3,)+IF($X31=14,$K31*2,))*S31 -> 0 | U31: =SUM(+L31+M31+N31+O31+P31+R31+T31) -> 0 | V31: =+U31*4.345 -> 0 | W31: =IF(V31="","",$W$4*V31) -> 0 | X31: =ROUND(J31/4.3452380952381,1) -> 5 | Y31: T | Z31: 1 | AA31: =+IF($Y31="M",$U31,IF($Y31="MT",$U31/2,IF(Y31="MN",$U31/2,IF($Y31="MTN",$U31/3,0))))*Z31 -> 0 | AB31: 1 | AC31: =+IF($Y31="T",$U31,IF($Y31="MT",$U31/2,IF($Y31="TN",$U31/2,IF($Y31="MTN",$U31/3,0))))*AB31 -> 0 | AD31: 1 | AE31: =+IF($Y31="N",$U31,IF($Y31="MN",$U31/2,IF($Y31="TN",$U31/2,IF($Y31="MTN",$U31/3,0))))*AD31 -> 0 | AG31: =+AF31/AH$4 -> #DIV/0! | AH31: =AG31*AG$4/12 -> #DIV/0! | AJ31: =+AI31/AK$4 -> #DIV/0! | AK31: =AJ31*AJ$4/12 -> #DIV/0! | AL31: 85.3 | AM31: =+AL31/AN$4 -> #DIV/0! | AN31: =AM31*AM$4/12 -> #DIV/0! | AP31: =+AO31/AQ$4 -> #DIV/0! | AQ31: =AP31*AP$4/12 -> #DIV/0! | AS31: =+AR31/AT$4 -> 0 | AT31: =AS31*AS$4/12 -> 0 | AU31: 85.3 | AV31: =+AU31/AW$4 -> #DIV/0! | AW31: =AV31*AV$4/12 -> #DIV/0! | AY31: =+AX31/AZ$4 -> 0 | AZ31: =AY31*AY$4/12 -> 0 | BA31: =+AH31+AK31+AN31+AQ31+AT31+AW31+AZ31 -> #DIV/0!
B32: Escola Jaume Balmes - Primaria | C32: P Baixa | D32: Escales | F32: 7.15 | H32: Diario 5/7 | I32: =IF(H32=Tablas!$B$5,Tablas!$C$5,VLOOKUP(H32,Tablas!$B$5:$D$40,2,FALSE)) -> 19 | J32: =IF(I32=0,"",VLOOKUP(I32,Tablas!$C$5:$D$40,2,FALSE)) -> 21.72619 | K32: =IF(G32=0,"0",F32/G32) -> 0 | L32: =IF($X32=3,$K32,0)+IF($X32=4,$K32,0)+IF($X32=5,$K32,0)+IF($X32=6,$K32,0)+IF($X32=7,$K32,0)+IF($X32=10,$K32*2,0)+IF($X32=12,$K32*2,0)+IF($X32=14,$K32*2,0)+IF($X32=21,$K32*3,0)+IF($X32<=1,$K32*$J32/21.75,0)+IF($X32=15,$K32*3,0) -> 0 | M32: =IF($X32=2,$K32,0)+IF($X32=4,$K32,0)+IF($X32=5,$K32,0)+IF($X32=6,$K32,0)+IF($X32=7,$K32,0)+IF($X32=10,$K32*2,0)+IF($X32=12,$K32*2,0)+IF($X32=14,$K32*2,0)+IF($X32=15,$K32*3,0)+IF($X32=21,$K32*3,0)+IF($X32<=1,$K32*$J32/21.75,0) -> 0 | N32: =IF($X32=3,$K32,0)+IF($X32=4,$K32,0)+IF($X32=5,$K32,0)+IF($X32=6,$K32,0)+IF($X32=7,$K32,0)+IF($X32=10,$K32*2,0)+IF($X32=12,$K32*2,0)+IF($X32=14,$K32*2,0)+IF($X32=21,$K32*3,0)+IF($X32<=1,$K32*$J32/21.75,0)+IF($X32=15,$K32*3,0) -> 0 | O32: =IF($X32=2,$K32,0)+IF($X32=4,$K32,0)+IF($X32=5,$K32,0)+IF($X32=6,$K32,0)+IF($X32=7,$K32,0)+IF($X32=10,$K32*2,0)+IF($X32=12,$K32*2,0)+IF($X32=14,$K32*2,0)+IF($X32=15,$K32*3,0)+IF($X32=21,$K32*3,0)+IF($X32<=1,$K32*$J32/21.75,0) -> 0 | P32: =IF($X32=3,$K32,0)+IF($X32=4,$K32,0)+IF($X32=5,$K32,0)+IF($X32=6,$K32,0)+IF($X32=7,$K32,0)+IF($X32=10,$K32*2,0)+IF($X32=12,$K32*2,0)+IF($X32=14,$K32*2,0)+IF($X32=21,$K32*3,0)+IF($X32<=1,$K32*$J32/21.75,0)+IF($X32=15,$K32*3,0) -> 0 | Q32: 0.75 | R32: =(IF($X32=6,$K32,)+IF($X32=7,$K32,)+IF($X32=12,$K32*2,)+IF($X32=18,$K32*3,)+IF($X32=21,$K32*3,)+IF($X32=14,$K32*2,))*Q32 -> 0 | S32: 0.75 | T32: =(IF($X32=7,$K32,)+IF($X32=21,$K32*3,)+IF($X32=14,$K32*2,))*S32 -> 0 | U32: =SUM(+L32+M32+N32+O32+P32+R32+T32) -> 0 | V32: =+U32*4.345 -> 0 | W32: =IF(V32="","",$W$4*V32) -> 0 | X32: =ROUND(J32/4.3452380952381,1) -> 5 | Y32: T | Z32: 1 | AA32: =+IF($Y32="M",$U32,IF($Y32="MT",$U32/2,IF(Y32="MN",$U32/2,IF($Y32="MTN",$U32/3,0))))*Z32 -> 0 | AB32: 1 | AC32: =+IF($Y32="T",$U32,IF($Y32="MT",$U32/2,IF($Y32="TN",$U32/2,IF($Y32="MTN",$U32/3,0))))*AB32 -> 0 | AD32: 1 | AE32: =+IF($Y32="N",$U32,IF($Y32="MN",$U32/2,IF($Y32="TN",$U32/2,IF($Y32="MTN",$U32/3,0))))*AD32 -> 0 | AG32: =+AF32/AH$4 -> #DIV/0! | AH32: =AG32*AG$4/12 -> #DIV/0! | AJ32: =+AI32/AK$4 -> #DIV/0! | AK32: =AJ32*AJ$4/12 -> #DIV/0! | AL32: 7.15 | AM32: =+AL32/AN$4 -> #DIV/0! | AN32: =AM32*AM$4/12 -> #DIV/0! | AP32: =+AO32/AQ$4 -> #DIV/0! | AQ32: =AP32*AP$4/12 -> #DIV/0! | AS32: =+AR32/AT$4 -> 0 | AT32: =AS32*AS$4/12 -> 0 | AU32: 7.15 | AV32: =+AU32/AW$4 -> #DIV/0! | AW32: =AV32*AV$4/12 -> #DIV/0! | AY32: =+AX32/AZ$4 -> 0 | AZ32: =AY32*AY$4/12 -> 0 | BA32: =+AH32+AK32+AN32+AQ32+AT32+AW32+AZ32 -> #DIV/0!
B33: Escola Jaume Balmes - Primaria | C33: P Baixa | D33: Escales exteriors | F33: 17.3 | H33: Semanal | I33: =IF(H33=Tablas!$B$5,Tablas!$C$5,VLOOKUP(H33,Tablas!$B$5:$D$40,2,FALSE)) -> 26 | J33: =IF(I33=0,"",VLOOKUP(I33,Tablas!$C$5:$D$40,2,FALSE)) -> 4.3452381 | K33: =IF(G33=0,"0",F33/G33) -> 0 | L33: =IF($X33=3,$K33,0)+IF($X33=4,$K33,0)+IF($X33=5,$K33,0)+IF($X33=6,$K33,0)+IF($X33=7,$K33,0)+IF($X33=10,$K33*2,0)+IF($X33=12,$K33*2,0)+IF($X33=14,$K33*2,0)+IF($X33=21,$K33*3,0)+IF($X33<=1,$K33*$J33/21.75,0)+IF($X33=15,$K33*3,0) -> 0 | M33: =IF($X33=2,$K33,0)+IF($X33=4,$K33,0)+IF($X33=5,$K33,0)+IF($X33=6,$K33,0)+IF($X33=7,$K33,0)+IF($X33=10,$K33*2,0)+IF($X33=12,$K33*2,0)+IF($X33=14,$K33*2,0)+IF($X33=15,$K33*3,0)+IF($X33=21,$K33*3,0)+IF($X33<=1,$K33*$J33/21.75,0) -> 0 | N33: =IF($X33=3,$K33,0)+IF($X33=4,$K33,0)+IF($X33=5,$K33,0)+IF($X33=6,$K33,0)+IF($X33=7,$K33,0)+IF($X33=10,$K33*2,0)+IF($X33=12,$K33*2,0)+IF($X33=14,$K33*2,0)+IF($X33=21,$K33*3,0)+IF($X33<=1,$K33*$J33/21.75,0)+IF($X33=15,$K33*3,0) -> 0 | O33: =IF($X33=2,$K33,0)+IF($X33=4,$K33,0)+IF($X33=5,$K33,0)+IF($X33=6,$K33,0)+IF($X33=7,$K33,0)+IF($X33=10,$K33*2,0)+IF($X33=12,$K33*2,0)+IF($X33=14,$K33*2,0)+IF($X33=15,$K33*3,0)+IF($X33=21,$K33*3,0)+IF($X33<=1,$K33*$J33/21.75,0) -> 0 | P33: =IF($X33=3,$K33,0)+IF($X33=4,$K33,0)+IF($X33=5,$K33,0)+IF($X33=6,$K33,0)+IF($X33=7,$K33,0)+IF($X33=10,$K33*2,0)+IF($X33=12,$K33*2,0)+IF($X33=14,$K33*2,0)+IF($X33=21,$K33*3,0)+IF($X33<=1,$K33*$J33/21.75,0)+IF($X33=15,$K33*3,0) -> 0 | Q33: 0.75 | R33: =(IF($X33=6,$K33,)+IF($X33=7,$K33,)+IF($X33=12,$K33*2,)+IF($X33=18,$K33*3,)+IF($X33=21,$K33*3,)+IF($X33=14,$K33*2,))*Q33 -> 0 | S33: 0.75 | T33: =(IF($X33=7,$K33,)+IF($X33=21,$K33*3,)+IF($X33=14,$K33*2,))*S33 -> 0 | U33: =SUM(+L33+M33+N33+O33+P33+R33+T33) -> 0 | V33: =+U33*4.345 -> 0 | W33: =IF(V33="","",$W$4*V33) -> 0 | X33: =ROUND(J33/4.3452380952381,1) -> 1 | Y33: T | Z33: 1 | AA33: =+IF($Y33="M",$U33,IF($Y33="MT",$U33/2,IF(Y33="MN",$U33/2,IF($Y33="MTN",$U33/3,0))))*Z33 -> 0 | AB33: 1 | AC33: =+IF($Y33="T",$U33,IF($Y33="MT",$U33/2,IF($Y33="TN",$U33/2,IF($Y33="MTN",$U33/3,0))))*AB33 -> 0 | AD33: 1 | AE33: =+IF($Y33="N",$U33,IF($Y33="MN",$U33/2,IF($Y33="TN",$U33/2,IF($Y33="MTN",$U33/3,0))))*AD33 -> 0 | AG33: =+AF33/AH$4 -> #DIV/0! | AH33: =AG33*AG$4/12 -> #DIV/0! | AJ33: =+AI33/AK$4 -> #DIV/0! | AK33: =AJ33*AJ$4/12 -> #DIV/0! | AM33: =+AL33/AN$4 -> #DIV/0! | AN33: =AM33*AM$4/12 -> #DIV/0! | AP33: =+AO33/AQ$4 -> #DIV/0! | AQ33: =AP33*AP$4/12 -> #DIV/0! | AS33: =+AR33/AT$4 -> 0 | AT33: =AS33*AS$4/12 -> 0 | AV33: =+AU33/AW$4 -> #DIV/0! | AW33: =AV33*AV$4/12 -> #DIV/0! | AY33: =+AX33/AZ$4 -> 0 | AZ33: =AY33*AY$4/12 -> 0 | BA33: =+AH33+AK33+AN33+AQ33+AT33+AW33+AZ33 -> #DIV/0!
B34: Escola Jaume Balmes - Primaria | C34: P Baixa | D34: Vorera perimetral pati | F34: 291.15 | H34: Semanal | I34: =IF(H34=Tablas!$B$5,Tablas!$C$5,VLOOKUP(H34,Tablas!$B$5:$D$40,2,FALSE)) -> 26 | J34: =IF(I34=0,"",VLOOKUP(I34,Tablas!$C$5:$D$40,2,FALSE)) -> 4.3452381 | K34: =IF(G34=0,"0",F34/G34) -> 0 | L34: =IF($X34=3,$K34,0)+IF($X34=4,$K34,0)+IF($X34=5,$K34,0)+IF($X34=6,$K34,0)+IF($X34=7,$K34,0)+IF($X34=10,$K34*2,0)+IF($X34=12,$K34*2,0)+IF($X34=14,$K34*2,0)+IF($X34=21,$K34*3,0)+IF($X34<=1,$K34*$J34/21.75,0)+IF($X34=15,$K34*3,0) -> 0 | M34: =IF($X34=2,$K34,0)+IF($X34=4,$K34,0)+IF($X34=5,$K34,0)+IF($X34=6,$K34,0)+IF($X34=7,$K34,0)+IF($X34=10,$K34*2,0)+IF($X34=12,$K34*2,0)+IF($X34=14,$K34*2,0)+IF($X34=15,$K34*3,0)+IF($X34=21,$K34*3,0)+IF($X34<=1,$K34*$J34/21.75,0) -> 0 | N34: =IF($X34=3,$K34,0)+IF($X34=4,$K34,0)+IF($X34=5,$K34,0)+IF($X34=6,$K34,0)+IF($X34=7,$K34,0)+IF($X34=10,$K34*2,0)+IF($X34=12,$K34*2,0)+IF($X34=14,$K34*2,0)+IF($X34=21,$K34*3,0)+IF($X34<=1,$K34*$J34/21.75,0)+IF($X34=15,$K34*3,0) -> 0 | O34: =IF($X34=2,$K34,0)+IF($X34=4,$K34,0)+IF($X34=5,$K34,0)+IF($X34=6,$K34,0)+IF($X34=7,$K34,0)+IF($X34=10,$K34*2,0)+IF($X34=12,$K34*2,0)+IF($X34=14,$K34*2,0)+IF($X34=15,$K34*3,0)+IF($X34=21,$K34*3,0)+IF($X34<=1,$K34*$J34/21.75,0) -> 0 | P34: =IF($X34=3,$K34,0)+IF($X34=4,$K34,0)+IF($X34=5,$K34,0)+IF($X34=6,$K34,0)+IF($X34=7,$K34,0)+IF($X34=10,$K34*2,0)+IF($X34=12,$K34*2,0)+IF($X34=14,$K34*2,0)+IF($X34=21,$K34*3,0)+IF($X34<=1,$K34*$J34/21.75,0)+IF($X34=15,$K34*3,0) -> 0 | Q34: 0.75 | R34: =(IF($X34=6,$K34,)+IF($X34=7,$K34,)+IF($X34=12,$K34*2,)+IF($X34=18,$K34*3,)+IF($X34=21,$K34*3,)+IF($X34=14,$K34*2,))*Q34 -> 0 | S34: 0.75 | T34: =(IF($X34=7,$K34,)+IF($X34=21,$K34*3,)+IF($X34=14,$K34*2,))*S34 -> 0 | U34: =SUM(+L34+M34+N34+O34+P34+R34+T34) -> 0 | V34: =+U34*4.345 -> 0 | W34: =IF(V34="","",$W$4*V34) -> 0 | X34: =ROUND(J34/4.3452380952381,1) -> 1 | Y34: T | Z34: 1 | AA34: =+IF($Y34="M",$U34,IF($Y34="MT",$U34/2,IF(Y34="MN",$U34/2,IF($Y34="MTN",$U34/3,0))))*Z34 -> 0 | AB34: 1 | AC34: =+IF($Y34="T",$U34,IF($Y34="MT",$U34/2,IF($Y34="TN",$U34/2,IF($Y34="MTN",$U34/3,0))))*AB34 -> 0 | AD34: 1 | AE34: =+IF($Y34="N",$U34,IF($Y34="MN",$U34/2,IF($Y34="TN",$U34/2,IF($Y34="MTN",$U34/3,0))))*AD34 -> 0 | AG34: =+AF34/AH$4 -> #DIV/0! | AH34: =AG34*AG$4/12 -> #DIV/0! | AJ34: =+AI34/AK$4 -> #DIV/0! | AK34: =AJ34*AJ$4/12 -> #DIV/0! | AM34: =+AL34/AN$4 -> #DIV/0! | AN34: =AM34*AM$4/12 -> #DIV/0! | AP34: =+AO34/AQ$4 -> #DIV/0! | AQ34: =AP34*AP$4/12 -> #DIV/0! | AS34: =+AR34/AT$4 -> 0 | AT34: =AS34*AS$4/12 -> 0 | AV34: =+AU34/AW$4 -> #DIV/0! | AW34: =AV34*AV$4/12 -> #DIV/0! | AY34: =+AX34/AZ$4 -> 0 | AZ34: =AY34*AY$4/12 -> 0 | BA34: =+AH34+AK34+AN34+AQ34+AT34+AW34+AZ34 -> #DIV/0!
B35: Escola Jaume Balmes - Primaria | C35: P Baixa | D35: Pati exterior sorra | F35: 0 | G35: 0 | I35: =IF(H35=Tablas!$B$5,Tablas!$C$5,VLOOKUP(H35,Tablas!$B$5:$D$40,2,FALSE)) -> 1 | J35: =IF(I35=0,"",VLOOKUP(I35,Tablas!$C$5:$D$40,2,FALSE)) -> 0 | K35: =IF(G35=0,"0",F35/G35) -> 0 | L35: =IF($X35=3,$K35,0)+IF($X35=4,$K35,0)+IF($X35=5,$K35,0)+IF($X35=6,$K35,0)+IF($X35=7,$K35,0)+IF($X35=10,$K35*2,0)+IF($X35=12,$K35*2,0)+IF($X35=14,$K35*2,0)+IF($X35=21,$K35*3,0)+IF($X35<=1,$K35*$J35/21.75,0)+IF($X35=15,$K35*3,0) -> 0 | M35: =IF($X35=2,$K35,0)+IF($X35=4,$K35,0)+IF($X35=5,$K35,0)+IF($X35=6,$K35,0)+IF($X35=7,$K35,0)+IF($X35=10,$K35*2,0)+IF($X35=12,$K35*2,0)+IF($X35=14,$K35*2,0)+IF($X35=15,$K35*3,0)+IF($X35=21,$K35*3,0)+IF($X35<=1,$K35*$J35/21.75,0) -> 0 | N35: =IF($X35=3,$K35,0)+IF($X35=4,$K35,0)+IF($X35=5,$K35,0)+IF($X35=6,$K35,0)+IF($X35=7,$K35,0)+IF($X35=10,$K35*2,0)+IF($X35=12,$K35*2,0)+IF($X35=14,$K35*2,0)+IF($X35=21,$K35*3,0)+IF($X35<=1,$K35*$J35/21.75,0)+IF($X35=15,$K35*3,0) -> 0 | O35: =IF($X35=2,$K35,0)+IF($X35=4,$K35,0)+IF($X35=5,$K35,0)+IF($X35=6,$K35,0)+IF($X35=7,$K35,0)+IF($X35=10,$K35*2,0)+IF($X35=12,$K35*2,0)+IF($X35=14,$K35*2,0)+IF($X35=15,$K35*3,0)+IF($X35=21,$K35*3,0)+IF($X35<=1,$K35*$J35/21.75,0) -> 0 | P35: =IF($X35=3,$K35,0)+IF($X35=4,$K35,0)+IF($X35=5,$K35,0)+IF($X35=6,$K35,0)+IF($X35=7,$K35,0)+IF($X35=10,$K35*2,0)+IF($X35=12,$K35*2,0)+IF($X35=14,$K35*2,0)+IF($X35=21,$K35*3,0)+IF($X35<=1,$K35*$J35/21.75,0)+IF($X35=15,$K35*3,0) -> 0 | Q35: 0.75 | R35: =(IF($X35=6,$K35,)+IF($X35=7,$K35,)+IF($X35=12,$K35*2,)+IF($X35=18,$K35*3,)+IF($X35=21,$K35*3,)+IF($X35=14,$K35*2,))*Q35 -> 0 | S35: 0.75 | T35: =(IF($X35=7,$K35,)+IF($X35=21,$K35*3,)+IF($X35=14,$K35*2,))*S35 -> 0 | U35: =SUM(+L35+M35+N35+O35+P35+R35+T35) -> 0 | V35: =+U35*4.345 -> 0 | W35: =IF(V35="","",$W$4*V35) -> 0 | X35: =ROUND(J35/4.3452380952381,1) -> 0 | Y35: T | Z35: 1 | AA35: =+IF($Y35="M",$U35,IF($Y35="MT",$U35/2,IF(Y35="MN",$U35/2,IF($Y35="MTN",$U35/3,0))))*Z35 -> 0 | AB35: 1 | AC35: =+IF($Y35="T",$U35,IF($Y35="MT",$U35/2,IF($Y35="TN",$U35/2,IF($Y35="MTN",$U35/3,0))))*AB35 -> 0 | AD35: 1 | AE35: =+IF($Y35="N",$U35,IF($Y35="MN",$U35/2,IF($Y35="TN",$U35/2,IF($Y35="MTN",$U35/3,0))))*AD35 -> 0 | AG35: =+AF35/AH$4 -> #DIV/0! | AH35: =AG35*AG$4/12 -> #DIV/0! | AJ35: =+AI35/AK$4 -> #DIV/0! | AK35: =AJ35*AJ$4/12 -> #DIV/0! | AM35: =+AL35/AN$4 -> #DIV/0! | AN35: =AM35*AM$4/12 -> #DIV/0! | AP35: =+AO35/AQ$4 -> #DIV/0! | AQ35: =AP35*AP$4/12 -> #DIV/0! | AS35: =+AR35/AT$4 -> 0 | AT35: =AS35*AS$4/12 -> 0 | AV35: =+AU35/AW$4 -> #DIV/0! | AW35: =AV35*AV$4/12 -> #DIV/0! | AY35: =+AX35/AZ$4 -> 0 | AZ35: =AY35*AY$4/12 -> 0 | BA35: =+AH35+AK35+AN35+AQ35+AT35+AW35+AZ35 -> #DIV/0!
B36: Escola Jaume Balmes - Primaria | C36: P Primera | D36: Escales | F36: 10.66 | H36: Diario 5/7 | I36: =IF(H36=Tablas!$B$5,Tablas!$C$5,VLOOKUP(H36,Tablas!$B$5:$D$40,2,FALSE)) -> 19 | J36: =IF(I36=0,"",VLOOKUP(I36,Tablas!$C$5:$D$40,2,FALSE)) -> 21.72619 | K36: =IF(G36=0,"0",F36/G36) -> 0 | L36: =IF($X36=3,$K36,0)+IF($X36=4,$K36,0)+IF($X36=5,$K36,0)+IF($X36=6,$K36,0)+IF($X36=7,$K36,0)+IF($X36=10,$K36*2,0)+IF($X36=12,$K36*2,0)+IF($X36=14,$K36*2,0)+IF($X36=21,$K36*3,0)+IF($X36<=1,$K36*$J36/21.75,0)+IF($X36=15,$K36*3,0) -> 0 | M36: =IF($X36=2,$K36,0)+IF($X36=4,$K36,0)+IF($X36=5,$K36,0)+IF($X36=6,$K36,0)+IF($X36=7,$K36,0)+IF($X36=10,$K36*2,0)+IF($X36=12,$K36*2,0)+IF($X36=14,$K36*2,0)+IF($X36=15,$K36*3,0)+IF($X36=21,$K36*3,0)+IF($X36<=1,$K36*$J36/21.75,0) -> 0 | N36: =IF($X36=3,$K36,0)+IF($X36=4,$K36,0)+IF($X36=5,$K36,0)+IF($X36=6,$K36,0)+IF($X36=7,$K36,0)+IF($X36=10,$K36*2,0)+IF($X36=12,$K36*2,0)+IF($X36=14,$K36*2,0)+IF($X36=21,$K36*3,0)+IF($X36<=1,$K36*$J36/21.75,0)+IF($X36=15,$K36*3,0) -> 0 | O36: =IF($X36=2,$K36,0)+IF($X36=4,$K36,0)+IF($X36=5,$K36,0)+IF($X36=6,$K36,0)+IF($X36=7,$K36,0)+IF($X36=10,$K36*2,0)+IF($X36=12,$K36*2,0)+IF($X36=14,$K36*2,0)+IF($X36=15,$K36*3,0)+IF($X36=21,$K36*3,0)+IF($X36<=1,$K36*$J36/21.75,0) -> 0 | P36: =IF($X36=3,$K36,0)+IF($X36=4,$K36,0)+IF($X36=5,$K36,0)+IF($X36=6,$K36,0)+IF($X36=7,$K36,0)+IF($X36=10,$K36*2,0)+IF($X36=12,$K36*2,0)+IF($X36=14,$K36*2,0)+IF($X36=21,$K36*3,0)+IF($X36<=1,$K36*$J36/21.75,0)+IF($X36=15,$K36*3,0) -> 0 | Q36: 0.75 | R36: =(IF($X36=6,$K36,)+IF($X36=7,$K36,)+IF($X36=12,$K36*2,)+IF($X36=18,$K36*3,)+IF($X36=21,$K36*3,)+IF($X36=14,$K36*2,))*Q36 -> 0 | S36: 0.75 | T36: =(IF($X36=7,$K36,)+IF($X36=21,$K36*3,)+IF($X36=14,$K36*2,))*S36 -> 0 | U36: =SUM(+L36+M36+N36+O36+P36+R36+T36) -> 0 | V36: =+U36*4.345 -> 0 | W36: =IF(V36="","",$W$4*V36) -> 0 | X36: =ROUND(J36/4.3452380952381,1) -> 5 | Y36: T | Z36: 1 | AA36: =+IF($Y36="M",$U36,IF($Y36="MT",$U36/2,IF(Y36="MN",$U36/2,IF($Y36="MTN",$U36/3,0))))*Z36 -> 0 | AB36: 1 | AC36: =+IF($Y36="T",$U36,IF($Y36="MT",$U36/2,IF($Y36="TN",$U36/2,IF($Y36="MTN",$U36/3,0))))*AB36 -> 0 | AD36: 1 | AE36: =+IF($Y36="N",$U36,IF($Y36="MN",$U36/2,IF($Y36="TN",$U36/2,IF($Y36="MTN",$U36/3,0))))*AD36 -> 0 | AG36: =+AF36/AH$4 -> #DIV/0! | AH36: =AG36*AG$4/12 -> #DIV/0! | AI36: 4.05 | AJ36: =+AI36/AK$4 -> #DIV/0! | AK36: =AJ36*AJ$4/12 -> #DIV/0! | AL36: 10.66 | AM36: =+AL36/AN$4 -> #DIV/0! | AN36: =AM36*AM$4/12 -> #DIV/0! | AP36: =+AO36/AQ$4 -> #DIV/0! | AQ36: =AP36*AP$4/12 -> #DIV/0! | AS36: =+AR36/AT$4 -> 0 | AT36: =AS36*AS$4/12 -> 0 | AU36: 10.66 | AV36: =+AU36/AW$4 -> #DIV/0! | AW36: =AV36*AV$4/12 -> #DIV/0! | AY36: =+AX36/AZ$4 -> 0 | AZ36: =AY36*AY$4/12 -> 0 | BA36: =+AH36+AK36+AN36+AQ36+AT36+AW36+AZ36 -> #DIV/0!
B37: Escola Jaume Balmes - Primaria | C37: P Primera | D37: Aula artistica | E37: Terratzo | F37: 85.81 | H37: Diario 5/7 | I37: =IF(H37=Tablas!$B$5,Tablas!$C$5,VLOOKUP(H37,Tablas!$B$5:$D$40,2,FALSE)) -> 19 | J37: =IF(I37=0,"",VLOOKUP(I37,Tablas!$C$5:$D$40,2,FALSE)) -> 21.72619 | K37: =IF(G37=0,"0",F37/G37) -> 0 | L37: =IF($X37=3,$K37,0)+IF($X37=4,$K37,0)+IF($X37=5,$K37,0)+IF($X37=6,$K37,0)+IF($X37=7,$K37,0)+IF($X37=10,$K37*2,0)+IF($X37=12,$K37*2,0)+IF($X37=14,$K37*2,0)+IF($X37=21,$K37*3,0)+IF($X37<=1,$K37*$J37/21.75,0)+IF($X37=15,$K37*3,0) -> 0 | M37: =IF($X37=2,$K37,0)+IF($X37=4,$K37,0)+IF($X37=5,$K37,0)+IF($X37=6,$K37,0)+IF($X37=7,$K37,0)+IF($X37=10,$K37*2,0)+IF($X37=12,$K37*2,0)+IF($X37=14,$K37*2,0)+IF($X37=15,$K37*3,0)+IF($X37=21,$K37*3,0)+IF($X37<=1,$K37*$J37/21.75,0) -> 0 | N37: =IF($X37=3,$K37,0)+IF($X37=4,$K37,0)+IF($X37=5,$K37,0)+IF($X37=6,$K37,0)+IF($X37=7,$K37,0)+IF($X37=10,$K37*2,0)+IF($X37=12,$K37*2,0)+IF($X37=14,$K37*2,0)+IF($X37=21,$K37*3,0)+IF($X37<=1,$K37*$J37/21.75,0)+IF($X37=15,$K37*3,0) -> 0 | O37: =IF($X37=2,$K37,0)+IF($X37=4,$K37,0)+IF($X37=5,$K37,0)+IF($X37=6,$K37,0)+IF($X37=7,$K37,0)+IF($X37=10,$K37*2,0)+IF($X37=12,$K37*2,0)+IF($X37=14,$K37*2,0)+IF($X37=15,$K37*3,0)+IF($X37=21,$K37*3,0)+IF($X37<=1,$K37*$J37/21.75,0) -> 0 | P37: =IF($X37=3,$K37,0)+IF($X37=4,$K37,0)+IF($X37=5,$K37,0)+IF($X37=6,$K37,0)+IF($X37=7,$K37,0)+IF($X37=10,$K37*2,0)+IF($X37=12,$K37*2,0)+IF($X37=14,$K37*2,0)+IF($X37=21,$K37*3,0)+IF($X37<=1,$K37*$J37/21.75,0)+IF($X37=15,$K37*3,0) -> 0 | Q37: 0.75 | R37: =(IF($X37=6,$K37,)+IF($X37=7,$K37,)+IF($X37=12,$K37*2,)+IF($X37=18,$K37*3,)+IF($X37=21,$K37*3,)+IF($X37=14,$K37*2,))*Q37 -> 0 | S37: 0.75 | T37: =(IF($X37=7,$K37,)+IF($X37=21,$K37*3,)+IF($X37=14,$K37*2,))*S37 -> 0 | U37: =SUM(+L37+M37+N37+O37+P37+R37+T37) -> 0 | V37: =+U37*4.345 -> 0 | W37: =IF(V37="","",$W$4*V37) -> 0 | X37: =ROUND(J37/4.3452380952381,1) -> 5 | Y37: T | Z37: 1 | AA37: =+IF($Y37="M",$U37,IF($Y37="MT",$U37/2,IF(Y37="MN",$U37/2,IF($Y37="MTN",$U37/3,0))))*Z37 -> 0 | AB37: 1 | AC37: =+IF($Y37="T",$U37,IF($Y37="MT",$U37/2,IF($Y37="TN",$U37/2,IF($Y37="MTN",$U37/3,0))))*AB37 -> 0 | AD37: 1 | AE37: =+IF($Y37="N",$U37,IF($Y37="MN",$U37/2,IF($Y37="TN",$U37/2,IF($Y37="MTN",$U37/3,0))))*AD37 -> 0 | AG37: =+AF37/AH$4 -> #DIV/0! | AH37: =AG37*AG$4/12 -> #DIV/0! | AI37: 12.15 | AJ37: =+AI37/AK$4 -> #DIV/0! | AK37: =AJ37*AJ$4/12 -> #DIV/0! | AL37: 85.81 | AM37: =+AL37/AN$4 -> #DIV/0! | AN37: =AM37*AM$4/12 -> #DIV/0! | AP37: =+AO37/AQ$4 -> #DIV/0! | AQ37: =AP37*AP$4/12 -> #DIV/0! | AS37: =+AR37/AT$4 -> 0 | AT37: =AS37*AS$4/12 -> 0 | AU37: 85.81 | AV37: =+AU37/AW$4 -> #DIV/0! | AW37: =AV37*AV$4/12 -> #DIV/0! | AY37: =+AX37/AZ$4 -> 0 | AZ37: =AY37*AY$4/12 -> 0 | BA37: =+AH37+AK37+AN37+AQ37+AT37+AW37+AZ37 -> #DIV/0!
B38: Escola Jaume Balmes - Primaria | C38: P Primera | D38: Magatzem | E38: Terratzo | F38: 42.39 | H38: Mensual | I38: =IF(H38=Tablas!$B$5,Tablas!$C$5,VLOOKUP(H38,Tablas!$B$5:$D$40,2,FALSE)) -> 29 | J38: =IF(I38=0,"",VLOOKUP(I38,Tablas!$C$5:$D$40,2,FALSE)) -> 1 | K38: =IF(G38=0,"0",F38/G38) -> 0 | L38: =IF($X38=3,$K38,0)+IF($X38=4,$K38,0)+IF($X38=5,$K38,0)+IF($X38=6,$K38,0)+IF($X38=7,$K38,0)+IF($X38=10,$K38*2,0)+IF($X38=12,$K38*2,0)+IF($X38=14,$K38*2,0)+IF($X38=21,$K38*3,0)+IF($X38<=1,$K38*$J38/21.75,0)+IF($X38=15,$K38*3,0) -> 0 | M38: =IF($X38=2,$K38,0)+IF($X38=4,$K38,0)+IF($X38=5,$K38,0)+IF($X38=6,$K38,0)+IF($X38=7,$K38,0)+IF($X38=10,$K38*2,0)+IF($X38=12,$K38*2,0)+IF($X38=14,$K38*2,0)+IF($X38=15,$K38*3,0)+IF($X38=21,$K38*3,0)+IF($X38<=1,$K38*$J38/21.75,0) -> 0 | N38: =IF($X38=3,$K38,0)+IF($X38=4,$K38,0)+IF($X38=5,$K38,0)+IF($X38=6,$K38,0)+IF($X38=7,$K38,0)+IF($X38=10,$K38*2,0)+IF($X38=12,$K38*2,0)+IF($X38=14,$K38*2,0)+IF($X38=21,$K38*3,0)+IF($X38<=1,$K38*$J38/21.75,0)+IF($X38=15,$K38*3,0) -> 0 | O38: =IF($X38=2,$K38,0)+IF($X38=4,$K38,0)+IF($X38=5,$K38,0)+IF($X38=6,$K38,0)+IF($X38=7,$K38,0)+IF($X38=10,$K38*2,0)+IF($X38=12,$K38*2,0)+IF($X38=14,$K38*2,0)+IF($X38=15,$K38*3,0)+IF($X38=21,$K38*3,0)+IF($X38<=1,$K38*$J38/21.75,0) -> 0 | P38: =IF($X38=3,$K38,0)+IF($X38=4,$K38,0)+IF($X38=5,$K38,0)+IF($X38=6,$K38,0)+IF($X38=7,$K38,0)+IF($X38=10,$K38*2,0)+IF($X38=12,$K38*2,0)+IF($X38=14,$K38*2,0)+IF($X38=21,$K38*3,0)+IF($X38<=1,$K38*$J38/21.75,0)+IF($X38=15,$K38*3,0) -> 0 | Q38: 0.75 | R38: =(IF($X38=6,$K38,)+IF($X38=7,$K38,)+IF($X38=12,$K38*2,)+IF($X38=18,$K38*3,)+IF($X38=21,$K38*3,)+IF($X38=14,$K38*2,))*Q38 -> 0 | S38: 0.75 | T38: =(IF($X38=7,$K38,)+IF($X38=21,$K38*3,)+IF($X38=14,$K38*2,))*S38 -> 0 | U38: =SUM(+L38+M38+N38+O38+P38+R38+T38) -> 0 | V38: =+U38*4.345 -> 0 | W38: =IF(V38="","",$W$4*V38) -> 0 | X38: =ROUND(J38/4.3452380952381,1) -> 0.2 | Y38: T | Z38: 1 | AA38: =+IF($Y38="M",$U38,IF($Y38="MT",$U38/2,IF(Y38="MN",$U38/2,IF($Y38="MTN",$U38/3,0))))*Z38 -> 0 | AB38: 1 | AC38: =+IF($Y38="T",$U38,IF($Y38="MT",$U38/2,IF($Y38="TN",$U38/2,IF($Y38="MTN",$U38/3,0))))*AB38 -> 0 | AD38: 1 | AE38: =+IF($Y38="N",$U38,IF($Y38="MN",$U38/2,IF($Y38="TN",$U38/2,IF($Y38="MTN",$U38/3,0))))*AD38 -> 0 | AG38: =+AF38/AH$4 -> #DIV/0! | AH38: =AG38*AG$4/12 -> #DIV/0! | AI38: 4.05 | AJ38: =+AI38/AK$4 -> #DIV/0! | AK38: =AJ38*AJ$4/12 -> #DIV/0! | AL38: 42.39 | AM38: =+AL38/AN$4 -> #DIV/0! | AN38: =AM38*AM$4/12 -> #DIV/0! | AP38: =+AO38/AQ$4 -> #DIV/0! | AQ38: =AP38*AP$4/12 -> #DIV/0! | AS38: =+AR38/AT$4 -> 0 | AT38: =AS38*AS$4/12 -> 0 | AU38: 42.39 | AV38: =+AU38/AW$4 -> #DIV/0! | AW38: =AV38*AV$4/12 -> #DIV/0! | AY38: =+AX38/AZ$4 -> 0 | AZ38: =AY38*AY$4/12 -> 0 | BA38: =+AH38+AK38+AN38+AQ38+AT38+AW38+AZ38 -> #DIV/0!
B39: Escola Jaume Balmes - Primaria | C39: P Primera | D39: Aula de musica-escenari | F39: 76.8 | H39: Diario 5/7 | I39: =IF(H39=Tablas!$B$5,Tablas!$C$5,VLOOKUP(H39,Tablas!$B$5:$D$40,2,FALSE)) -> 19 | J39: =IF(I39=0,"",VLOOKUP(I39,Tablas!$C$5:$D$40,2,FALSE)) -> 21.72619 | K39: =IF(G39=0,"0",F39/G39) -> 0 | L39: =IF($X39=3,$K39,0)+IF($X39=4,$K39,0)+IF($X39=5,$K39,0)+IF($X39=6,$K39,0)+IF($X39=7,$K39,0)+IF($X39=10,$K39*2,0)+IF($X39=12,$K39*2,0)+IF($X39=14,$K39*2,0)+IF($X39=21,$K39*3,0)+IF($X39<=1,$K39*$J39/21.75,0)+IF($X39=15,$K39*3,0) -> 0 | M39: =IF($X39=2,$K39,0)+IF($X39=4,$K39,0)+IF($X39=5,$K39,0)+IF($X39=6,$K39,0)+IF($X39=7,$K39,0)+IF($X39=10,$K39*2,0)+IF($X39=12,$K39*2,0)+IF($X39=14,$K39*2,0)+IF($X39=15,$K39*3,0)+IF($X39=21,$K39*3,0)+IF($X39<=1,$K39*$J39/21.75,0) -> 0 | N39: =IF($X39=3,$K39,0)+IF($X39=4,$K39,0)+IF($X39=5,$K39,0)+IF($X39=6,$K39,0)+IF($X39=7,$K39,0)+IF($X39=10,$K39*2,0)+IF($X39=12,$K39*2,0)+IF($X39=14,$K39*2,0)+IF($X39=21,$K39*3,0)+IF($X39<=1,$K39*$J39/21.75,0)+IF($X39=15,$K39*3,0) -> 0 | O39: =IF($X39=2,$K39,0)+IF($X39=4,$K39,0)+IF($X39=5,$K39,0)+IF($X39=6,$K39,0)+IF($X39=7,$K39,0)+IF($X39=10,$K39*2,0)+IF($X39=12,$K39*2,0)+IF($X39=14,$K39*2,0)+IF($X39=15,$K39*3,0)+IF($X39=21,$K39*3,0)+IF($X39<=1,$K39*$J39/21.75,0) -> 0 | P39: =IF($X39=3,$K39,0)+IF($X39=4,$K39,0)+IF($X39=5,$K39,0)+IF($X39=6,$K39,0)+IF($X39=7,$K39,0)+IF($X39=10,$K39*2,0)+IF($X39=12,$K39*2,0)+IF($X39=14,$K39*2,0)+IF($X39=21,$K39*3,0)+IF($X39<=1,$K39*$J39/21.75,0)+IF($X39=15,$K39*3,0) -> 0 | Q39: 0.75 | R39: =(IF($X39=6,$K39,)+IF($X39=7,$K39,)+IF($X39=12,$K39*2,)+IF($X39=18,$K39*3,)+IF($X39=21,$K39*3,)+IF($X39=14,$K39*2,))*Q39 -> 0 | S39: 0.75 | T39: =(IF($X39=7,$K39,)+IF($X39=21,$K39*3,)+IF($X39=14,$K39*2,))*S39 -> 0 | U39: =SUM(+L39+M39+N39+O39+P39+R39+T39) -> 0 | V39: =+U39*4.345 -> 0 | W39: =IF(V39="","",$W$4*V39) -> 0 | X39: =ROUND(J39/4.3452380952381,1) -> 5 | Y39: T | Z39: 1 | AA39: =+IF($Y39="M",$U39,IF($Y39="MT",$U39/2,IF(Y39="MN",$U39/2,IF($Y39="MTN",$U39/3,0))))*Z39 -> 0 | AB39: 1 | AC39: =+IF($Y39="T",$U39,IF($Y39="MT",$U39/2,IF($Y39="TN",$U39/2,IF($Y39="MTN",$U39/3,0))))*AB39 -> 0 | AD39: 1 | AE39: =+IF($Y39="N",$U39,IF($Y39="MN",$U39/2,IF($Y39="TN",$U39/2,IF($Y39="MTN",$U39/3,0))))*AD39 -> 0 | AF39: 12.826 | AG39: =+AF39/AH$4 -> #DIV/0! | AH39: =AG39*AG$4/12 -> #DIV/0! | AI39: 6.75 | AJ39: =+AI39/AK$4 -> #DIV/0! | AK39: =AJ39*AJ$4/12 -> #DIV/0! | AL39: 76.8 | AM39: =+AL39/AN$4 -> #DIV/0! | AN39: =AM39*AM$4/12 -> #DIV/0! | AP39: =+AO39/AQ$4 -> #DIV/0! | AQ39: =AP39*AP$4/12 -> #DIV/0! | AS39: =+AR39/AT$4 -> 0 | AT39: =AS39*AS$4/12 -> 0 | AU39: 76.8 | AV39: =+AU39/AW$4 -> #DIV/0! | AW39: =AV39*AV$4/12 -> #DIV/0! | AY39: =+AX39/AZ$4 -> 0 | AZ39: =AY39*AY$4/12 -> 0 | BA39: =+AH39+AK39+AN39+AQ39+AT39+AW39+AZ39 -> #DIV/0!
B40: Escola Jaume Balmes - Primaria | C40: P Primera | D40: Aula | E40: Terratzo | F40: 26.63 | H40: Mensual | I40: =IF(H40=Tablas!$B$5,Tablas!$C$5,VLOOKUP(H40,Tablas!$B$5:$D$40,2,FALSE)) -> 29 | J40: =IF(I40=0,"",VLOOKUP(I40,Tablas!$C$5:$D$40,2,FALSE)) -> 1 | K40: =IF(G40=0,"0",F40/G40) -> 0 | L40: =IF($X40=3,$K40,0)+IF($X40=4,$K40,0)+IF($X40=5,$K40,0)+IF($X40=6,$K40,0)+IF($X40=7,$K40,0)+IF($X40=10,$K40*2,0)+IF($X40=12,$K40*2,0)+IF($X40=14,$K40*2,0)+IF($X40=21,$K40*3,0)+IF($X40<=1,$K40*$J40/21.75,0)+IF($X40=15,$K40*3,0) -> 0 | M40: =IF($X40=2,$K40,0)+IF($X40=4,$K40,0)+IF($X40=5,$K40,0)+IF($X40=6,$K40,0)+IF($X40=7,$K40,0)+IF($X40=10,$K40*2,0)+IF($X40=12,$K40*2,0)+IF($X40=14,$K40*2,0)+IF($X40=15,$K40*3,0)+IF($X40=21,$K40*3,0)+IF($X40<=1,$K40*$J40/21.75,0) -> 0 | N40: =IF($X40=3,$K40,0)+IF($X40=4,$K40,0)+IF($X40=5,$K40,0)+IF($X40=6,$K40,0)+IF($X40=7,$K40,0)+IF($X40=10,$K40*2,0)+IF($X40=12,$K40*2,0)+IF($X40=14,$K40*2,0)+IF($X40=21,$K40*3,0)+IF($X40<=1,$K40*$J40/21.75,0)+IF($X40=15,$K40*3,0) -> 0 | O40: =IF($X40=2,$K40,0)+IF($X40=4,$K40,0)+IF($X40=5,$K40,0)+IF($X40=6,$K40,0)+IF($X40=7,$K40,0)+IF($X40=10,$K40*2,0)+IF($X40=12,$K40*2,0)+IF($X40=14,$K40*2,0)+IF($X40=15,$K40*3,0)+IF($X40=21,$K40*3,0)+IF($X40<=1,$K40*$J40/21.75,0) -> 0 | P40: =IF($X40=3,$K40,0)+IF($X40=4,$K40,0)+IF($X40=5,$K40,0)+IF($X40=6,$K40,0)+IF($X40=7,$K40,0)+IF($X40=10,$K40*2,0)+IF($X40=12,$K40*2,0)+IF($X40=14,$K40*2,0)+IF($X40=21,$K40*3,0)+IF($X40<=1,$K40*$J40/21.75,0)+IF($X40=15,$K40*3,0) -> 0 | Q40: 0.75 | R40: =(IF($X40=6,$K40,)+IF($X40=7,$K40,)+IF($X40=12,$K40*2,)+IF($X40=18,$K40*3,)+IF($X40=21,$K40*3,)+IF($X40=14,$K40*2,))*Q40 -> 0 | S40: 0.75 | T40: =(IF($X40=7,$K40,)+IF($X40=21,$K40*3,)+IF($X40=14,$K40*2,))*S40 -> 0 | U40: =SUM(+L40+M40+N40+O40+P40+R40+T40) -> 0 | V40: =+U40*4.345 -> 0 | W40: =IF(V40="","",$W$4*V40) -> 0 | X40: =ROUND(J40/4.3452380952381,1) -> 0.2 | Y40: T | Z40: 1 | AA40: =+IF($Y40="M",$U40,IF($Y40="MT",$U40/2,IF(Y40="MN",$U40/2,IF($Y40="MTN",$U40/3,0))))*Z40 -> 0 | AB40: 1 | AC40: =+IF($Y40="T",$U40,IF($Y40="MT",$U40/2,IF($Y40="TN",$U40/2,IF($Y40="MTN",$U40/3,0))))*AB40 -> 0 | AD40: 1 | AE40: =+IF($Y40="N",$U40,IF($Y40="MN",$U40/2,IF($Y40="TN",$U40/2,IF($Y40="MTN",$U40/3,0))))*AD40 -> 0 | AG40: =+AF40/AH$4 -> #DIV/0! | AH40: =AG40*AG$4/12 -> #DIV/0! | AI40: 2.7 | AJ40: =+AI40/AK$4 -> #DIV/0! | AK40: =AJ40*AJ$4/12 -> #DIV/0! | AL40: 26.63 | AM40: =+AL40/AN$4 -> #DIV/0! | AN40: =AM40*AM$4/12 -> #DIV/0! | AP40: =+AO40/AQ$4 -> #DIV/0! | AQ40: =AP40*AP$4/12 -> #DIV/0! | AS40: =+AR40/AT$4 -> 0 | AT40: =AS40*AS$4/12 -> 0 | AU40: 26.63 | AV40: =+AU40/AW$4 -> #DIV/0! | AW40: =AV40*AV$4/12 -> #DIV/0! | AY40: =+AX40/AZ$4 -> 0 | AZ40: =AY40*AY$4/12 -> 0 | BA40: =+AH40+AK40+AN40+AQ40+AT40+AW40+AZ40 -> #DIV/0!
B41: Escola Jaume Balmes - Primaria | C41: P Primera | D41: Ascensor | F41: 3.5 | H41: Diario 5/7 | I41: =IF(H41=Tablas!$B$5,Tablas!$C$5,VLOOKUP(H41,Tablas!$B$5:$D$40,2,FALSE)) -> 19 | J41: =IF(I41=0,"",VLOOKUP(I41,Tablas!$C$5:$D$40,2,FALSE)) -> 21.72619 | K41: =IF(G41=0,"0",F41/G41) -> 0 | L41: =IF($X41=3,$K41,0)+IF($X41=4,$K41,0)+IF($X41=5,$K41,0)+IF($X41=6,$K41,0)+IF($X41=7,$K41,0)+IF($X41=10,$K41*2,0)+IF($X41=12,$K41*2,0)+IF($X41=14,$K41*2,0)+IF($X41=21,$K41*3,0)+IF($X41<=1,$K41*$J41/21.75,0)+IF($X41=15,$K41*3,0) -> 0 | M41: =IF($X41=2,$K41,0)+IF($X41=4,$K41,0)+IF($X41=5,$K41,0)+IF($X41=6,$K41,0)+IF($X41=7,$K41,0)+IF($X41=10,$K41*2,0)+IF($X41=12,$K41*2,0)+IF($X41=14,$K41*2,0)+IF($X41=15,$K41*3,0)+IF($X41=21,$K41*3,0)+IF($X41<=1,$K41*$J41/21.75,0) -> 0 | N41: =IF($X41=3,$K41,0)+IF($X41=4,$K41,0)+IF($X41=5,$K41,0)+IF($X41=6,$K41,0)+IF($X41=7,$K41,0)+IF($X41=10,$K41*2,0)+IF($X41=12,$K41*2,0)+IF($X41=14,$K41*2,0)+IF($X41=21,$K41*3,0)+IF($X41<=1,$K41*$J41/21.75,0)+IF($X41=15,$K41*3,0) -> 0 | O41: =IF($X41=2,$K41,0)+IF($X41=4,$K41,0)+IF($X41=5,$K41,0)+IF($X41=6,$K41,0)+IF($X41=7,$K41,0)+IF($X41=10,$K41*2,0)+IF($X41=12,$K41*2,0)+IF($X41=14,$K41*2,0)+IF($X41=15,$K41*3,0)+IF($X41=21,$K41*3,0)+IF($X41<=1,$K41*$J41/21.75,0) -> 0 | P41: =IF($X41=3,$K41,0)+IF($X41=4,$K41,0)+IF($X41=5,$K41,0)+IF($X41=6,$K41,0)+IF($X41=7,$K41,0)+IF($X41=10,$K41*2,0)+IF($X41=12,$K41*2,0)+IF($X41=14,$K41*2,0)+IF($X41=21,$K41*3,0)+IF($X41<=1,$K41*$J41/21.75,0)+IF($X41=15,$K41*3,0) -> 0 | Q41: 0.75 | R41: =(IF($X41=6,$K41,)+IF($X41=7,$K41,)+IF($X41=12,$K41*2,)+IF($X41=18,$K41*3,)+IF($X41=21,$K41*3,)+IF($X41=14,$K41*2,))*Q41 -> 0 | S41: 0.75 | T41: =(IF($X41=7,$K41,)+IF($X41=21,$K41*3,)+IF($X41=14,$K41*2,))*S41 -> 0 | U41: =SUM(+L41+M41+N41+O41+P41+R41+T41) -> 0 | V41: =+U41*4.345 -> 0 | W41: =IF(V41="","",$W$4*V41) -> 0 | X41: =ROUND(J41/4.3452380952381,1) -> 5 | Y41: T | Z41: 1 | AA41: =+IF($Y41="M",$U41,IF($Y41="MT",$U41/2,IF(Y41="MN",$U41/2,IF($Y41="MTN",$U41/3,0))))*Z41 -> 0 | AB41: 1 | AC41: =+IF($Y41="T",$U41,IF($Y41="MT",$U41/2,IF($Y41="TN",$U41/2,IF($Y41="MTN",$U41/3,0))))*AB41 -> 0 | AD41: 1 | AE41: =+IF($Y41="N",$U41,IF($Y41="MN",$U41/2,IF($Y41="TN",$U41/2,IF($Y41="MTN",$U41/3,0))))*AD41 -> 0 | AG41: =+AF41/AH$4 -> #DIV/0! | AH41: =AG41*AG$4/12 -> #DIV/0! | AJ41: =+AI41/AK$4 -> #DIV/0! | AK41: =AJ41*AJ$4/12 -> #DIV/0! | AL41: 3.5 | AM41: =+AL41/AN$4 -> #DIV/0! | AN41: =AM41*AM$4/12 -> #DIV/0! | AP41: =+AO41/AQ$4 -> #DIV/0! | AQ41: =AP41*AP$4/12 -> #DIV/0! | AS41: =+AR41/AT$4 -> 0 | AT41: =AS41*AS$4/12 -> 0 | AU41: 3.5 | AV41: =+AU41/AW$4 -> #DIV/0! | AW41: =AV41*AV$4/12 -> #DIV/0! | AY41: =+AX41/AZ$4 -> 0 | AZ41: =AY41*AY$4/12 -> 0 | BA41: =+AH41+AK41+AN41+AQ41+AT41+AW41+AZ41 -> #DIV/0!
B42: Escola Jaume Balmes - Primaria | C42: P Primera | D42: Aula 3er | E42: Terratzo | F42: 47.78 | H42: Diario 5/7 | I42: =IF(H42=Tablas!$B$5,Tablas!$C$5,VLOOKUP(H42,Tablas!$B$5:$D$40,2,FALSE)) -> 19 | J42: =IF(I42=0,"",VLOOKUP(I42,Tablas!$C$5:$D$40,2,FALSE)) -> 21.72619 | K42: =IF(G42=0,"0",F42/G42) -> 0 | L42: =IF($X42=3,$K42,0)+IF($X42=4,$K42,0)+IF($X42=5,$K42,0)+IF($X42=6,$K42,0)+IF($X42=7,$K42,0)+IF($X42=10,$K42*2,0)+IF($X42=12,$K42*2,0)+IF($X42=14,$K42*2,0)+IF($X42=21,$K42*3,0)+IF($X42<=1,$K42*$J42/21.75,0)+IF($X42=15,$K42*3,0) -> 0 | M42: =IF($X42=2,$K42,0)+IF($X42=4,$K42,0)+IF($X42=5,$K42,0)+IF($X42=6,$K42,0)+IF($X42=7,$K42,0)+IF($X42=10,$K42*2,0)+IF($X42=12,$K42*2,0)+IF($X42=14,$K42*2,0)+IF($X42=15,$K42*3,0)+IF($X42=21,$K42*3,0)+IF($X42<=1,$K42*$J42/21.75,0) -> 0 | N42: =IF($X42=3,$K42,0)+IF($X42=4,$K42,0)+IF($X42=5,$K42,0)+IF($X42=6,$K42,0)+IF($X42=7,$K42,0)+IF($X42=10,$K42*2,0)+IF($X42=12,$K42*2,0)+IF($X42=14,$K42*2,0)+IF($X42=21,$K42*3,0)+IF($X42<=1,$K42*$J42/21.75,0)+IF($X42=15,$K42*3,0) -> 0 | O42: =IF($X42=2,$K42,0)+IF($X42=4,$K42,0)+IF($X42=5,$K42,0)+IF($X42=6,$K42,0)+IF($X42=7,$K42,0)+IF($X42=10,$K42*2,0)+IF($X42=12,$K42*2,0)+IF($X42=14,$K42*2,0)+IF($X42=15,$K42*3,0)+IF($X42=21,$K42*3,0)+IF($X42<=1,$K42*$J42/21.75,0) -> 0 | P42: =IF($X42=3,$K42,0)+IF($X42=4,$K42,0)+IF($X42=5,$K42,0)+IF($X42=6,$K42,0)+IF($X42=7,$K42,0)+IF($X42=10,$K42*2,0)+IF($X42=12,$K42*2,0)+IF($X42=14,$K42*2,0)+IF($X42=21,$K42*3,0)+IF($X42<=1,$K42*$J42/21.75,0)+IF($X42=15,$K42*3,0) -> 0 | Q42: 0.75 | R42: =(IF($X42=6,$K42,)+IF($X42=7,$K42,)+IF($X42=12,$K42*2,)+IF($X42=18,$K42*3,)+IF($X42=21,$K42*3,)+IF($X42=14,$K42*2,))*Q42 -> 0 | S42: 0.75 | T42: =(IF($X42=7,$K42,)+IF($X42=21,$K42*3,)+IF($X42=14,$K42*2,))*S42 -> 0 | U42: =SUM(+L42+M42+N42+O42+P42+R42+T42) -> 0 | V42: =+U42*4.345 -> 0 | W42: =IF(V42="","",$W$4*V42) -> 0 | X42: =ROUND(J42/4.3452380952381,1) -> 5 | Y42: T | Z42: 1 | AA42: =+IF($Y42="M",$U42,IF($Y42="MT",$U42/2,IF(Y42="MN",$U42/2,IF($Y42="MTN",$U42/3,0))))*Z42 -> 0 | AB42: 1 | AC42: =+IF($Y42="T",$U42,IF($Y42="MT",$U42/2,IF($Y42="TN",$U42/2,IF($Y42="MTN",$U42/3,0))))*AB42 -> 0 | AD42: 1 | AE42: =+IF($Y42="N",$U42,IF($Y42="MN",$U42/2,IF($Y42="TN",$U42/2,IF($Y42="MTN",$U42/3,0))))*AD42 -> 0 | AF42: 1.8 | AG42: =+AF42/AH$4 -> #DIV/0! | AH42: =AG42*AG$4/12 -> #DIV/0! | AI42: 8.1 | AJ42: =+AI42/AK$4 -> #DIV/0! | AK42: =AJ42*AJ$4/12 -> #DIV/0! | AL42: 47.78 | AM42: =+AL42/AN$4 -> #DIV/0! | AN42: =AM42*AM$4/12 -> #DIV/0! | AP42: =+AO42/AQ$4 -> #DIV/0! | AQ42: =AP42*AP$4/12 -> #DIV/0! | AS42: =+AR42/AT$4 -> 0 | AT42: =AS42*AS$4/12 -> 0 | AU42: 47.78 | AV42: =+AU42/AW$4 -> #DIV/0! | AW42: =AV42*AV$4/12 -> #DIV/0! | AY42: =+AX42/AZ$4 -> 0 | AZ42: =AY42*AY$4/12 -> 0 | BA42: =+AH42+AK42+AN42+AQ42+AT42+AW42+AZ42 -> #DIV/0!
B43: Escola Jaume Balmes - Primaria | C43: P Primera | D43: Aula 3er | E43: Terratzo | F43: 48.32 | H43: Diario 5/7 | I43: =IF(H43=Tablas!$B$5,Tablas!$C$5,VLOOKUP(H43,Tablas!$B$5:$D$40,2,FALSE)) -> 19 | J43: =IF(I43=0,"",VLOOKUP(I43,Tablas!$C$5:$D$40,2,FALSE)) -> 21.72619 | K43: =IF(G43=0,"0",F43/G43) -> 0 | L43: =IF($X43=3,$K43,0)+IF($X43=4,$K43,0)+IF($X43=5,$K43,0)+IF($X43=6,$K43,0)+IF($X43=7,$K43,0)+IF($X43=10,$K43*2,0)+IF($X43=12,$K43*2,0)+IF($X43=14,$K43*2,0)+IF($X43=21,$K43*3,0)+IF($X43<=1,$K43*$J43/21.75,0)+IF($X43=15,$K43*3,0) -> 0 | M43: =IF($X43=2,$K43,0)+IF($X43=4,$K43,0)+IF($X43=5,$K43,0)+IF($X43=6,$K43,0)+IF($X43=7,$K43,0)+IF($X43=10,$K43*2,0)+IF($X43=12,$K43*2,0)+IF($X43=14,$K43*2,0)+IF($X43=15,$K43*3,0)+IF($X43=21,$K43*3,0)+IF($X43<=1,$K43*$J43/21.75,0) -> 0 | N43: =IF($X43=3,$K43,0)+IF($X43=4,$K43,0)+IF($X43=5,$K43,0)+IF($X43=6,$K43,0)+IF($X43=7,$K43,0)+IF($X43=10,$K43*2,0)+IF($X43=12,$K43*2,0)+IF($X43=14,$K43*2,0)+IF($X43=21,$K43*3,0)+IF($X43<=1,$K43*$J43/21.75,0)+IF($X43=15,$K43*3,0) -> 0 | O43: =IF($X43=2,$K43,0)+IF($X43=4,$K43,0)+IF($X43=5,$K43,0)+IF($X43=6,$K43,0)+IF($X43=7,$K43,0)+IF($X43=10,$K43*2,0)+IF($X43=12,$K43*2,0)+IF($X43=14,$K43*2,0)+IF($X43=15,$K43*3,0)+IF($X43=21,$K43*3,0)+IF($X43<=1,$K43*$J43/21.75,0) -> 0 | P43: =IF($X43=3,$K43,0)+IF($X43=4,$K43,0)+IF($X43=5,$K43,0)+IF($X43=6,$K43,0)+IF($X43=7,$K43,0)+IF($X43=10,$K43*2,0)+IF($X43=12,$K43*2,0)+IF($X43=14,$K43*2,0)+IF($X43=21,$K43*3,0)+IF($X43<=1,$K43*$J43/21.75,0)+IF($X43=15,$K43*3,0) -> 0 | Q43: 0.75 | R43: =(IF($X43=6,$K43,)+IF($X43=7,$K43,)+IF($X43=12,$K43*2,)+IF($X43=18,$K43*3,)+IF($X43=21,$K43*3,)+IF($X43=14,$K43*2,))*Q43 -> 0 | S43: 0.75 | T43: =(IF($X43=7,$K43,)+IF($X43=21,$K43*3,)+IF($X43=14,$K43*2,))*S43 -> 0 | U43: =SUM(+L43+M43+N43+O43+P43+R43+T43) -> 0 | V43: =+U43*4.345 -> 0 | W43: =IF(V43="","",$W$4*V43) -> 0 | X43: =ROUND(J43/4.3452380952381,1) -> 5 | Y43: T | Z43: 1 | AA43: =+IF($Y43="M",$U43,IF($Y43="MT",$U43/2,IF(Y43="MN",$U43/2,IF($Y43="MTN",$U43/3,0))))*Z43 -> 0 | AB43: 1 | AC43: =+IF($Y43="T",$U43,IF($Y43="MT",$U43/2,IF($Y43="TN",$U43/2,IF($Y43="MTN",$U43/3,0))))*AB43 -> 0 | AD43: 1 | AE43: =+IF($Y43="N",$U43,IF($Y43="MN",$U43/2,IF($Y43="TN",$U43/2,IF($Y43="MTN",$U43/3,0))))*AD43 -> 0 | AF43: 1.8 | AG43: =+AF43/AH$4 -> #DIV/0! | AH43: =AG43*AG$4/12 -> #DIV/0! | AI43: 8.1 | AJ43: =+AI43/AK$4 -> #DIV/0! | AK43: =AJ43*AJ$4/12 -> #DIV/0! | AL43: 48.32 | AM43: =+AL43/AN$4 -> #DIV/0! | AN43: =AM43*AM$4/12 -> #DIV/0! | AP43: =+AO43/AQ$4 -> #DIV/0! | AQ43: =AP43*AP$4/12 -> #DIV/0! | AS43: =+AR43/AT$4 -> 0 | AT43: =AS43*AS$4/12 -> 0 | AU43: 48.32 | AV43: =+AU43/AW$4 -> #DIV/0! | AW43: =AV43*AV$4/12 -> #DIV/0! | AY43: =+AX43/AZ$4 -> 0 | AZ43: =AY43*AY$4/12 -> 0 | BA43: =+AH43+AK43+AN43+AQ43+AT43+AW43+AZ43 -> #DIV/0!
B44: Escola Jaume Balmes - Primaria | C44: P Primera | D44: Magatzem material | E44: Terratzo | F44: 9.92 | H44: Mensual | I44: =IF(H44=Tablas!$B$5,Tablas!$C$5,VLOOKUP(H44,Tablas!$B$5:$D$40,2,FALSE)) -> 29 | J44: =IF(I44=0,"",VLOOKUP(I44,Tablas!$C$5:$D$40,2,FALSE)) -> 1 | K44: =IF(G44=0,"0",F44/G44) -> 0 | L44: =IF($X44=3,$K44,0)+IF($X44=4,$K44,0)+IF($X44=5,$K44,0)+IF($X44=6,$K44,0)+IF($X44=7,$K44,0)+IF($X44=10,$K44*2,0)+IF($X44=12,$K44*2,0)+IF($X44=14,$K44*2,0)+IF($X44=21,$K44*3,0)+IF($X44<=1,$K44*$J44/21.75,0)+IF($X44=15,$K44*3,0) -> 0 | M44: =IF($X44=2,$K44,0)+IF($X44=4,$K44,0)+IF($X44=5,$K44,0)+IF($X44=6,$K44,0)+IF($X44=7,$K44,0)+IF($X44=10,$K44*2,0)+IF($X44=12,$K44*2,0)+IF($X44=14,$K44*2,0)+IF($X44=15,$K44*3,0)+IF($X44=21,$K44*3,0)+IF($X44<=1,$K44*$J44/21.75,0) -> 0 | N44: =IF($X44=3,$K44,0)+IF($X44=4,$K44,0)+IF($X44=5,$K44,0)+IF($X44=6,$K44,0)+IF($X44=7,$K44,0)+IF($X44=10,$K44*2,0)+IF($X44=12,$K44*2,0)+IF($X44=14,$K44*2,0)+IF($X44=21,$K44*3,0)+IF($X44<=1,$K44*$J44/21.75,0)+IF($X44=15,$K44*3,0) -> 0 | O44: =IF($X44=2,$K44,0)+IF($X44=4,$K44,0)+IF($X44=5,$K44,0)+IF($X44=6,$K44,0)+IF($X44=7,$K44,0)+IF($X44=10,$K44*2,0)+IF($X44=12,$K44*2,0)+IF($X44=14,$K44*2,0)+IF($X44=15,$K44*3,0)+IF($X44=21,$K44*3,0)+IF($X44<=1,$K44*$J44/21.75,0) -> 0 | P44: =IF($X44=3,$K44,0)+IF($X44=4,$K44,0)+IF($X44=5,$K44,0)+IF($X44=6,$K44,0)+IF($X44=7,$K44,0)+IF($X44=10,$K44*2,0)+IF($X44=12,$K44*2,0)+IF($X44=14,$K44*2,0)+IF($X44=21,$K44*3,0)+IF($X44<=1,$K44*$J44/21.75,0)+IF($X44=15,$K44*3,0) -> 0 | Q44: 0.75 | R44: =(IF($X44=6,$K44,)+IF($X44=7,$K44,)+IF($X44=12,$K44*2,)+IF($X44=18,$K44*3,)+IF($X44=21,$K44*3,)+IF($X44=14,$K44*2,))*Q44 -> 0 | S44: 0.75 | T44: =(IF($X44=7,$K44,)+IF($X44=21,$K44*3,)+IF($X44=14,$K44*2,))*S44 -> 0 | U44: =SUM(+L44+M44+N44+O44+P44+R44+T44) -> 0 | V44: =+U44*4.345 -> 0 | W44: =IF(V44="","",$W$4*V44) -> 0 | X44: =ROUND(J44/4.3452380952381,1) -> 0.2 | Y44: T | Z44: 1 | AA44: =+IF($Y44="M",$U44,IF($Y44="MT",$U44/2,IF(Y44="MN",$U44/2,IF($Y44="MTN",$U44/3,0))))*Z44 -> 0 | AB44: 1 | AC44: =+IF($Y44="T",$U44,IF($Y44="MT",$U44/2,IF($Y44="TN",$U44/2,IF($Y44="MTN",$U44/3,0))))*AB44 -> 0 | AD44: 1 | AE44: =+IF($Y44="N",$U44,IF($Y44="MN",$U44/2,IF($Y44="TN",$U44/2,IF($Y44="MTN",$U44/3,0))))*AD44 -> 0 | AF44: 4 | AG44: =+AF44/AH$4 -> #DIV/0! | AH44: =AG44*AG$4/12 -> #DIV/0! | AI44: 1.35 | AJ44: =+AI44/AK$4 -> #DIV/0! | AK44: =AJ44*AJ$4/12 -> #DIV/0! | AL44: 9.92 | AM44: =+AL44/AN$4 -> #DIV/0! | AN44: =AM44*AM$4/12 -> #DIV/0! | AP44: =+AO44/AQ$4 -> #DIV/0! | AQ44: =AP44*AP$4/12 -> #DIV/0! | AS44: =+AR44/AT$4 -> 0 | AT44: =AS44*AS$4/12 -> 0 | AU44: 9.92 | AV44: =+AU44/AW$4 -> #DIV/0! | AW44: =AV44*AV$4/12 -> #DIV/0! | AY44: =+AX44/AZ$4 -> 0 | AZ44: =AY44*AY$4/12 -> 0 | BA44: =+AH44+AK44+AN44+AQ44+AT44+AW44+AZ44 -> #DIV/0!
B45: Escola Jaume Balmes - Primaria | C45: P Primera | D45: Mediació artistica | E45: Terratzo | F45: 9.76 | H45: Diario 5/7 | I45: =IF(H45=Tablas!$B$5,Tablas!$C$5,VLOOKUP(H45,Tablas!$B$5:$D$40,2,FALSE)) -> 19 | J45: =IF(I45=0,"",VLOOKUP(I45,Tablas!$C$5:$D$40,2,FALSE)) -> 21.72619 | K45: =IF(G45=0,"0",F45/G45) -> 0 | L45: =IF($X45=3,$K45,0)+IF($X45=4,$K45,0)+IF($X45=5,$K45,0)+IF($X45=6,$K45,0)+IF($X45=7,$K45,0)+IF($X45=10,$K45*2,0)+IF($X45=12,$K45*2,0)+IF($X45=14,$K45*2,0)+IF($X45=21,$K45*3,0)+IF($X45<=1,$K45*$J45/21.75,0)+IF($X45=15,$K45*3,0) -> 0 | M45: =IF($X45=2,$K45,0)+IF($X45=4,$K45,0)+IF($X45=5,$K45,0)+IF($X45=6,$K45,0)+IF($X45=7,$K45,0)+IF($X45=10,$K45*2,0)+IF($X45=12,$K45*2,0)+IF($X45=14,$K45*2,0)+IF($X45=15,$K45*3,0)+IF($X45=21,$K45*3,0)+IF($X45<=1,$K45*$J45/21.75,0) -> 0 | N45: =IF($X45=3,$K45,0)+IF($X45=4,$K45,0)+IF($X45=5,$K45,0)+IF($X45=6,$K45,0)+IF($X45=7,$K45,0)+IF($X45=10,$K45*2,0)+IF($X45=12,$K45*2,0)+IF($X45=14,$K45*2,0)+IF($X45=21,$K45*3,0)+IF($X45<=1,$K45*$J45/21.75,0)+IF($X45=15,$K45*3,0) -> 0 | O45: =IF($X45=2,$K45,0)+IF($X45=4,$K45,0)+IF($X45=5,$K45,0)+IF($X45=6,$K45,0)+IF($X45=7,$K45,0)+IF($X45=10,$K45*2,0)+IF($X45=12,$K45*2,0)+IF($X45=14,$K45*2,0)+IF($X45=15,$K45*3,0)+IF($X45=21,$K45*3,0)+IF($X45<=1,$K45*$J45/21.75,0) -> 0 | P45: =IF($X45=3,$K45,0)+IF($X45=4,$K45,0)+IF($X45=5,$K45,0)+IF($X45=6,$K45,0)+IF($X45=7,$K45,0)+IF($X45=10,$K45*2,0)+IF($X45=12,$K45*2,0)+IF($X45=14,$K45*2,0)+IF($X45=21,$K45*3,0)+IF($X45<=1,$K45*$J45/21.75,0)+IF($X45=15,$K45*3,0) -> 0 | Q45: 0.75 | R45: =(IF($X45=6,$K45,)+IF($X45=7,$K45,)+IF($X45=12,$K45*2,)+IF($X45=18,$K45*3,)+IF($X45=21,$K45*3,)+IF($X45=14,$K45*2,))*Q45 -> 0 | S45: 0.75 | T45: =(IF($X45=7,$K45,)+IF($X45=21,$K45*3,)+IF($X45=14,$K45*2,))*S45 -> 0 | U45: =SUM(+L45+M45+N45+O45+P45+R45+T45) -> 0 | V45: =+U45*4.345 -> 0 | W45: =IF(V45="","",$W$4*V45) -> 0 | X45: =ROUND(J45/4.3452380952381,1) -> 5 | Y45: T | Z45: 1 | AA45: =+IF($Y45="M",$U45,IF($Y45="MT",$U45/2,IF(Y45="MN",$U45/2,IF($Y45="MTN",$U45/3,0))))*Z45 -> 0 | AB45: 1 | AC45: =+IF($Y45="T",$U45,IF($Y45="MT",$U45/2,IF($Y45="TN",$U45/2,IF($Y45="MTN",$U45/3,0))))*AB45 -> 0 | AD45: 1 | AE45: =+IF($Y45="N",$U45,IF($Y45="MN",$U45/2,IF($Y45="TN",$U45/2,IF($Y45="MTN",$U45/3,0))))*AD45 -> 0 | AF45: 4 | AG45: =+AF45/AH$4 -> #DIV/0! | AH45: =AG45*AG$4/12 -> #DIV/0! | AI45: 1.35 | AJ45: =+AI45/AK$4 -> #DIV/0! | AK45: =AJ45*AJ$4/12 -> #DIV/0! | AL45: 9.76 | AM45: =+AL45/AN$4 -> #DIV/0! | AN45: =AM45*AM$4/12 -> #DIV/0! | AP45: =+AO45/AQ$4 -> #DIV/0! | AQ45: =AP45*AP$4/12 -> #DIV/0! | AS45: =+AR45/AT$4 -> 0 | AT45: =AS45*AS$4/12 -> 0 | AU45: 9.76 | AV45: =+AU45/AW$4 -> #DIV/0! | AW45: =AV45*AV$4/12 -> #DIV/0! | AY45: =+AX45/AZ$4 -> 0 | AZ45: =AY45*AY$4/12 -> 0 | BA45: =+AH45+AK45+AN45+AQ45+AT45+AW45+AZ45 -> #DIV/0!
B46: Escola Jaume Balmes - Primaria | C46: P Primera | D46: Magatzem material | E46: Terratzo | F46: 15.21 | H46: Mensual | I46: =IF(H46=Tablas!$B$5,Tablas!$C$5,VLOOKUP(H46,Tablas!$B$5:$D$40,2,FALSE)) -> 29 | J46: =IF(I46=0,"",VLOOKUP(I46,Tablas!$C$5:$D$40,2,FALSE)) -> 1 | K46: =IF(G46=0,"0",F46/G46) -> 0 | L46: =IF($X46=3,$K46,0)+IF($X46=4,$K46,0)+IF($X46=5,$K46,0)+IF($X46=6,$K46,0)+IF($X46=7,$K46,0)+IF($X46=10,$K46*2,0)+IF($X46=12,$K46*2,0)+IF($X46=14,$K46*2,0)+IF($X46=21,$K46*3,0)+IF($X46<=1,$K46*$J46/21.75,0)+IF($X46=15,$K46*3,0) -> 0 | M46: =IF($X46=2,$K46,0)+IF($X46=4,$K46,0)+IF($X46=5,$K46,0)+IF($X46=6,$K46,0)+IF($X46=7,$K46,0)+IF($X46=10,$K46*2,0)+IF($X46=12,$K46*2,0)+IF($X46=14,$K46*2,0)+IF($X46=15,$K46*3,0)+IF($X46=21,$K46*3,0)+IF($X46<=1,$K46*$J46/21.75,0) -> 0 | N46: =IF($X46=3,$K46,0)+IF($X46=4,$K46,0)+IF($X46=5,$K46,0)+IF($X46=6,$K46,0)+IF($X46=7,$K46,0)+IF($X46=10,$K46*2,0)+IF($X46=12,$K46*2,0)+IF($X46=14,$K46*2,0)+IF($X46=21,$K46*3,0)+IF($X46<=1,$K46*$J46/21.75,0)+IF($X46=15,$K46*3,0) -> 0 | O46: =IF($X46=2,$K46,0)+IF($X46=4,$K46,0)+IF($X46=5,$K46,0)+IF($X46=6,$K46,0)+IF($X46=7,$K46,0)+IF($X46=10,$K46*2,0)+IF($X46=12,$K46*2,0)+IF($X46=14,$K46*2,0)+IF($X46=15,$K46*3,0)+IF($X46=21,$K46*3,0)+IF($X46<=1,$K46*$J46/21.75,0) -> 0 | P46: =IF($X46=3,$K46,0)+IF($X46=4,$K46,0)+IF($X46=5,$K46,0)+IF($X46=6,$K46,0)+IF($X46=7,$K46,0)+IF($X46=10,$K46*2,0)+IF($X46=12,$K46*2,0)+IF($X46=14,$K46*2,0)+IF($X46=21,$K46*3,0)+IF($X46<=1,$K46*$J46/21.75,0)+IF($X46=15,$K46*3,0) -> 0 | Q46: 0.75 | R46: =(IF($X46=6,$K46,)+IF($X46=7,$K46,)+IF($X46=12,$K46*2,)+IF($X46=18,$K46*3,)+IF($X46=21,$K46*3,)+IF($X46=14,$K46*2,))*Q46 -> 0 | S46: 0.75 | T46: =(IF($X46=7,$K46,)+IF($X46=21,$K46*3,)+IF($X46=14,$K46*2,))*S46 -> 0 | U46: =SUM(+L46+M46+N46+O46+P46+R46+T46) -> 0 | V46: =+U46*4.345 -> 0 | W46: =IF(V46="","",$W$4*V46) -> 0 | X46: =ROUND(J46/4.3452380952381,1) -> 0.2 | Y46: T | Z46: 1 | AA46: =+IF($Y46="M",$U46,IF($Y46="MT",$U46/2,IF(Y46="MN",$U46/2,IF($Y46="MTN",$U46/3,0))))*Z46 -> 0 | AB46: 1 | AC46: =+IF($Y46="T",$U46,IF($Y46="MT",$U46/2,IF($Y46="TN",$U46/2,IF($Y46="MTN",$U46/3,0))))*AB46 -> 0 | AD46: 1 | AE46: =+IF($Y46="N",$U46,IF($Y46="MN",$U46/2,IF($Y46="TN",$U46/2,IF($Y46="MTN",$U46/3,0))))*AD46 -> 0 | AF46: 4 | AG46: =+AF46/AH$4 -> #DIV/0! | AH46: =AG46*AG$4/12 -> #DIV/0! | AJ46: =+AI46/AK$4 -> #DIV/0! | AK46: =AJ46*AJ$4/12 -> #DIV/0! | AL46: 15.21 | AM46: =+AL46/AN$4 -> #DIV/0! | AN46: =AM46*AM$4/12 -> #DIV/0! | AP46: =+AO46/AQ$4 -> #DIV/0! | AQ46: =AP46*AP$4/12 -> #DIV/0! | AS46: =+AR46/AT$4 -> 0 | AT46: =AS46*AS$4/12 -> 0 | AU46: 15.21 | AV46: =+AU46/AW$4 -> #DIV/0! | AW46: =AV46*AV$4/12 -> #DIV/0! | AY46: =+AX46/AZ$4 -> 0 | AZ46: =AY46*AY$4/12 -> 0 | BA46: =+AH46+AK46+AN46+AQ46+AT46+AW46+AZ46 -> #DIV/0!
B47: Escola Jaume Balmes - Primaria | C47: P Primera | D47: Aula 5e | E47: Terratzo | F47: 47.03 | H47: Diario 5/7 | I47: =IF(H47=Tablas!$B$5,Tablas!$C$5,VLOOKUP(H47,Tablas!$B$5:$D$40,2,FALSE)) -> 19 | J47: =IF(I47=0,"",VLOOKUP(I47,Tablas!$C$5:$D$40,2,FALSE)) -> 21.72619 | K47: =IF(G47=0,"0",F47/G47) -> 0 | L47: =IF($X47=3,$K47,0)+IF($X47=4,$K47,0)+IF($X47=5,$K47,0)+IF($X47=6,$K47,0)+IF($X47=7,$K47,0)+IF($X47=10,$K47*2,0)+IF($X47=12,$K47*2,0)+IF($X47=14,$K47*2,0)+IF($X47=21,$K47*3,0)+IF($X47<=1,$K47*$J47/21.75,0)+IF($X47=15,$K47*3,0) -> 0 | M47: =IF($X47=2,$K47,0)+IF($X47=4,$K47,0)+IF($X47=5,$K47,0)+IF($X47=6,$K47,0)+IF($X47=7,$K47,0)+IF($X47=10,$K47*2,0)+IF($X47=12,$K47*2,0)+IF($X47=14,$K47*2,0)+IF($X47=15,$K47*3,0)+IF($X47=21,$K47*3,0)+IF($X47<=1,$K47*$J47/21.75,0) -> 0 | N47: =IF($X47=3,$K47,0)+IF($X47=4,$K47,0)+IF($X47=5,$K47,0)+IF($X47=6,$K47,0)+IF($X47=7,$K47,0)+IF($X47=10,$K47*2,0)+IF($X47=12,$K47*2,0)+IF($X47=14,$K47*2,0)+IF($X47=21,$K47*3,0)+IF($X47<=1,$K47*$J47/21.75,0)+IF($X47=15,$K47*3,0) -> 0 | O47: =IF($X47=2,$K47,0)+IF($X47=4,$K47,0)+IF($X47=5,$K47,0)+IF($X47=6,$K47,0)+IF($X47=7,$K47,0)+IF($X47=10,$K47*2,0)+IF($X47=12,$K47*2,0)+IF($X47=14,$K47*2,0)+IF($X47=15,$K47*3,0)+IF($X47=21,$K47*3,0)+IF($X47<=1,$K47*$J47/21.75,0) -> 0 | P47: =IF($X47=3,$K47,0)+IF($X47=4,$K47,0)+IF($X47=5,$K47,0)+IF($X47=6,$K47,0)+IF($X47=7,$K47,0)+IF($X47=10,$K47*2,0)+IF($X47=12,$K47*2,0)+IF($X47=14,$K47*2,0)+IF($X47=21,$K47*3,0)+IF($X47<=1,$K47*$J47/21.75,0)+IF($X47=15,$K47*3,0) -> 0 | Q47: 0.75 | R47: =(IF($X47=6,$K47,)+IF($X47=7,$K47,)+IF($X47=12,$K47*2,)+IF($X47=18,$K47*3,)+IF($X47=21,$K47*3,)+IF($X47=14,$K47*2,))*Q47 -> 0 | S47: 0.75 | T47: =(IF($X47=7,$K47,)+IF($X47=21,$K47*3,)+IF($X47=14,$K47*2,))*S47 -> 0 | U47: =SUM(+L47+M47+N47+O47+P47+R47+T47) -> 0 | V47: =+U47*4.345 -> 0 | W47: =IF(V47="","",$W$4*V47) -> 0 | X47: =ROUND(J47/4.3452380952381,1) -> 5 | Y47: T | Z47: 1 | AA47: =+IF($Y47="M",$U47,IF($Y47="MT",$U47/2,IF(Y47="MN",$U47/2,IF($Y47="MTN",$U47/3,0))))*Z47 -> 0 | AB47: 1 | AC47: =+IF($Y47="T",$U47,IF($Y47="MT",$U47/2,IF($Y47="TN",$U47/2,IF($Y47="MTN",$U47/3,0))))*AB47 -> 0 | AD47: 1 | AE47: =+IF($Y47="N",$U47,IF($Y47="MN",$U47/2,IF($Y47="TN",$U47/2,IF($Y47="MTN",$U47/3,0))))*AD47 -> 0 | AF47: 1.8 | AG47: =+AF47/AH$4 -> #DIV/0! | AH47: =AG47*AG$4/12 -> #DIV/0! | AI47: 8.1 | AJ47: =+AI47/AK$4 -> #DIV/0! | AK47: =AJ47*AJ$4/12 -> #DIV/0! | AL47: 47.03 | AM47: =+AL47/AN$4 -> #DIV/0! | AN47: =AM47*AM$4/12 -> #DIV/0! | AP47: =+AO47/AQ$4 -> #DIV/0! | AQ47: =AP47*AP$4/12 -> #DIV/0! | AS47: =+AR47/AT$4 -> 0 | AT47: =AS47*AS$4/12 -> 0 | AU47: 47.03 | AV47: =+AU47/AW$4 -> #DIV/0! | AW47: =AV47*AV$4/12 -> #DIV/0! | AY47: =+AX47/AZ$4 -> 0 | AZ47: =AY47*AY$4/12 -> 0 | BA47: =+AH47+AK47+AN47+AQ47+AT47+AW47+AZ47 -> #DIV/0!
B48: Escola Jaume Balmes - Primaria | C48: P Primera | D48: Aula 5e | E48: Terratzo | F48: 47.49 | H48: Diario 5/7 | I48: =IF(H48=Tablas!$B$5,Tablas!$C$5,VLOOKUP(H48,Tablas!$B$5:$D$40,2,FALSE)) -> 19 | J48: =IF(I48=0,"",VLOOKUP(I48,Tablas!$C$5:$D$40,2,FALSE)) -> 21.72619 | K48: =IF(G48=0,"0",F48/G48) -> 0 | L48: =IF($X48=3,$K48,0)+IF($X48=4,$K48,0)+IF($X48=5,$K48,0)+IF($X48=6,$K48,0)+IF($X48=7,$K48,0)+IF($X48=10,$K48*2,0)+IF($X48=12,$K48*2,0)+IF($X48=14,$K48*2,0)+IF($X48=21,$K48*3,0)+IF($X48<=1,$K48*$J48/21.75,0)+IF($X48=15,$K48*3,0) -> 0 | M48: =IF($X48=2,$K48,0)+IF($X48=4,$K48,0)+IF($X48=5,$K48,0)+IF($X48=6,$K48,0)+IF($X48=7,$K48,0)+IF($X48=10,$K48*2,0)+IF($X48=12,$K48*2,0)+IF($X48=14,$K48*2,0)+IF($X48=15,$K48*3,0)+IF($X48=21,$K48*3,0)+IF($X48<=1,$K48*$J48/21.75,0) -> 0 | N48: =IF($X48=3,$K48,0)+IF($X48=4,$K48,0)+IF($X48=5,$K48,0)+IF($X48=6,$K48,0)+IF($X48=7,$K48,0)+IF($X48=10,$K48*2,0)+IF($X48=12,$K48*2,0)+IF($X48=14,$K48*2,0)+IF($X48=21,$K48*3,0)+IF($X48<=1,$K48*$J48/21.75,0)+IF($X48=15,$K48*3,0) -> 0 | O48: =IF($X48=2,$K48,0)+IF($X48=4,$K48,0)+IF($X48=5,$K48,0)+IF($X48=6,$K48,0)+IF($X48=7,$K48,0)+IF($X48=10,$K48*2,0)+IF($X48=12,$K48*2,0)+IF($X48=14,$K48*2,0)+IF($X48=15,$K48*3,0)+IF($X48=21,$K48*3,0)+IF($X48<=1,$K48*$J48/21.75,0) -> 0 | P48: =IF($X48=3,$K48,0)+IF($X48=4,$K48,0)+IF($X48=5,$K48,0)+IF($X48=6,$K48,0)+IF($X48=7,$K48,0)+IF($X48=10,$K48*2,0)+IF($X48=12,$K48*2,0)+IF($X48=14,$K48*2,0)+IF($X48=21,$K48*3,0)+IF($X48<=1,$K48*$J48/21.75,0)+IF($X48=15,$K48*3,0) -> 0 | Q48: 0.75 | R48: =(IF($X48=6,$K48,)+IF($X48=7,$K48,)+IF($X48=12,$K48*2,)+IF($X48=18,$K48*3,)+IF($X48=21,$K48*3,)+IF($X48=14,$K48*2,))*Q48 -> 0 | S48: 0.75 | T48: =(IF($X48=7,$K48,)+IF($X48=21,$K48*3,)+IF($X48=14,$K48*2,))*S48 -> 0 | U48: =SUM(+L48+M48+N48+O48+P48+R48+T48) -> 0 | V48: =+U48*4.345 -> 0 | W48: =IF(V48="","",$W$4*V48) -> 0 | X48: =ROUND(J48/4.3452380952381,1) -> 5 | Y48: T | Z48: 1 | AA48: =+IF($Y48="M",$U48,IF($Y48="MT",$U48/2,IF(Y48="MN",$U48/2,IF($Y48="MTN",$U48/3,0))))*Z48 -> 0 | AB48: 1 | AC48: =+IF($Y48="T",$U48,IF($Y48="MT",$U48/2,IF($Y48="TN",$U48/2,IF($Y48="MTN",$U48/3,0))))*AB48 -> 0 | AD48: 1 | AE48: =+IF($Y48="N",$U48,IF($Y48="MN",$U48/2,IF($Y48="TN",$U48/2,IF($Y48="MTN",$U48/3,0))))*AD48 -> 0 | AF48: 1.8 | AG48: =+AF48/AH$4 -> #DIV/0! | AH48: =AG48*AG$4/12 -> #DIV/0! | AI48: 8.1 | AJ48: =+AI48/AK$4 -> #DIV/0! | AK48: =AJ48*AJ$4/12 -> #DIV/0! | AL48: 47.49 | AM48: =+AL48/AN$4 -> #DIV/0! | AN48: =AM48*AM$4/12 -> #DIV/0! | AP48: =+AO48/AQ$4 -> #DIV/0! | AQ48: =AP48*AP$4/12 -> #DIV/0! | AS48: =+AR48/AT$4 -> 0 | AT48: =AS48*AS$4/12 -> 0 | AU48: 47.49 | AV48: =+AU48/AW$4 -> #DIV/0! | AW48: =AV48*AV$4/12 -> #DIV/0! | AY48: =+AX48/AZ$4 -> 0 | AZ48: =AY48*AY$4/12 -> 0 | BA48: =+AH48+AK48+AN48+AQ48+AT48+AW48+AZ48 -> #DIV/0!
B49: Escola Jaume Balmes - Primaria | C49: P Primera | D49: Aula 6e | E49: Terratzo | F49: 47 | H49: Diario 5/7 | I49: =IF(H49=Tablas!$B$5,Tablas!$C$5,VLOOKUP(H49,Tablas!$B$5:$D$40,2,FALSE)) -> 19 | J49: =IF(I49=0,"",VLOOKUP(I49,Tablas!$C$5:$D$40,2,FALSE)) -> 21.72619 | K49: =IF(G49=0,"0",F49/G49) -> 0 | L49: =IF($X49=3,$K49,0)+IF($X49=4,$K49,0)+IF($X49=5,$K49,0)+IF($X49=6,$K49,0)+IF($X49=7,$K49,0)+IF($X49=10,$K49*2,0)+IF($X49=12,$K49*2,0)+IF($X49=14,$K49*2,0)+IF($X49=21,$K49*3,0)+IF($X49<=1,$K49*$J49/21.75,0)+IF($X49=15,$K49*3,0) -> 0 | M49: =IF($X49=2,$K49,0)+IF($X49=4,$K49,0)+IF($X49=5,$K49,0)+IF($X49=6,$K49,0)+IF($X49=7,$K49,0)+IF($X49=10,$K49*2,0)+IF($X49=12,$K49*2,0)+IF($X49=14,$K49*2,0)+IF($X49=15,$K49*3,0)+IF($X49=21,$K49*3,0)+IF($X49<=1,$K49*$J49/21.75,0) -> 0 | N49: =IF($X49=3,$K49,0)+IF($X49=4,$K49,0)+IF($X49=5,$K49,0)+IF($X49=6,$K49,0)+IF($X49=7,$K49,0)+IF($X49=10,$K49*2,0)+IF($X49=12,$K49*2,0)+IF($X49=14,$K49*2,0)+IF($X49=21,$K49*3,0)+IF($X49<=1,$K49*$J49/21.75,0)+IF($X49=15,$K49*3,0) -> 0 | O49: =IF($X49=2,$K49,0)+IF($X49=4,$K49,0)+IF($X49=5,$K49,0)+IF($X49=6,$K49,0)+IF($X49=7,$K49,0)+IF($X49=10,$K49*2,0)+IF($X49=12,$K49*2,0)+IF($X49=14,$K49*2,0)+IF($X49=15,$K49*3,0)+IF($X49=21,$K49*3,0)+IF($X49<=1,$K49*$J49/21.75,0) -> 0 | P49: =IF($X49=3,$K49,0)+IF($X49=4,$K49,0)+IF($X49=5,$K49,0)+IF($X49=6,$K49,0)+IF($X49=7,$K49,0)+IF($X49=10,$K49*2,0)+IF($X49=12,$K49*2,0)+IF($X49=14,$K49*2,0)+IF($X49=21,$K49*3,0)+IF($X49<=1,$K49*$J49/21.75,0)+IF($X49=15,$K49*3,0) -> 0 | Q49: 0.75 | R49: =(IF($X49=6,$K49,)+IF($X49=7,$K49,)+IF($X49=12,$K49*2,)+IF($X49=18,$K49*3,)+IF($X49=21,$K49*3,)+IF($X49=14,$K49*2,))*Q49 -> 0 | S49: 0.75 | T49: =(IF($X49=7,$K49,)+IF($X49=21,$K49*3,)+IF($X49=14,$K49*2,))*S49 -> 0 | U49: =SUM(+L49+M49+N49+O49+P49+R49+T49) -> 0 | V49: =+U49*4.345 -> 0 | W49: =IF(V49="","",$W$4*V49) -> 0 | X49: =ROUND(J49/4.3452380952381,1) -> 5 | Y49: T | Z49: 1 | AA49: =+IF($Y49="M",$U49,IF($Y49="MT",$U49/2,IF(Y49="MN",$U49/2,IF($Y49="MTN",$U49/3,0))))*Z49 -> 0 | AB49: 1 | AC49: =+IF($Y49="T",$U49,IF($Y49="MT",$U49/2,IF($Y49="TN",$U49/2,IF($Y49="MTN",$U49/3,0))))*AB49 -> 0 | AD49: 1 | AE49: =+IF($Y49="N",$U49,IF($Y49="MN",$U49/2,IF($Y49="TN",$U49/2,IF($Y49="MTN",$U49/3,0))))*AD49 -> 0 | AF49: 1.8 | AG49: =+AF49/AH$4 -> #DIV/0! | AH49: =AG49*AG$4/12 -> #DIV/0! | AI49: 8.1 | AJ49: =+AI49/AK$4 -> #DIV/0! | AK49: =AJ49*AJ$4/12 -> #DIV/0! | AL49: 47 | AM49: =+AL49/AN$4 -> #DIV/0! | AN49: =AM49*AM$4/12 -> #DIV/0! | AP49: =+AO49/AQ$4 -> #DIV/0! | AQ49: =AP49*AP$4/12 -> #DIV/0! | AS49: =+AR49/AT$4 -> 0 | AT49: =AS49*AS$4/12 -> 0 | AU49: 47 | AV49: =+AU49/AW$4 -> #DIV/0! | AW49: =AV49*AV$4/12 -> #DIV/0! | AY49: =+AX49/AZ$4 -> 0 | AZ49: =AY49*AY$4/12 -> 0 | BA49: =+AH49+AK49+AN49+AQ49+AT49+AW49+AZ49 -> #DIV/0!
B50: Escola Jaume Balmes - Primaria | C50: P Primera | D50: Magatzem material | E50: Terratzo | F50: 9.99 | H50: Mensual | I50: =IF(H50=Tablas!$B$5,Tablas!$C$5,VLOOKUP(H50,Tablas!$B$5:$D$40,2,FALSE)) -> 29 | J50: =IF(I50=0,"",VLOOKUP(I50,Tablas!$C$5:$D$40,2,FALSE)) -> 1 | K50: =IF(G50=0,"0",F50/G50) -> 0 | L50: =IF($X50=3,$K50,0)+IF($X50=4,$K50,0)+IF($X50=5,$K50,0)+IF($X50=6,$K50,0)+IF($X50=7,$K50,0)+IF($X50=10,$K50*2,0)+IF($X50=12,$K50*2,0)+IF($X50=14,$K50*2,0)+IF($X50=21,$K50*3,0)+IF($X50<=1,$K50*$J50/21.75,0)+IF($X50=15,$K50*3,0) -> 0 | M50: =IF($X50=2,$K50,0)+IF($X50=4,$K50,0)+IF($X50=5,$K50,0)+IF($X50=6,$K50,0)+IF($X50=7,$K50,0)+IF($X50=10,$K50*2,0)+IF($X50=12,$K50*2,0)+IF($X50=14,$K50*2,0)+IF($X50=15,$K50*3,0)+IF($X50=21,$K50*3,0)+IF($X50<=1,$K50*$J50/21.75,0) -> 0 | N50: =IF($X50=3,$K50,0)+IF($X50=4,$K50,0)+IF($X50=5,$K50,0)+IF($X50=6,$K50,0)+IF($X50=7,$K50,0)+IF($X50=10,$K50*2,0)+IF($X50=12,$K50*2,0)+IF($X50=14,$K50*2,0)+IF($X50=21,$K50*3,0)+IF($X50<=1,$K50*$J50/21.75,0)+IF($X50=15,$K50*3,0) -> 0 | O50: =IF($X50=2,$K50,0)+IF($X50=4,$K50,0)+IF($X50=5,$K50,0)+IF($X50=6,$K50,0)+IF($X50=7,$K50,0)+IF($X50=10,$K50*2,0)+IF($X50=12,$K50*2,0)+IF($X50=14,$K50*2,0)+IF($X50=15,$K50*3,0)+IF($X50=21,$K50*3,0)+IF($X50<=1,$K50*$J50/21.75,0) -> 0 | P50: =IF($X50=3,$K50,0)+IF($X50=4,$K50,0)+IF($X50=5,$K50,0)+IF($X50=6,$K50,0)+IF($X50=7,$K50,0)+IF($X50=10,$K50*2,0)+IF($X50=12,$K50*2,0)+IF($X50=14,$K50*2,0)+IF($X50=21,$K50*3,0)+IF($X50<=1,$K50*$J50/21.75,0)+IF($X50=15,$K50*3,0) -> 0 | Q50: 0.75 | R50: =(IF($X50=6,$K50,)+IF($X50=7,$K50,)+IF($X50=12,$K50*2,)+IF($X50=18,$K50*3,)+IF($X50=21,$K50*3,)+IF($X50=14,$K50*2,))*Q50 -> 0 | S50: 0.75 | T50: =(IF($X50=7,$K50,)+IF($X50=21,$K50*3,)+IF($X50=14,$K50*2,))*S50 -> 0 | U50: =SUM(+L50+M50+N50+O50+P50+R50+T50) -> 0 | V50: =+U50*4.345 -> 0 | W50: =IF(V50="","",$W$4*V50) -> 0 | X50: =ROUND(J50/4.3452380952381,1) -> 0.2 | Y50: T | Z50: 1 | AA50: =+IF($Y50="M",$U50,IF($Y50="MT",$U50/2,IF(Y50="MN",$U50/2,IF($Y50="MTN",$U50/3,0))))*Z50 -> 0 | AB50: 1 | AC50: =+IF($Y50="T",$U50,IF($Y50="MT",$U50/2,IF($Y50="TN",$U50/2,IF($Y50="MTN",$U50/3,0))))*AB50 -> 0 | AD50: 1 | AE50: =+IF($Y50="N",$U50,IF($Y50="MN",$U50/2,IF($Y50="TN",$U50/2,IF($Y50="MTN",$U50/3,0))))*AD50 -> 0 | AF50: 3.75 | AG50: =+AF50/AH$4 -> #DIV/0! | AH50: =AG50*AG$4/12 -> #DIV/0! | AI50: 1.35 | AJ50: =+AI50/AK$4 -> #DIV/0! | AK50: =AJ50*AJ$4/12 -> #DIV/0! | AL50: 9.99 | AM50: =+AL50/AN$4 -> #DIV/0! | AN50: =AM50*AM$4/12 -> #DIV/0! | AP50: =+AO50/AQ$4 -> #DIV/0! | AQ50: =AP50*AP$4/12 -> #DIV/0! | AS50: =+AR50/AT$4 -> 0 | AT50: =AS50*AS$4/12 -> 0 | AU50: 9.99 | AV50: =+AU50/AW$4 -> #DIV/0! | AW50: =AV50*AV$4/12 -> #DIV/0! | AY50: =+AX50/AZ$4 -> 0 | AZ50: =AY50*AY$4/12 -> 0 | BA50: =+AH50+AK50+AN50+AQ50+AT50+AW50+AZ50 -> #DIV/0!
B51: Escola Jaume Balmes - Primaria | C51: P Primera | D51: Psicopedagogo | E51: Terratzo | F51: 10.37 | H51: Diario 5/7 | I51: =IF(H51=Tablas!$B$5,Tablas!$C$5,VLOOKUP(H51,Tablas!$B$5:$D$40,2,FALSE)) -> 19 | J51: =IF(I51=0,"",VLOOKUP(I51,Tablas!$C$5:$D$40,2,FALSE)) -> 21.72619 | K51: =IF(G51=0,"0",F51/G51) -> 0 | L51: =IF($X51=3,$K51,0)+IF($X51=4,$K51,0)+IF($X51=5,$K51,0)+IF($X51=6,$K51,0)+IF($X51=7,$K51,0)+IF($X51=10,$K51*2,0)+IF($X51=12,$K51*2,0)+IF($X51=14,$K51*2,0)+IF($X51=21,$K51*3,0)+IF($X51<=1,$K51*$J51/21.75,0)+IF($X51=15,$K51*3,0) -> 0 | M51: =IF($X51=2,$K51,0)+IF($X51=4,$K51,0)+IF($X51=5,$K51,0)+IF($X51=6,$K51,0)+IF($X51=7,$K51,0)+IF($X51=10,$K51*2,0)+IF($X51=12,$K51*2,0)+IF($X51=14,$K51*2,0)+IF($X51=15,$K51*3,0)+IF($X51=21,$K51*3,0)+IF($X51<=1,$K51*$J51/21.75,0) -> 0 | N51: =IF($X51=3,$K51,0)+IF($X51=4,$K51,0)+IF($X51=5,$K51,0)+IF($X51=6,$K51,0)+IF($X51=7,$K51,0)+IF($X51=10,$K51*2,0)+IF($X51=12,$K51*2,0)+IF($X51=14,$K51*2,0)+IF($X51=21,$K51*3,0)+IF($X51<=1,$K51*$J51/21.75,0)+IF($X51=15,$K51*3,0) -> 0 | O51: =IF($X51=2,$K51,0)+IF($X51=4,$K51,0)+IF($X51=5,$K51,0)+IF($X51=6,$K51,0)+IF($X51=7,$K51,0)+IF($X51=10,$K51*2,0)+IF($X51=12,$K51*2,0)+IF($X51=14,$K51*2,0)+IF($X51=15,$K51*3,0)+IF($X51=21,$K51*3,0)+IF($X51<=1,$K51*$J51/21.75,0) -> 0 | P51: =IF($X51=3,$K51,0)+IF($X51=4,$K51,0)+IF($X51=5,$K51,0)+IF($X51=6,$K51,0)+IF($X51=7,$K51,0)+IF($X51=10,$K51*2,0)+IF($X51=12,$K51*2,0)+IF($X51=14,$K51*2,0)+IF($X51=21,$K51*3,0)+IF($X51<=1,$K51*$J51/21.75,0)+IF($X51=15,$K51*3,0) -> 0 | Q51: 0.75 | R51: =(IF($X51=6,$K51,)+IF($X51=7,$K51,)+IF($X51=12,$K51*2,)+IF($X51=18,$K51*3,)+IF($X51=21,$K51*3,)+IF($X51=14,$K51*2,))*Q51 -> 0 | S51: 0.75 | T51: =(IF($X51=7,$K51,)+IF($X51=21,$K51*3,)+IF($X51=14,$K51*2,))*S51 -> 0 | U51: =SUM(+L51+M51+N51+O51+P51+R51+T51) -> 0 | V51: =+U51*4.345 -> 0 | W51: =IF(V51="","",$W$4*V51) -> 0 | X51: =ROUND(J51/4.3452380952381,1) -> 5 | Y51: T | Z51: 1 | AA51: =+IF($Y51="M",$U51,IF($Y51="MT",$U51/2,IF(Y51="MN",$U51/2,IF($Y51="MTN",$U51/3,0))))*Z51 -> 0 | AB51: 1 | AC51: =+IF($Y51="T",$U51,IF($Y51="MT",$U51/2,IF($Y51="TN",$U51/2,IF($Y51="MTN",$U51/3,0))))*AB51 -> 0 | AD51: 1 | AE51: =+IF($Y51="N",$U51,IF($Y51="MN",$U51/2,IF($Y51="TN",$U51/2,IF($Y51="MTN",$U51/3,0))))*AD51 -> 0 | AF51: 3.75 | AG51: =+AF51/AH$4 -> #DIV/0! | AH51: =AG51*AG$4/12 -> #DIV/0! | AI51: 1.35 | AJ51: =+AI51/AK$4 -> #DIV/0! | AK51: =AJ51*AJ$4/12 -> #DIV/0! | AL51: 10.37 | AM51: =+AL51/AN$4 -> #DIV/0! | AN51: =AM51*AM$4/12 -> #DIV/0! | AP51: =+AO51/AQ$4 -> #DIV/0! | AQ51: =AP51*AP$4/12 -> #DIV/0! | AS51: =+AR51/AT$4 -> 0 | AT51: =AS51*AS$4/12 -> 0 | AU51: 10.37 | AV51: =+AU51/AW$4 -> #DIV/0! | AW51: =AV51*AV$4/12 -> #DIV/0! | AY51: =+AX51/AZ$4 -> 0 | AZ51: =AY51*AY$4/12 -> 0 | BA51: =+AH51+AK51+AN51+AQ51+AT51+AW51+AZ51 -> #DIV/0!
B52: Escola Jaume Balmes - Primaria | C52: P Primera | D52: Aula 6e | E52: Terratzo | F52: 46.09 | H52: Diario 5/7 | I52: =IF(H52=Tablas!$B$5,Tablas!$C$5,VLOOKUP(H52,Tablas!$B$5:$D$40,2,FALSE)) -> 19 | J52: =IF(I52=0,"",VLOOKUP(I52,Tablas!$C$5:$D$40,2,FALSE)) -> 21.72619 | K52: =IF(G52=0,"0",F52/G52) -> 0 | L52: =IF($X52=3,$K52,0)+IF($X52=4,$K52,0)+IF($X52=5,$K52,0)+IF($X52=6,$K52,0)+IF($X52=7,$K52,0)+IF($X52=10,$K52*2,0)+IF($X52=12,$K52*2,0)+IF($X52=14,$K52*2,0)+IF($X52=21,$K52*3,0)+IF($X52<=1,$K52*$J52/21.75,0)+IF($X52=15,$K52*3,0) -> 0 | M52: =IF($X52=2,$K52,0)+IF($X52=4,$K52,0)+IF($X52=5,$K52,0)+IF($X52=6,$K52,0)+IF($X52=7,$K52,0)+IF($X52=10,$K52*2,0)+IF($X52=12,$K52*2,0)+IF($X52=14,$K52*2,0)+IF($X52=15,$K52*3,0)+IF($X52=21,$K52*3,0)+IF($X52<=1,$K52*$J52/21.75,0) -> 0 | N52: =IF($X52=3,$K52,0)+IF($X52=4,$K52,0)+IF($X52=5,$K52,0)+IF($X52=6,$K52,0)+IF($X52=7,$K52,0)+IF($X52=10,$K52*2,0)+IF($X52=12,$K52*2,0)+IF($X52=14,$K52*2,0)+IF($X52=21,$K52*3,0)+IF($X52<=1,$K52*$J52/21.75,0)+IF($X52=15,$K52*3,0) -> 0 | O52: =IF($X52=2,$K52,0)+IF($X52=4,$K52,0)+IF($X52=5,$K52,0)+IF($X52=6,$K52,0)+IF($X52=7,$K52,0)+IF($X52=10,$K52*2,0)+IF($X52=12,$K52*2,0)+IF($X52=14,$K52*2,0)+IF($X52=15,$K52*3,0)+IF($X52=21,$K52*3,0)+IF($X52<=1,$K52*$J52/21.75,0) -> 0 | P52: =IF($X52=3,$K52,0)+IF($X52=4,$K52,0)+IF($X52=5,$K52,0)+IF($X52=6,$K52,0)+IF($X52=7,$K52,0)+IF($X52=10,$K52*2,0)+IF($X52=12,$K52*2,0)+IF($X52=14,$K52*2,0)+IF($X52=21,$K52*3,0)+IF($X52<=1,$K52*$J52/21.75,0)+IF($X52=15,$K52*3,0) -> 0 | Q52: 0.75 | R52: =(IF($X52=6,$K52,)+IF($X52=7,$K52,)+IF($X52=12,$K52*2,)+IF($X52=18,$K52*3,)+IF($X52=21,$K52*3,)+IF($X52=14,$K52*2,))*Q52 -> 0 | S52: 0.75 | T52: =(IF($X52=7,$K52,)+IF($X52=21,$K52*3,)+IF($X52=14,$K52*2,))*S52 -> 0 | U52: =SUM(+L52+M52+N52+O52+P52+R52+T52) -> 0 | V52: =+U52*4.345 -> 0 | W52: =IF(V52="","",$W$4*V52) -> 0 | X52: =ROUND(J52/4.3452380952381,1) -> 5 | Y52: T | Z52: 1 | AA52: =+IF($Y52="M",$U52,IF($Y52="MT",$U52/2,IF(Y52="MN",$U52/2,IF($Y52="MTN",$U52/3,0))))*Z52 -> 0 | AB52: 1 | AC52: =+IF($Y52="T",$U52,IF($Y52="MT",$U52/2,IF($Y52="TN",$U52/2,IF($Y52="MTN",$U52/3,0))))*AB52 -> 0 | AD52: 1 | AE52: =+IF($Y52="N",$U52,IF($Y52="MN",$U52/2,IF($Y52="TN",$U52/2,IF($Y52="MTN",$U52/3,0))))*AD52 -> 0 | AF52: 1.8 | AG52: =+AF52/AH$4 -> #DIV/0! | AH52: =AG52*AG$4/12 -> #DIV/0! | AI52: 8.1 | AJ52: =+AI52/AK$4 -> #DIV/0! | AK52: =AJ52*AJ$4/12 -> #DIV/0! | AL52: 46.09 | AM52: =+AL52/AN$4 -> #DIV/0! | AN52: =AM52*AM$4/12 -> #DIV/0! | AP52: =+AO52/AQ$4 -> #DIV/0! | AQ52: =AP52*AP$4/12 -> #DIV/0! | AS52: =+AR52/AT$4 -> 0 | AT52: =AS52*AS$4/12 -> 0 | AU52: 46.09 | AV52: =+AU52/AW$4 -> #DIV/0! | AW52: =AV52*AV$4/12 -> #DIV/0! | AY52: =+AX52/AZ$4 -> 0 | AZ52: =AY52*AY$4/12 -> 0 | BA52: =+AH52+AK52+AN52+AQ52+AT52+AW52+AZ52 -> #DIV/0!
B53: Escola Jaume Balmes - Primaria | C53: P Primera | D53: Aseos nois | E53: Gres | F53: 16.77 | H53: Diario 5/7 | I53: =IF(H53=Tablas!$B$5,Tablas!$C$5,VLOOKUP(H53,Tablas!$B$5:$D$40,2,FALSE)) -> 19 | J53: =IF(I53=0,"",VLOOKUP(I53,Tablas!$C$5:$D$40,2,FALSE)) -> 21.72619 | K53: =IF(G53=0,"0",F53/G53) -> 0 | L53: =IF($X53=3,$K53,0)+IF($X53=4,$K53,0)+IF($X53=5,$K53,0)+IF($X53=6,$K53,0)+IF($X53=7,$K53,0)+IF($X53=10,$K53*2,0)+IF($X53=12,$K53*2,0)+IF($X53=14,$K53*2,0)+IF($X53=21,$K53*3,0)+IF($X53<=1,$K53*$J53/21.75,0)+IF($X53=15,$K53*3,0) -> 0 | M53: =IF($X53=2,$K53,0)+IF($X53=4,$K53,0)+IF($X53=5,$K53,0)+IF($X53=6,$K53,0)+IF($X53=7,$K53,0)+IF($X53=10,$K53*2,0)+IF($X53=12,$K53*2,0)+IF($X53=14,$K53*2,0)+IF($X53=15,$K53*3,0)+IF($X53=21,$K53*3,0)+IF($X53<=1,$K53*$J53/21.75,0) -> 0 | N53: =IF($X53=3,$K53,0)+IF($X53=4,$K53,0)+IF($X53=5,$K53,0)+IF($X53=6,$K53,0)+IF($X53=7,$K53,0)+IF($X53=10,$K53*2,0)+IF($X53=12,$K53*2,0)+IF($X53=14,$K53*2,0)+IF($X53=21,$K53*3,0)+IF($X53<=1,$K53*$J53/21.75,0)+IF($X53=15,$K53*3,0) -> 0 | O53: =IF($X53=2,$K53,0)+IF($X53=4,$K53,0)+IF($X53=5,$K53,0)+IF($X53=6,$K53,0)+IF($X53=7,$K53,0)+IF($X53=10,$K53*2,0)+IF($X53=12,$K53*2,0)+IF($X53=14,$K53*2,0)+IF($X53=15,$K53*3,0)+IF($X53=21,$K53*3,0)+IF($X53<=1,$K53*$J53/21.75,0) -> 0 | P53: =IF($X53=3,$K53,0)+IF($X53=4,$K53,0)+IF($X53=5,$K53,0)+IF($X53=6,$K53,0)+IF($X53=7,$K53,0)+IF($X53=10,$K53*2,0)+IF($X53=12,$K53*2,0)+IF($X53=14,$K53*2,0)+IF($X53=21,$K53*3,0)+IF($X53<=1,$K53*$J53/21.75,0)+IF($X53=15,$K53*3,0) -> 0 | Q53: 0.75 | R53: =(IF($X53=6,$K53,)+IF($X53=7,$K53,)+IF($X53=12,$K53*2,)+IF($X53=18,$K53*3,)+IF($X53=21,$K53*3,)+IF($X53=14,$K53*2,))*Q53 -> 0 | S53: 0.75 | T53: =(IF($X53=7,$K53,)+IF($X53=21,$K53*3,)+IF($X53=14,$K53*2,))*S53 -> 0 | U53: =SUM(+L53+M53+N53+O53+P53+R53+T53) -> 0 | V53: =+U53*4.345 -> 0 | W53: =IF(V53="","",$W$4*V53) -> 0 | X53: =ROUND(J53/4.3452380952381,1) -> 5 | Y53: T | Z53: 1 | AA53: =+IF($Y53="M",$U53,IF($Y53="MT",$U53/2,IF(Y53="MN",$U53/2,IF($Y53="MTN",$U53/3,0))))*Z53 -> 0 | AB53: 1 | AC53: =+IF($Y53="T",$U53,IF($Y53="MT",$U53/2,IF($Y53="TN",$U53/2,IF($Y53="MTN",$U53/3,0))))*AB53 -> 0 | AD53: 1 | AE53: =+IF($Y53="N",$U53,IF($Y53="MN",$U53/2,IF($Y53="TN",$U53/2,IF($Y53="MTN",$U53/3,0))))*AD53 -> 0 | AG53: =+AF53/AH$4 -> #DIV/0! | AH53: =AG53*AG$4/12 -> #DIV/0! | AI53: 2.7 | AJ53: =+AI53/AK$4 -> #DIV/0! | AK53: =AJ53*AJ$4/12 -> #DIV/0! | AL53: 16.77 | AM53: =+AL53/AN$4 -> #DIV/0! | AN53: =AM53*AM$4/12 -> #DIV/0! | AP53: =+AO53/AQ$4 -> #DIV/0! | AQ53: =AP53*AP$4/12 -> #DIV/0! | AS53: =+AR53/AT$4 -> 0 | AT53: =AS53*AS$4/12 -> 0 | AU53: 16.77 | AV53: =+AU53/AW$4 -> #DIV/0! | AW53: =AV53*AV$4/12 -> #DIV/0! | AY53: =+AX53/AZ$4 -> 0 | AZ53: =AY53*AY$4/12 -> 0 | BA53: =+AH53+AK53+AN53+AQ53+AT53+AW53+AZ53 -> #DIV/0!
B54: Escola Jaume Balmes - Primaria | C54: P Primera | D54: Aseos noies | E54: Gres | F54: 16.4 | H54: Diario 5/7 | I54: =IF(H54=Tablas!$B$5,Tablas!$C$5,VLOOKUP(H54,Tablas!$B$5:$D$40,2,FALSE)) -> 19 | J54: =IF(I54=0,"",VLOOKUP(I54,Tablas!$C$5:$D$40,2,FALSE)) -> 21.72619 | K54: =IF(G54=0,"0",F54/G54) -> 0 | L54: =IF($X54=3,$K54,0)+IF($X54=4,$K54,0)+IF($X54=5,$K54,0)+IF($X54=6,$K54,0)+IF($X54=7,$K54,0)+IF($X54=10,$K54*2,0)+IF($X54=12,$K54*2,0)+IF($X54=14,$K54*2,0)+IF($X54=21,$K54*3,0)+IF($X54<=1,$K54*$J54/21.75,0)+IF($X54=15,$K54*3,0) -> 0 | M54: =IF($X54=2,$K54,0)+IF($X54=4,$K54,0)+IF($X54=5,$K54,0)+IF($X54=6,$K54,0)+IF($X54=7,$K54,0)+IF($X54=10,$K54*2,0)+IF($X54=12,$K54*2,0)+IF($X54=14,$K54*2,0)+IF($X54=15,$K54*3,0)+IF($X54=21,$K54*3,0)+IF($X54<=1,$K54*$J54/21.75,0) -> 0 | N54: =IF($X54=3,$K54,0)+IF($X54=4,$K54,0)+IF($X54=5,$K54,0)+IF($X54=6,$K54,0)+IF($X54=7,$K54,0)+IF($X54=10,$K54*2,0)+IF($X54=12,$K54*2,0)+IF($X54=14,$K54*2,0)+IF($X54=21,$K54*3,0)+IF($X54<=1,$K54*$J54/21.75,0)+IF($X54=15,$K54*3,0) -> 0 | O54: =IF($X54=2,$K54,0)+IF($X54=4,$K54,0)+IF($X54=5,$K54,0)+IF($X54=6,$K54,0)+IF($X54=7,$K54,0)+IF($X54=10,$K54*2,0)+IF($X54=12,$K54*2,0)+IF($X54=14,$K54*2,0)+IF($X54=15,$K54*3,0)+IF($X54=21,$K54*3,0)+IF($X54<=1,$K54*$J54/21.75,0) -> 0 | P54: =IF($X54=3,$K54,0)+IF($X54=4,$K54,0)+IF($X54=5,$K54,0)+IF($X54=6,$K54,0)+IF($X54=7,$K54,0)+IF($X54=10,$K54*2,0)+IF($X54=12,$K54*2,0)+IF($X54=14,$K54*2,0)+IF($X54=21,$K54*3,0)+IF($X54<=1,$K54*$J54/21.75,0)+IF($X54=15,$K54*3,0) -> 0 | Q54: 0.75 | R54: =(IF($X54=6,$K54,)+IF($X54=7,$K54,)+IF($X54=12,$K54*2,)+IF($X54=18,$K54*3,)+IF($X54=21,$K54*3,)+IF($X54=14,$K54*2,))*Q54 -> 0 | S54: 0.75 | T54: =(IF($X54=7,$K54,)+IF($X54=21,$K54*3,)+IF($X54=14,$K54*2,))*S54 -> 0 | U54: =SUM(+L54+M54+N54+O54+P54+R54+T54) -> 0 | V54: =+U54*4.345 -> 0 | W54: =IF(V54="","",$W$4*V54) -> 0 | X54: =ROUND(J54/4.3452380952381,1) -> 5 | Y54: T | Z54: 1 | AA54: =+IF($Y54="M",$U54,IF($Y54="MT",$U54/2,IF(Y54="MN",$U54/2,IF($Y54="MTN",$U54/3,0))))*Z54 -> 0 | AB54: 1 | AC54: =+IF($Y54="T",$U54,IF($Y54="MT",$U54/2,IF($Y54="TN",$U54/2,IF($Y54="MTN",$U54/3,0))))*AB54 -> 0 | AD54: 1 | AE54: =+IF($Y54="N",$U54,IF($Y54="MN",$U54/2,IF($Y54="TN",$U54/2,IF($Y54="MTN",$U54/3,0))))*AD54 -> 0 | AG54: =+AF54/AH$4 -> #DIV/0! | AH54: =AG54*AG$4/12 -> #DIV/0! | AI54: 2.7 | AJ54: =+AI54/AK$4 -> #DIV/0! | AK54: =AJ54*AJ$4/12 -> #DIV/0! | AL54: 16.4 | AM54: =+AL54/AN$4 -> #DIV/0! | AN54: =AM54*AM$4/12 -> #DIV/0! | AP54: =+AO54/AQ$4 -> #DIV/0! | AQ54: =AP54*AP$4/12 -> #DIV/0! | AS54: =+AR54/AT$4 -> 0 | AT54: =AS54*AS$4/12 -> 0 | AU54: 16.4 | AV54: =+AU54/AW$4 -> #DIV/0! | AW54: =AV54*AV$4/12 -> #DIV/0! | AY54: =+AX54/AZ$4 -> 0 | AZ54: =AY54*AY$4/12 -> 0 | BA54: =+AH54+AK54+AN54+AQ54+AT54+AW54+AZ54 -> #DIV/0!
B55: Escola Jaume Balmes - Primaria | C55: P Primera | D55: Aula Biblio | F55: 20.57 | H55: Diario 5/7 | I55: =IF(H55=Tablas!$B$5,Tablas!$C$5,VLOOKUP(H55,Tablas!$B$5:$D$40,2,FALSE)) -> 19 | J55: =IF(I55=0,"",VLOOKUP(I55,Tablas!$C$5:$D$40,2,FALSE)) -> 21.72619 | K55: =IF(G55=0,"0",F55/G55) -> 0 | L55: =IF($X55=3,$K55,0)+IF($X55=4,$K55,0)+IF($X55=5,$K55,0)+IF($X55=6,$K55,0)+IF($X55=7,$K55,0)+IF($X55=10,$K55*2,0)+IF($X55=12,$K55*2,0)+IF($X55=14,$K55*2,0)+IF($X55=21,$K55*3,0)+IF($X55<=1,$K55*$J55/21.75,0)+IF($X55=15,$K55*3,0) -> 0 | M55: =IF($X55=2,$K55,0)+IF($X55=4,$K55,0)+IF($X55=5,$K55,0)+IF($X55=6,$K55,0)+IF($X55=7,$K55,0)+IF($X55=10,$K55*2,0)+IF($X55=12,$K55*2,0)+IF($X55=14,$K55*2,0)+IF($X55=15,$K55*3,0)+IF($X55=21,$K55*3,0)+IF($X55<=1,$K55*$J55/21.75,0) -> 0 | N55: =IF($X55=3,$K55,0)+IF($X55=4,$K55,0)+IF($X55=5,$K55,0)+IF($X55=6,$K55,0)+IF($X55=7,$K55,0)+IF($X55=10,$K55*2,0)+IF($X55=12,$K55*2,0)+IF($X55=14,$K55*2,0)+IF($X55=21,$K55*3,0)+IF($X55<=1,$K55*$J55/21.75,0)+IF($X55=15,$K55*3,0) -> 0 | O55: =IF($X55=2,$K55,0)+IF($X55=4,$K55,0)+IF($X55=5,$K55,0)+IF($X55=6,$K55,0)+IF($X55=7,$K55,0)+IF($X55=10,$K55*2,0)+IF($X55=12,$K55*2,0)+IF($X55=14,$K55*2,0)+IF($X55=15,$K55*3,0)+IF($X55=21,$K55*3,0)+IF($X55<=1,$K55*$J55/21.75,0) -> 0 | P55: =IF($X55=3,$K55,0)+IF($X55=4,$K55,0)+IF($X55=5,$K55,0)+IF($X55=6,$K55,0)+IF($X55=7,$K55,0)+IF($X55=10,$K55*2,0)+IF($X55=12,$K55*2,0)+IF($X55=14,$K55*2,0)+IF($X55=21,$K55*3,0)+IF($X55<=1,$K55*$J55/21.75,0)+IF($X55=15,$K55*3,0) -> 0 | Q55: 0.75 | R55: =(IF($X55=6,$K55,)+IF($X55=7,$K55,)+IF($X55=12,$K55*2,)+IF($X55=18,$K55*3,)+IF($X55=21,$K55*3,)+IF($X55=14,$K55*2,))*Q55 -> 0 | S55: 0.75 | T55: =(IF($X55=7,$K55,)+IF($X55=21,$K55*3,)+IF($X55=14,$K55*2,))*S55 -> 0 | U55: =SUM(+L55+M55+N55+O55+P55+R55+T55) -> 0 | V55: =+U55*4.345 -> 0 | W55: =IF(V55="","",$W$4*V55) -> 0 | X55: =ROUND(J55/4.3452380952381,1) -> 5 | Y55: T | Z55: 1 | AA55: =+IF($Y55="M",$U55,IF($Y55="MT",$U55/2,IF(Y55="MN",$U55/2,IF($Y55="MTN",$U55/3,0))))*Z55 -> 0 | AB55: 1 | AC55: =+IF($Y55="T",$U55,IF($Y55="MT",$U55/2,IF($Y55="TN",$U55/2,IF($Y55="MTN",$U55/3,0))))*AB55 -> 0 | AD55: 1 | AE55: =+IF($Y55="N",$U55,IF($Y55="MN",$U55/2,IF($Y55="TN",$U55/2,IF($Y55="MTN",$U55/3,0))))*AD55 -> 0 | AG55: =+AF55/AH$4 -> #DIV/0! | AH55: =AG55*AG$4/12 -> #DIV/0! | AI55: 5.4 | AJ55: =+AI55/AK$4 -> #DIV/0! | AK55: =AJ55*AJ$4/12 -> #DIV/0! | AL55: 20.57 | AM55: =+AL55/AN$4 -> #DIV/0! | AN55: =AM55*AM$4/12 -> #DIV/0! | AP55: =+AO55/AQ$4 -> #DIV/0! | AQ55: =AP55*AP$4/12 -> #DIV/0! | AS55: =+AR55/AT$4 -> 0 | AT55: =AS55*AS$4/12 -> 0 | AU55: 20.57 | AV55: =+AU55/AW$4 -> #DIV/0! | AW55: =AV55*AV$4/12 -> #DIV/0! | AY55: =+AX55/AZ$4 -> 0 | AZ55: =AY55*AY$4/12 -> 0 | BA55: =+AH55+AK55+AN55+AQ55+AT55+AW55+AZ55 -> #DIV/0!
B56: Escola Jaume Balmes - Primaria | C56: P Primera | D56: Aseo + bugaderia | E56: Gres | F56: 7.42 | H56: Diario 5/7 | I56: =IF(H56=Tablas!$B$5,Tablas!$C$5,VLOOKUP(H56,Tablas!$B$5:$D$40,2,FALSE)) -> 19 | J56: =IF(I56=0,"",VLOOKUP(I56,Tablas!$C$5:$D$40,2,FALSE)) -> 21.72619 | K56: =IF(G56=0,"0",F56/G56) -> 0 | L56: =IF($X56=3,$K56,0)+IF($X56=4,$K56,0)+IF($X56=5,$K56,0)+IF($X56=6,$K56,0)+IF($X56=7,$K56,0)+IF($X56=10,$K56*2,0)+IF($X56=12,$K56*2,0)+IF($X56=14,$K56*2,0)+IF($X56=21,$K56*3,0)+IF($X56<=1,$K56*$J56/21.75,0)+IF($X56=15,$K56*3,0) -> 0 | M56: =IF($X56=2,$K56,0)+IF($X56=4,$K56,0)+IF($X56=5,$K56,0)+IF($X56=6,$K56,0)+IF($X56=7,$K56,0)+IF($X56=10,$K56*2,0)+IF($X56=12,$K56*2,0)+IF($X56=14,$K56*2,0)+IF($X56=15,$K56*3,0)+IF($X56=21,$K56*3,0)+IF($X56<=1,$K56*$J56/21.75,0) -> 0 | N56: =IF($X56=3,$K56,0)+IF($X56=4,$K56,0)+IF($X56=5,$K56,0)+IF($X56=6,$K56,0)+IF($X56=7,$K56,0)+IF($X56=10,$K56*2,0)+IF($X56=12,$K56*2,0)+IF($X56=14,$K56*2,0)+IF($X56=21,$K56*3,0)+IF($X56<=1,$K56*$J56/21.75,0)+IF($X56=15,$K56*3,0) -> 0 | O56: =IF($X56=2,$K56,0)+IF($X56=4,$K56,0)+IF($X56=5,$K56,0)+IF($X56=6,$K56,0)+IF($X56=7,$K56,0)+IF($X56=10,$K56*2,0)+IF($X56=12,$K56*2,0)+IF($X56=14,$K56*2,0)+IF($X56=15,$K56*3,0)+IF($X56=21,$K56*3,0)+IF($X56<=1,$K56*$J56/21.75,0) -> 0 | P56: =IF($X56=3,$K56,0)+IF($X56=4,$K56,0)+IF($X56=5,$K56,0)+IF($X56=6,$K56,0)+IF($X56=7,$K56,0)+IF($X56=10,$K56*2,0)+IF($X56=12,$K56*2,0)+IF($X56=14,$K56*2,0)+IF($X56=21,$K56*3,0)+IF($X56<=1,$K56*$J56/21.75,0)+IF($X56=15,$K56*3,0) -> 0 | Q56: 0.75 | R56: =(IF($X56=6,$K56,)+IF($X56=7,$K56,)+IF($X56=12,$K56*2,)+IF($X56=18,$K56*3,)+IF($X56=21,$K56*3,)+IF($X56=14,$K56*2,))*Q56 -> 0 | S56: 0.75 | T56: =(IF($X56=7,$K56,)+IF($X56=21,$K56*3,)+IF($X56=14,$K56*2,))*S56 -> 0 | U56: =SUM(+L56+M56+N56+O56+P56+R56+T56) -> 0 | V56: =+U56*4.345 -> 0 | W56: =IF(V56="","",$W$4*V56) -> 0 | X56: =ROUND(J56/4.3452380952381,1) -> 5 | Y56: T | Z56: 1 | AA56: =+IF($Y56="M",$U56,IF($Y56="MT",$U56/2,IF(Y56="MN",$U56/2,IF($Y56="MTN",$U56/3,0))))*Z56 -> 0 | AB56: 1 | AC56: =+IF($Y56="T",$U56,IF($Y56="MT",$U56/2,IF($Y56="TN",$U56/2,IF($Y56="MTN",$U56/3,0))))*AB56 -> 0 | AD56: 1 | AE56: =+IF($Y56="N",$U56,IF($Y56="MN",$U56/2,IF($Y56="TN",$U56/2,IF($Y56="MTN",$U56/3,0))))*AD56 -> 0 | AG56: =+AF56/AH$4 -> #DIV/0! | AH56: =AG56*AG$4/12 -> #DIV/0! | AI56: 2.7 | AJ56: =+AI56/AK$4 -> #DIV/0! | AK56: =AJ56*AJ$4/12 -> #DIV/0! | AL56: 7.42 | AM56: =+AL56/AN$4 -> #DIV/0! | AN56: =AM56*AM$4/12 -> #DIV/0! | AP56: =+AO56/AQ$4 -> #DIV/0! | AQ56: =AP56*AP$4/12 -> #DIV/0! | AS56: =+AR56/AT$4 -> 0 | AT56: =AS56*AS$4/12 -> 0 | AU56: 7.42 | AV56: =+AU56/AW$4 -> #DIV/0! | AW56: =AV56*AV$4/12 -> #DIV/0! | AY56: =+AX56/AZ$4 -> 0 | AZ56: =AY56*AY$4/12 -> 0 | BA56: =+AH56+AK56+AN56+AQ56+AT56+AW56+AZ56 -> #DIV/0!
B57: Escola Jaume Balmes - Primaria | C57: P Primera | D57: Pasadissos | F57: 71.85 | H57: Diario 5/7 | I57: =IF(H57=Tablas!$B$5,Tablas!$C$5,VLOOKUP(H57,Tablas!$B$5:$D$40,2,FALSE)) -> 19 | J57: =IF(I57=0,"",VLOOKUP(I57,Tablas!$C$5:$D$40,2,FALSE)) -> 21.72619 | K57: =IF(G57=0,"0",F57/G57) -> 0 | L57: =IF($X57=3,$K57,0)+IF($X57=4,$K57,0)+IF($X57=5,$K57,0)+IF($X57=6,$K57,0)+IF($X57=7,$K57,0)+IF($X57=10,$K57*2,0)+IF($X57=12,$K57*2,0)+IF($X57=14,$K57*2,0)+IF($X57=21,$K57*3,0)+IF($X57<=1,$K57*$J57/21.75,0)+IF($X57=15,$K57*3,0) -> 0 | M57: =IF($X57=2,$K57,0)+IF($X57=4,$K57,0)+IF($X57=5,$K57,0)+IF($X57=6,$K57,0)+IF($X57=7,$K57,0)+IF($X57=10,$K57*2,0)+IF($X57=12,$K57*2,0)+IF($X57=14,$K57*2,0)+IF($X57=15,$K57*3,0)+IF($X57=21,$K57*3,0)+IF($X57<=1,$K57*$J57/21.75,0) -> 0 | N57: =IF($X57=3,$K57,0)+IF($X57=4,$K57,0)+IF($X57=5,$K57,0)+IF($X57=6,$K57,0)+IF($X57=7,$K57,0)+IF($X57=10,$K57*2,0)+IF($X57=12,$K57*2,0)+IF($X57=14,$K57*2,0)+IF($X57=21,$K57*3,0)+IF($X57<=1,$K57*$J57/21.75,0)+IF($X57=15,$K57*3,0) -> 0 | O57: =IF($X57=2,$K57,0)+IF($X57=4,$K57,0)+IF($X57=5,$K57,0)+IF($X57=6,$K57,0)+IF($X57=7,$K57,0)+IF($X57=10,$K57*2,0)+IF($X57=12,$K57*2,0)+IF($X57=14,$K57*2,0)+IF($X57=15,$K57*3,0)+IF($X57=21,$K57*3,0)+IF($X57<=1,$K57*$J57/21.75,0) -> 0 | P57: =IF($X57=3,$K57,0)+IF($X57=4,$K57,0)+IF($X57=5,$K57,0)+IF($X57=6,$K57,0)+IF($X57=7,$K57,0)+IF($X57=10,$K57*2,0)+IF($X57=12,$K57*2,0)+IF($X57=14,$K57*2,0)+IF($X57=21,$K57*3,0)+IF($X57<=1,$K57*$J57/21.75,0)+IF($X57=15,$K57*3,0) -> 0 | Q57: 0.75 | R57: =(IF($X57=6,$K57,)+IF($X57=7,$K57,)+IF($X57=12,$K57*2,)+IF($X57=18,$K57*3,)+IF($X57=21,$K57*3,)+IF($X57=14,$K57*2,))*Q57 -> 0 | S57: 0.75 | T57: =(IF($X57=7,$K57,)+IF($X57=21,$K57*3,)+IF($X57=14,$K57*2,))*S57 -> 0 | U57: =SUM(+L57+M57+N57+O57+P57+R57+T57) -> 0 | V57: =+U57*4.345 -> 0 | W57: =IF(V57="","",$W$4*V57) -> 0 | X57: =ROUND(J57/4.3452380952381,1) -> 5 | Y57: T | Z57: 1 | AA57: =+IF($Y57="M",$U57,IF($Y57="MT",$U57/2,IF(Y57="MN",$U57/2,IF($Y57="MTN",$U57/3,0))))*Z57 -> 0 | AB57: 1 | AC57: =+IF($Y57="T",$U57,IF($Y57="MT",$U57/2,IF($Y57="TN",$U57/2,IF($Y57="MTN",$U57/3,0))))*AB57 -> 0 | AD57: 1 | AE57: =+IF($Y57="N",$U57,IF($Y57="MN",$U57/2,IF($Y57="TN",$U57/2,IF($Y57="MTN",$U57/3,0))))*AD57 -> 0 | AG57: =+AF57/AH$4 -> #DIV/0! | AH57: =AG57*AG$4/12 -> #DIV/0! | AI57: 8.1 | AJ57: =+AI57/AK$4 -> #DIV/0! | AK57: =AJ57*AJ$4/12 -> #DIV/0! | AL57: 71.85 | AM57: =+AL57/AN$4 -> #DIV/0! | AN57: =AM57*AM$4/12 -> #DIV/0! | AP57: =+AO57/AQ$4 -> #DIV/0! | AQ57: =AP57*AP$4/12 -> #DIV/0! | AS57: =+AR57/AT$4 -> 0 | AT57: =AS57*AS$4/12 -> 0 | AU57: 71.85 | AV57: =+AU57/AW$4 -> #DIV/0! | AW57: =AV57*AV$4/12 -> #DIV/0! | AY57: =+AX57/AZ$4 -> 0 | AZ57: =AY57*AY$4/12 -> 0 | BA57: =+AH57+AK57+AN57+AQ57+AT57+AW57+AZ57 -> #DIV/0!
B58: Escola Jaume Balmes - Primaria | C58: P Primera | D58: Aula | F58: 28.56 | H58: Diario 5/7 | I58: =IF(H58=Tablas!$B$5,Tablas!$C$5,VLOOKUP(H58,Tablas!$B$5:$D$40,2,FALSE)) -> 19 | J58: =IF(I58=0,"",VLOOKUP(I58,Tablas!$C$5:$D$40,2,FALSE)) -> 21.72619 | K58: =IF(G58=0,"0",F58/G58) -> 0 | L58: =IF($X58=3,$K58,0)+IF($X58=4,$K58,0)+IF($X58=5,$K58,0)+IF($X58=6,$K58,0)+IF($X58=7,$K58,0)+IF($X58=10,$K58*2,0)+IF($X58=12,$K58*2,0)+IF($X58=14,$K58*2,0)+IF($X58=21,$K58*3,0)+IF($X58<=1,$K58*$J58/21.75,0)+IF($X58=15,$K58*3,0) -> 0 | M58: =IF($X58=2,$K58,0)+IF($X58=4,$K58,0)+IF($X58=5,$K58,0)+IF($X58=6,$K58,0)+IF($X58=7,$K58,0)+IF($X58=10,$K58*2,0)+IF($X58=12,$K58*2,0)+IF($X58=14,$K58*2,0)+IF($X58=15,$K58*3,0)+IF($X58=21,$K58*3,0)+IF($X58<=1,$K58*$J58/21.75,0) -> 0 | N58: =IF($X58=3,$K58,0)+IF($X58=4,$K58,0)+IF($X58=5,$K58,0)+IF($X58=6,$K58,0)+IF($X58=7,$K58,0)+IF($X58=10,$K58*2,0)+IF($X58=12,$K58*2,0)+IF($X58=14,$K58*2,0)+IF($X58=21,$K58*3,0)+IF($X58<=1,$K58*$J58/21.75,0)+IF($X58=15,$K58*3,0) -> 0 | O58: =IF($X58=2,$K58,0)+IF($X58=4,$K58,0)+IF($X58=5,$K58,0)+IF($X58=6,$K58,0)+IF($X58=7,$K58,0)+IF($X58=10,$K58*2,0)+IF($X58=12,$K58*2,0)+IF($X58=14,$K58*2,0)+IF($X58=15,$K58*3,0)+IF($X58=21,$K58*3,0)+IF($X58<=1,$K58*$J58/21.75,0) -> 0 | P58: =IF($X58=3,$K58,0)+IF($X58=4,$K58,0)+IF($X58=5,$K58,0)+IF($X58=6,$K58,0)+IF($X58=7,$K58,0)+IF($X58=10,$K58*2,0)+IF($X58=12,$K58*2,0)+IF($X58=14,$K58*2,0)+IF($X58=21,$K58*3,0)+IF($X58<=1,$K58*$J58/21.75,0)+IF($X58=15,$K58*3,0) -> 0 | Q58: 0.75 | R58: =(IF($X58=6,$K58,)+IF($X58=7,$K58,)+IF($X58=12,$K58*2,)+IF($X58=18,$K58*3,)+IF($X58=21,$K58*3,)+IF($X58=14,$K58*2,))*Q58 -> 0 | S58: 0.75 | T58: =(IF($X58=7,$K58,)+IF($X58=21,$K58*3,)+IF($X58=14,$K58*2,))*S58 -> 0 | U58: =SUM(+L58+M58+N58+O58+P58+R58+T58) -> 0 | V58: =+U58*4.345 -> 0 | W58: =IF(V58="","",$W$4*V58) -> 0 | X58: =ROUND(J58/4.3452380952381,1) -> 5 | Y58: T | Z58: 1 | AA58: =+IF($Y58="M",$U58,IF($Y58="MT",$U58/2,IF(Y58="MN",$U58/2,IF($Y58="MTN",$U58/3,0))))*Z58 -> 0 | AB58: 1 | AC58: =+IF($Y58="T",$U58,IF($Y58="MT",$U58/2,IF($Y58="TN",$U58/2,IF($Y58="MTN",$U58/3,0))))*AB58 -> 0 | AD58: 1 | AE58: =+IF($Y58="N",$U58,IF($Y58="MN",$U58/2,IF($Y58="TN",$U58/2,IF($Y58="MTN",$U58/3,0))))*AD58 -> 0 | AG58: =+AF58/AH$4 -> #DIV/0! | AH58: =AG58*AG$4/12 -> #DIV/0! | AI58: 5.4 | AJ58: =+AI58/AK$4 -> #DIV/0! | AK58: =AJ58*AJ$4/12 -> #DIV/0! | AL58: 28.56 | AM58: =+AL58/AN$4 -> #DIV/0! | AN58: =AM58*AM$4/12 -> #DIV/0! | AP58: =+AO58/AQ$4 -> #DIV/0! | AQ58: =AP58*AP$4/12 -> #DIV/0! | AS58: =+AR58/AT$4 -> 0 | AT58: =AS58*AS$4/12 -> 0 | AU58: 28.56 | AV58: =+AU58/AW$4 -> #DIV/0! | AW58: =AV58*AV$4/12 -> #DIV/0! | AY58: =+AX58/AZ$4 -> 0 | AZ58: =AY58*AY$4/12 -> 0 | BA58: =+AH58+AK58+AN58+AQ58+AT58+AW58+AZ58 -> #DIV/0!
B59: Escola Jaume Balmes - Primaria | C59: P Primera | D59: Passadissos | F59: 110.06 | H59: Diario 5/7 | I59: =IF(H59=Tablas!$B$5,Tablas!$C$5,VLOOKUP(H59,Tablas!$B$5:$D$40,2,FALSE)) -> 19 | J59: =IF(I59=0,"",VLOOKUP(I59,Tablas!$C$5:$D$40,2,FALSE)) -> 21.72619 | K59: =IF(G59=0,"0",F59/G59) -> 0 | L59: =IF($X59=3,$K59,0)+IF($X59=4,$K59,0)+IF($X59=5,$K59,0)+IF($X59=6,$K59,0)+IF($X59=7,$K59,0)+IF($X59=10,$K59*2,0)+IF($X59=12,$K59*2,0)+IF($X59=14,$K59*2,0)+IF($X59=21,$K59*3,0)+IF($X59<=1,$K59*$J59/21.75,0)+IF($X59=15,$K59*3,0) -> 0 | M59: =IF($X59=2,$K59,0)+IF($X59=4,$K59,0)+IF($X59=5,$K59,0)+IF($X59=6,$K59,0)+IF($X59=7,$K59,0)+IF($X59=10,$K59*2,0)+IF($X59=12,$K59*2,0)+IF($X59=14,$K59*2,0)+IF($X59=15,$K59*3,0)+IF($X59=21,$K59*3,0)+IF($X59<=1,$K59*$J59/21.75,0) -> 0 | N59: =IF($X59=3,$K59,0)+IF($X59=4,$K59,0)+IF($X59=5,$K59,0)+IF($X59=6,$K59,0)+IF($X59=7,$K59,0)+IF($X59=10,$K59*2,0)+IF($X59=12,$K59*2,0)+IF($X59=14,$K59*2,0)+IF($X59=21,$K59*3,0)+IF($X59<=1,$K59*$J59/21.75,0)+IF($X59=15,$K59*3,0) -> 0 | O59: =IF($X59=2,$K59,0)+IF($X59=4,$K59,0)+IF($X59=5,$K59,0)+IF($X59=6,$K59,0)+IF($X59=7,$K59,0)+IF($X59=10,$K59*2,0)+IF($X59=12,$K59*2,0)+IF($X59=14,$K59*2,0)+IF($X59=15,$K59*3,0)+IF($X59=21,$K59*3,0)+IF($X59<=1,$K59*$J59/21.75,0) -> 0 | P59: =IF($X59=3,$K59,0)+IF($X59=4,$K59,0)+IF($X59=5,$K59,0)+IF($X59=6,$K59,0)+IF($X59=7,$K59,0)+IF($X59=10,$K59*2,0)+IF($X59=12,$K59*2,0)+IF($X59=14,$K59*2,0)+IF($X59=21,$K59*3,0)+IF($X59<=1,$K59*$J59/21.75,0)+IF($X59=15,$K59*3,0) -> 0 | Q59: 0.75 | R59: =(IF($X59=6,$K59,)+IF($X59=7,$K59,)+IF($X59=12,$K59*2,)+IF($X59=18,$K59*3,)+IF($X59=21,$K59*3,)+IF($X59=14,$K59*2,))*Q59 -> 0 | S59: 0.75 | T59: =(IF($X59=7,$K59,)+IF($X59=21,$K59*3,)+IF($X59=14,$K59*2,))*S59 -> 0 | U59: =SUM(+L59+M59+N59+O59+P59+R59+T59) -> 0 | V59: =+U59*4.345 -> 0 | W59: =IF(V59="","",$W$4*V59) -> 0 | X59: =ROUND(J59/4.3452380952381,1) -> 5 | Y59: T | Z59: 1 | AA59: =+IF($Y59="M",$U59,IF($Y59="MT",$U59/2,IF(Y59="MN",$U59/2,IF($Y59="MTN",$U59/3,0))))*Z59 -> 0 | AB59: 1 | AC59: =+IF($Y59="T",$U59,IF($Y59="MT",$U59/2,IF($Y59="TN",$U59/2,IF($Y59="MTN",$U59/3,0))))*AB59 -> 0 | AD59: 1 | AE59: =+IF($Y59="N",$U59,IF($Y59="MN",$U59/2,IF($Y59="TN",$U59/2,IF($Y59="MTN",$U59/3,0))))*AD59 -> 0 | AG59: =+AF59/AH$4 -> #DIV/0! | AH59: =AG59*AG$4/12 -> #DIV/0! | AI59: 14.85 | AJ59: =+AI59/AK$4 -> #DIV/0! | AK59: =AJ59*AJ$4/12 -> #DIV/0! | AL59: 110.06 | AM59: =+AL59/AN$4 -> #DIV/0! | AN59: =AM59*AM$4/12 -> #DIV/0! | AP59: =+AO59/AQ$4 -> #DIV/0! | AQ59: =AP59*AP$4/12 -> #DIV/0! | AS59: =+AR59/AT$4 -> 0 | AT59: =AS59*AS$4/12 -> 0 | AU59: 110.06 | AV59: =+AU59/AW$4 -> #DIV/0! | AW59: =AV59*AV$4/12 -> #DIV/0! | AY59: =+AX59/AZ$4 -> 0 | AZ59: =AY59*AY$4/12 -> 0 | BA59: =+AH59+AK59+AN59+AQ59+AT59+AW59+AZ59 -> #DIV/0!
B60: Escola Jaume Balmes - Primaria | C60: Planta Baixa | D60: Menjador (vidres) | I60: =IF(H60=Tablas!$B$5,Tablas!$C$5,VLOOKUP(H60,Tablas!$B$5:$D$40,2,FALSE)) -> 1 | J60: =IF(I60=0,"",VLOOKUP(I60,Tablas!$C$5:$D$40,2,FALSE)) -> 0 | K60: =IF(G60=0,"0",F60/G60) -> 0 | L60: =IF($X60=3,$K60,0)+IF($X60=4,$K60,0)+IF($X60=5,$K60,0)+IF($X60=6,$K60,0)+IF($X60=7,$K60,0)+IF($X60=10,$K60*2,0)+IF($X60=12,$K60*2,0)+IF($X60=14,$K60*2,0)+IF($X60=21,$K60*3,0)+IF($X60<=1,$K60*$J60/21.75,0)+IF($X60=15,$K60*3,0) -> 0 | M60: =IF($X60=2,$K60,0)+IF($X60=4,$K60,0)+IF($X60=5,$K60,0)+IF($X60=6,$K60,0)+IF($X60=7,$K60,0)+IF($X60=10,$K60*2,0)+IF($X60=12,$K60*2,0)+IF($X60=14,$K60*2,0)+IF($X60=15,$K60*3,0)+IF($X60=21,$K60*3,0)+IF($X60<=1,$K60*$J60/21.75,0) -> 0 | N60: =IF($X60=3,$K60,0)+IF($X60=4,$K60,0)+IF($X60=5,$K60,0)+IF($X60=6,$K60,0)+IF($X60=7,$K60,0)+IF($X60=10,$K60*2,0)+IF($X60=12,$K60*2,0)+IF($X60=14,$K60*2,0)+IF($X60=21,$K60*3,0)+IF($X60<=1,$K60*$J60/21.75,0)+IF($X60=15,$K60*3,0) -> 0 | O60: =IF($X60=2,$K60,0)+IF($X60=4,$K60,0)+IF($X60=5,$K60,0)+IF($X60=6,$K60,0)+IF($X60=7,$K60,0)+IF($X60=10,$K60*2,0)+IF($X60=12,$K60*2,0)+IF($X60=14,$K60*2,0)+IF($X60=15,$K60*3,0)+IF($X60=21,$K60*3,0)+IF($X60<=1,$K60*$J60/21.75,0) -> 0 | P60: =IF($X60=3,$K60,0)+IF($X60=4,$K60,0)+IF($X60=5,$K60,0)+IF($X60=6,$K60,0)+IF($X60=7,$K60,0)+IF($X60=10,$K60*2,0)+IF($X60=12,$K60*2,0)+IF($X60=14,$K60*2,0)+IF($X60=21,$K60*3,0)+IF($X60<=1,$K60*$J60/21.75,0)+IF($X60=15,$K60*3,0) -> 0 | Q60: 0.75 | R60: =(IF($X60=6,$K60,)+IF($X60=7,$K60,)+IF($X60=12,$K60*2,)+IF($X60=18,$K60*3,)+IF($X60=21,$K60*3,)+IF($X60=14,$K60*2,))*Q60 -> 0 | S60: 0.75 | T60: =(IF($X60=7,$K60,)+IF($X60=21,$K60*3,)+IF($X60=14,$K60*2,))*S60 -> 0 | U60: =SUM(+L60+M60+N60+O60+P60+R60+T60) -> 0 | V60: =+U60*4.345 -> 0 | W60: =IF(V60="","",$W$4*V60) -> 0 | X60: =ROUND(J60/4.3452380952381,1) -> 0 | Y60: T | Z60: 1 | AA60: =+IF($Y60="M",$U60,IF($Y60="MT",$U60/2,IF(Y60="MN",$U60/2,IF($Y60="MTN",$U60/3,0))))*Z60 -> 0 | AB60: 1 | AC60: =+IF($Y60="T",$U60,IF($Y60="MT",$U60/2,IF($Y60="TN",$U60/2,IF($Y60="MTN",$U60/3,0))))*AB60 -> 0 | AD60: 1 | AE60: =+IF($Y60="N",$U60,IF($Y60="MN",$U60/2,IF($Y60="TN",$U60/2,IF($Y60="MTN",$U60/3,0))))*AD60 -> 0 | AF60: 6 | AG60: =+AF60/AH$4 -> #DIV/0! | AH60: =AG60*AG$4/12 -> #DIV/0! | AJ60: =+AI60/AK$4 -> #DIV/0! | AK60: =AJ60*AJ$4/12 -> #DIV/0! | AM60: =+AL60/AN$4 -> #DIV/0! | AN60: =AM60*AM$4/12 -> #DIV/0! | AP60: =+AO60/AQ$4 -> #DIV/0! | AQ60: =AP60*AP$4/12 -> #DIV/0! | AS60: =+AR60/AT$4 -> 0 | AT60: =AS60*AS$4/12 -> 0 | AV60: =+AU60/AW$4 -> #DIV/0! | AW60: =AV60*AV$4/12 -> #DIV/0! | AY60: =+AX60/AZ$4 -> 0 | AZ60: =AY60*AY$4/12 -> 0 | BA60: =+AH60+AK60+AN60+AQ60+AT60+AW60+AZ60 -> #DIV/0!
I61: =IF(H61=Tablas!$B$5,Tablas!$C$5,VLOOKUP(H61,Tablas!$B$5:$D$40,2,FALSE)) -> 1 | J61: =IF(I61=0,"",VLOOKUP(I61,Tablas!$C$5:$D$40,2,FALSE)) -> 0 | K61: =IF(G61=0,"0",F61/G61) -> 0 | L61: =IF($X61=3,$K61,0)+IF($X61=4,$K61,0)+IF($X61=5,$K61,0)+IF($X61=6,$K61,0)+IF($X61=7,$K61,0)+IF($X61=10,$K61*2,0)+IF($X61=12,$K61*2,0)+IF($X61=14,$K61*2,0)+IF($X61=21,$K61*3,0)+IF($X61<=1,$K61*$J61/21.75,0)+IF($X61=15,$K61*3,0) -> 0 | M61: =IF($X61=2,$K61,0)+IF($X61=4,$K61,0)+IF($X61=5,$K61,0)+IF($X61=6,$K61,0)+IF($X61=7,$K61,0)+IF($X61=10,$K61*2,0)+IF($X61=12,$K61*2,0)+IF($X61=14,$K61*2,0)+IF($X61=15,$K61*3,0)+IF($X61=21,$K61*3,0)+IF($X61<=1,$K61*$J61/21.75,0) -> 0 | N61: =IF($X61=3,$K61,0)+IF($X61=4,$K61,0)+IF($X61=5,$K61,0)+IF($X61=6,$K61,0)+IF($X61=7,$K61,0)+IF($X61=10,$K61*2,0)+IF($X61=12,$K61*2,0)+IF($X61=14,$K61*2,0)+IF($X61=21,$K61*3,0)+IF($X61<=1,$K61*$J61/21.75,0)+IF($X61=15,$K61*3,0) -> 0 | O61: =IF($X61=2,$K61,0)+IF($X61=4,$K61,0)+IF($X61=5,$K61,0)+IF($X61=6,$K61,0)+IF($X61=7,$K61,0)+IF($X61=10,$K61*2,0)+IF($X61=12,$K61*2,0)+IF($X61=14,$K61*2,0)+IF($X61=15,$K61*3,0)+IF($X61=21,$K61*3,0)+IF($X61<=1,$K61*$J61/21.75,0) -> 0 | P61: =IF($X61=3,$K61,0)+IF($X61=4,$K61,0)+IF($X61=5,$K61,0)+IF($X61=6,$K61,0)+IF($X61=7,$K61,0)+IF($X61=10,$K61*2,0)+IF($X61=12,$K61*2,0)+IF($X61=14,$K61*2,0)+IF($X61=21,$K61*3,0)+IF($X61<=1,$K61*$J61/21.75,0)+IF($X61=15,$K61*3,0) -> 0 | Q61: 0.75 | R61: =(IF($X61=6,$K61,)+IF($X61=7,$K61,)+IF($X61=12,$K61*2,)+IF($X61=18,$K61*3,)+IF($X61=21,$K61*3,)+IF($X61=14,$K61*2,))*Q61 -> 0 | S61: 0.75 | T61: =(IF($X61=7,$K61,)+IF($X61=21,$K61*3,)+IF($X61=14,$K61*2,))*S61 -> 0 | U61: =SUM(+L61+M61+N61+O61+P61+R61+T61) -> 0 | V61: =+U61*4.345 -> 0 | W61: =IF(V61="","",$W$4*V61) -> 0 | X61: =ROUND(J61/4.3452380952381,1) -> 0 | Y61: T | Z61: 1 | AA61: =+IF($Y61="M",$U61,IF($Y61="MT",$U61/2,IF(Y61="MN",$U61/2,IF($Y61="MTN",$U61/3,0))))*Z61 -> 0 | AB61: 1 | AC61: =+IF($Y61="T",$U61,IF($Y61="MT",$U61/2,IF($Y61="TN",$U61/2,IF($Y61="MTN",$U61/3,0))))*AB61 -> 0 | AD61: 1 | AE61: =+IF($Y61="N",$U61,IF($Y61="MN",$U61/2,IF($Y61="TN",$U61/2,IF($Y61="MTN",$U61/3,0))))*AD61 -> 0 | AG61: =+AF61/AH$4 -> #DIV/0! | AH61: =AG61*AG$4/12 -> #DIV/0! | AJ61: =+AI61/AK$4 -> #DIV/0! | AK61: =AJ61*AJ$4/12 -> #DIV/0! | AM61: =+AL61/AN$4 -> #DIV/0! | AN61: =AM61*AM$4/12 -> #DIV/0! | AP61: =+AO61/AQ$4 -> #DIV/0! | AQ61: =AP61*AP$4/12 -> #DIV/0! | AS61: =+AR61/AT$4 -> 0 | AT61: =AS61*AS$4/12 -> 0 | AV61: =+AU61/AW$4 -> #DIV/0! | AW61: =AV61*AV$4/12 -> #DIV/0! | AY61: =+AX61/AZ$4 -> 0 | AZ61: =AY61*AY$4/12 -> 0 | BA61: =+AH61+AK61+AN61+AQ61+AT61+AW61+AZ61 -> #DIV/0!
I62: =IF(H62=Tablas!$B$5,Tablas!$C$5,VLOOKUP(H62,Tablas!$B$5:$D$40,2,FALSE)) -> 1 | J62: =IF(I62=0,"",VLOOKUP(I62,Tablas!$C$5:$D$40,2,FALSE)) -> 0 | K62: =IF(G62=0,"0",F62/G62) -> 0 | L62: =IF($X62=3,$K62,0)+IF($X62=4,$K62,0)+IF($X62=5,$K62,0)+IF($X62=6,$K62,0)+IF($X62=7,$K62,0)+IF($X62=10,$K62*2,0)+IF($X62=12,$K62*2,0)+IF($X62=14,$K62*2,0)+IF($X62=21,$K62*3,0)+IF($X62<=1,$K62*$J62/21.75,0)+IF($X62=15,$K62*3,0) -> 0 | M62: =IF($X62=2,$K62,0)+IF($X62=4,$K62,0)+IF($X62=5,$K62,0)+IF($X62=6,$K62,0)+IF($X62=7,$K62,0)+IF($X62=10,$K62*2,0)+IF($X62=12,$K62*2,0)+IF($X62=14,$K62*2,0)+IF($X62=15,$K62*3,0)+IF($X62=21,$K62*3,0)+IF($X62<=1,$K62*$J62/21.75,0) -> 0 | N62: =IF($X62=3,$K62,0)+IF($X62=4,$K62,0)+IF($X62=5,$K62,0)+IF($X62=6,$K62,0)+IF($X62=7,$K62,0)+IF($X62=10,$K62*2,0)+IF($X62=12,$K62*2,0)+IF($X62=14,$K62*2,0)+IF($X62=21,$K62*3,0)+IF($X62<=1,$K62*$J62/21.75,0)+IF($X62=15,$K62*3,0) -> 0 | O62: =IF($X62=2,$K62,0)+IF($X62=4,$K62,0)+IF($X62=5,$K62,0)+IF($X62=6,$K62,0)+IF($X62=7,$K62,0)+IF($X62=10,$K62*2,0)+IF($X62=12,$K62*2,0)+IF($X62=14,$K62*2,0)+IF($X62=15,$K62*3,0)+IF($X62=21,$K62*3,0)+IF($X62<=1,$K62*$J62/21.75,0) -> 0 | P62: =IF($X62=3,$K62,0)+IF($X62=4,$K62,0)+IF($X62=5,$K62,0)+IF($X62=6,$K62,0)+IF($X62=7,$K62,0)+IF($X62=10,$K62*2,0)+IF($X62=12,$K62*2,0)+IF($X62=14,$K62*2,0)+IF($X62=21,$K62*3,0)+IF($X62<=1,$K62*$J62/21.75,0)+IF($X62=15,$K62*3,0) -> 0 | Q62: 0.75 | R62: =(IF($X62=6,$K62,)+IF($X62=7,$K62,)+IF($X62=12,$K62*2,)+IF($X62=18,$K62*3,)+IF($X62=21,$K62*3,)+IF($X62=14,$K62*2,))*Q62 -> 0 | S62: 0.75 | T62: =(IF($X62=7,$K62,)+IF($X62=21,$K62*3,)+IF($X62=14,$K62*2,))*S62 -> 0 | U62: =SUM(+L62+M62+N62+O62+P62+R62+T62) -> 0 | V62: =+U62*4.345 -> 0 | W62: =IF(V62="","",$W$4*V62) -> 0 | X62: =ROUND(J62/4.3452380952381,1) -> 0 | Y62: T | Z62: 1 | AA62: =+IF($Y62="M",$U62,IF($Y62="MT",$U62/2,IF(Y62="MN",$U62/2,IF($Y62="MTN",$U62/3,0))))*Z62 -> 0 | AB62: 1 | AC62: =+IF($Y62="T",$U62,IF($Y62="MT",$U62/2,IF($Y62="TN",$U62/2,IF($Y62="MTN",$U62/3,0))))*AB62 -> 0 | AD62: 1 | AE62: =+IF($Y62="N",$U62,IF($Y62="MN",$U62/2,IF($Y62="TN",$U62/2,IF($Y62="MTN",$U62/3,0))))*AD62 -> 0 | AG62: =+AF62/AH$4 -> #DIV/0! | AH62: =AG62*AG$4/12 -> #DIV/0! | AJ62: =+AI62/AK$4 -> #DIV/0! | AK62: =AJ62*AJ$4/12 -> #DIV/0! | AM62: =+AL62/AN$4 -> #DIV/0! | AN62: =AM62*AM$4/12 -> #DIV/0! | AP62: =+AO62/AQ$4 -> #DIV/0! | AQ62: =AP62*AP$4/12 -> #DIV/0! | AS62: =+AR62/AT$4 -> 0 | AT62: =AS62*AS$4/12 -> 0 | AV62: =+AU62/AW$4 -> #DIV/0! | AW62: =AV62*AV$4/12 -> #DIV/0! | AY62: =+AX62/AZ$4 -> 0 | AZ62: =AY62*AY$4/12 -> 0 | BA62: =+AH62+AK62+AN62+AQ62+AT62+AW62+AZ62 -> #DIV/0!
I63: =IF(H63=Tablas!$B$5,Tablas!$C$5,VLOOKUP(H63,Tablas!$B$5:$D$40,2,FALSE)) -> 1 | J63: =IF(I63=0,"",VLOOKUP(I63,Tablas!$C$5:$D$40,2,FALSE)) -> 0 | K63: =IF(G63=0,"0",F63/G63) -> 0 | L63: =IF($X63=3,$K63,0)+IF($X63=4,$K63,0)+IF($X63=5,$K63,0)+IF($X63=6,$K63,0)+IF($X63=7,$K63,0)+IF($X63=10,$K63*2,0)+IF($X63=12,$K63*2,0)+IF($X63=14,$K63*2,0)+IF($X63=21,$K63*3,0)+IF($X63<=1,$K63*$J63/21.75,0)+IF($X63=15,$K63*3,0) -> 0 | M63: =IF($X63=2,$K63,0)+IF($X63=4,$K63,0)+IF($X63=5,$K63,0)+IF($X63=6,$K63,0)+IF($X63=7,$K63,0)+IF($X63=10,$K63*2,0)+IF($X63=12,$K63*2,0)+IF($X63=14,$K63*2,0)+IF($X63=15,$K63*3,0)+IF($X63=21,$K63*3,0)+IF($X63<=1,$K63*$J63/21.75,0) -> 0 | N63: =IF($X63=3,$K63,0)+IF($X63=4,$K63,0)+IF($X63=5,$K63,0)+IF($X63=6,$K63,0)+IF($X63=7,$K63,0)+IF($X63=10,$K63*2,0)+IF($X63=12,$K63*2,0)+IF($X63=14,$K63*2,0)+IF($X63=21,$K63*3,0)+IF($X63<=1,$K63*$J63/21.75,0)+IF($X63=15,$K63*3,0) -> 0 | O63: =IF($X63=2,$K63,0)+IF($X63=4,$K63,0)+IF($X63=5,$K63,0)+IF($X63=6,$K63,0)+IF($X63=7,$K63,0)+IF($X63=10,$K63*2,0)+IF($X63=12,$K63*2,0)+IF($X63=14,$K63*2,0)+IF($X63=15,$K63*3,0)+IF($X63=21,$K63*3,0)+IF($X63<=1,$K63*$J63/21.75,0) -> 0 | P63: =IF($X63=3,$K63,0)+IF($X63=4,$K63,0)+IF($X63=5,$K63,0)+IF($X63=6,$K63,0)+IF($X63=7,$K63,0)+IF($X63=10,$K63*2,0)+IF($X63=12,$K63*2,0)+IF($X63=14,$K63*2,0)+IF($X63=21,$K63*3,0)+IF($X63<=1,$K63*$J63/21.75,0)+IF($X63=15,$K63*3,0) -> 0 | Q63: 0.75 | R63: =(IF($X63=6,$K63,)+IF($X63=7,$K63,)+IF($X63=12,$K63*2,)+IF($X63=18,$K63*3,)+IF($X63=21,$K63*3,)+IF($X63=14,$K63*2,))*Q63 -> 0 | S63: 0.75 | T63: =(IF($X63=7,$K63,)+IF($X63=21,$K63*3,)+IF($X63=14,$K63*2,))*S63 -> 0 | U63: =SUM(+L63+M63+N63+O63+P63+R63+T63) -> 0 | V63: =+U63*4.345 -> 0 | W63: =IF(V63="","",$W$4*V63) -> 0 | X63: =ROUND(J63/4.3452380952381,1) -> 0 | Y63: T | Z63: 1 | AA63: =+IF($Y63="M",$U63,IF($Y63="MT",$U63/2,IF(Y63="MN",$U63/2,IF($Y63="MTN",$U63/3,0))))*Z63 -> 0 | AB63: 1 | AC63: =+IF($Y63="T",$U63,IF($Y63="MT",$U63/2,IF($Y63="TN",$U63/2,IF($Y63="MTN",$U63/3,0))))*AB63 -> 0 | AD63: 1 | AE63: =+IF($Y63="N",$U63,IF($Y63="MN",$U63/2,IF($Y63="TN",$U63/2,IF($Y63="MTN",$U63/3,0))))*AD63 -> 0 | AG63: =+AF63/AH$4 -> #DIV/0! | AH63: =AG63*AG$4/12 -> #DIV/0! | AJ63: =+AI63/AK$4 -> #DIV/0! | AK63: =AJ63*AJ$4/12 -> #DIV/0! | AM63: =+AL63/AN$4 -> #DIV/0! | AN63: =AM63*AM$4/12 -> #DIV/0! | AP63: =+AO63/AQ$4 -> #DIV/0! | AQ63: =AP63*AP$4/12 -> #DIV/0! | AS63: =+AR63/AT$4 -> 0 | AT63: =AS63*AS$4/12 -> 0 | AV63: =+AU63/AW$4 -> #DIV/0! | AW63: =AV63*AV$4/12 -> #DIV/0! | AY63: =+AX63/AZ$4 -> 0 | AZ63: =AY63*AY$4/12 -> 0 | BA63: =+AH63+AK63+AN63+AQ63+AT63+AW63+AZ63 -> #DIV/0!
I64: =IF(H64=Tablas!$B$5,Tablas!$C$5,VLOOKUP(H64,Tablas!$B$5:$D$40,2,FALSE)) -> 1 | J64: =IF(I64=0,"",VLOOKUP(I64,Tablas!$C$5:$D$40,2,FALSE)) -> 0 | K64: =IF(G64=0,"0",F64/G64) -> 0 | L64: =IF($X64=3,$K64,0)+IF($X64=4,$K64,0)+IF($X64=5,$K64,0)+IF($X64=6,$K64,0)+IF($X64=7,$K64,0)+IF($X64=10,$K64*2,0)+IF($X64=12,$K64*2,0)+IF($X64=14,$K64*2,0)+IF($X64=21,$K64*3,0)+IF($X64<=1,$K64*$J64/21.75,0)+IF($X64=15,$K64*3,0) -> 0 | M64: =IF($X64=2,$K64,0)+IF($X64=4,$K64,0)+IF($X64=5,$K64,0)+IF($X64=6,$K64,0)+IF($X64=7,$K64,0)+IF($X64=10,$K64*2,0)+IF($X64=12,$K64*2,0)+IF($X64=14,$K64*2,0)+IF($X64=15,$K64*3,0)+IF($X64=21,$K64*3,0)+IF($X64<=1,$K64*$J64/21.75,0) -> 0 | N64: =IF($X64=3,$K64,0)+IF($X64=4,$K64,0)+IF($X64=5,$K64,0)+IF($X64=6,$K64,0)+IF($X64=7,$K64,0)+IF($X64=10,$K64*2,0)+IF($X64=12,$K64*2,0)+IF($X64=14,$K64*2,0)+IF($X64=21,$K64*3,0)+IF($X64<=1,$K64*$J64/21.75,0)+IF($X64=15,$K64*3,0) -> 0 | O64: =IF($X64=2,$K64,0)+IF($X64=4,$K64,0)+IF($X64=5,$K64,0)+IF($X64=6,$K64,0)+IF($X64=7,$K64,0)+IF($X64=10,$K64*2,0)+IF($X64=12,$K64*2,0)+IF($X64=14,$K64*2,0)+IF($X64=15,$K64*3,0)+IF($X64=21,$K64*3,0)+IF($X64<=1,$K64*$J64/21.75,0) -> 0 | P64: =IF($X64=3,$K64,0)+IF($X64=4,$K64,0)+IF($X64=5,$K64,0)+IF($X64=6,$K64,0)+IF($X64=7,$K64,0)+IF($X64=10,$K64*2,0)+IF($X64=12,$K64*2,0)+IF($X64=14,$K64*2,0)+IF($X64=21,$K64*3,0)+IF($X64<=1,$K64*$J64/21.75,0)+IF($X64=15,$K64*3,0) -> 0 | Q64: 0.75 | R64: =(IF($X64=6,$K64,)+IF($X64=7,$K64,)+IF($X64=12,$K64*2,)+IF($X64=18,$K64*3,)+IF($X64=21,$K64*3,)+IF($X64=14,$K64*2,))*Q64 -> 0 | S64: 0.75 | T64: =(IF($X64=7,$K64,)+IF($X64=21,$K64*3,)+IF($X64=14,$K64*2,))*S64 -> 0 | U64: =SUM(+L64+M64+N64+O64+P64+R64+T64) -> 0 | V64: =+U64*4.345 -> 0 | W64: =IF(V64="","",$W$4*V64) -> 0 | X64: =ROUND(J64/4.3452380952381,1) -> 0 | Y64: T | Z64: 1 | AA64: =+IF($Y64="M",$U64,IF($Y64="MT",$U64/2,IF(Y64="MN",$U64/2,IF($Y64="MTN",$U64/3,0))))*Z64 -> 0 | AB64: 1 | AC64: =+IF($Y64="T",$U64,IF($Y64="MT",$U64/2,IF($Y64="TN",$U64/2,IF($Y64="MTN",$U64/3,0))))*AB64 -> 0 | AD64: 1 | AE64: =+IF($Y64="N",$U64,IF($Y64="MN",$U64/2,IF($Y64="TN",$U64/2,IF($Y64="MTN",$U64/3,0))))*AD64 -> 0 | AG64: =+AF64/AH$4 -> #DIV/0! | AH64: =AG64*AG$4/12 -> #DIV/0! | AJ64: =+AI64/AK$4 -> #DIV/0! | AK64: =AJ64*AJ$4/12 -> #DIV/0! | AM64: =+AL64/AN$4 -> #DIV/0! | AN64: =AM64*AM$4/12 -> #DIV/0! | AP64: =+AO64/AQ$4 -> #DIV/0! | AQ64: =AP64*AP$4/12 -> #DIV/0! | AS64: =+AR64/AT$4 -> 0 | AT64: =AS64*AS$4/12 -> 0 | AV64: =+AU64/AW$4 -> #DIV/0! | AW64: =AV64*AV$4/12 -> #DIV/0! | AY64: =+AX64/AZ$4 -> 0 | AZ64: =AY64*AY$4/12 -> 0 | BA64: =+AH64+AK64+AN64+AQ64+AT64+AW64+AZ64 -> #DIV/0!
I65: =IF(H65=Tablas!$B$5,Tablas!$C$5,VLOOKUP(H65,Tablas!$B$5:$D$40,2,FALSE)) -> 1 | J65: =IF(I65=0,"",VLOOKUP(I65,Tablas!$C$5:$D$40,2,FALSE)) -> 0 | K65: =IF(G65=0,"0",F65/G65) -> 0 | L65: =IF($X65=3,$K65,0)+IF($X65=4,$K65,0)+IF($X65=5,$K65,0)+IF($X65=6,$K65,0)+IF($X65=7,$K65,0)+IF($X65=10,$K65*2,0)+IF($X65=12,$K65*2,0)+IF($X65=14,$K65*2,0)+IF($X65=21,$K65*3,0)+IF($X65<=1,$K65*$J65/21.75,0)+IF($X65=15,$K65*3,0) -> 0 | M65: =IF($X65=2,$K65,0)+IF($X65=4,$K65,0)+IF($X65=5,$K65,0)+IF($X65=6,$K65,0)+IF($X65=7,$K65,0)+IF($X65=10,$K65*2,0)+IF($X65=12,$K65*2,0)+IF($X65=14,$K65*2,0)+IF($X65=15,$K65*3,0)+IF($X65=21,$K65*3,0)+IF($X65<=1,$K65*$J65/21.75,0) -> 0 | N65: =IF($X65=3,$K65,0)+IF($X65=4,$K65,0)+IF($X65=5,$K65,0)+IF($X65=6,$K65,0)+IF($X65=7,$K65,0)+IF($X65=10,$K65*2,0)+IF($X65=12,$K65*2,0)+IF($X65=14,$K65*2,0)+IF($X65=21,$K65*3,0)+IF($X65<=1,$K65*$J65/21.75,0)+IF($X65=15,$K65*3,0) -> 0 | O65: =IF($X65=2,$K65,0)+IF($X65=4,$K65,0)+IF($X65=5,$K65,0)+IF($X65=6,$K65,0)+IF($X65=7,$K65,0)+IF($X65=10,$K65*2,0)+IF($X65=12,$K65*2,0)+IF($X65=14,$K65*2,0)+IF($X65=15,$K65*3,0)+IF($X65=21,$K65*3,0)+IF($X65<=1,$K65*$J65/21.75,0) -> 0 | P65: =IF($X65=3,$K65,0)+IF($X65=4,$K65,0)+IF($X65=5,$K65,0)+IF($X65=6,$K65,0)+IF($X65=7,$K65,0)+IF($X65=10,$K65*2,0)+IF($X65=12,$K65*2,0)+IF($X65=14,$K65*2,0)+IF($X65=21,$K65*3,0)+IF($X65<=1,$K65*$J65/21.75,0)+IF($X65=15,$K65*3,0) -> 0 | Q65: 0.75 | R65: =(IF($X65=6,$K65,)+IF($X65=7,$K65,)+IF($X65=12,$K65*2,)+IF($X65=18,$K65*3,)+IF($X65=21,$K65*3,)+IF($X65=14,$K65*2,))*Q65 -> 0 | S65: 0.75 | T65: =(IF($X65=7,$K65,)+IF($X65=21,$K65*3,)+IF($X65=14,$K65*2,))*S65 -> 0 | U65: =SUM(+L65+M65+N65+O65+P65+R65+T65) -> 0 | V65: =+U65*4.345 -> 0 | W65: =IF(V65="","",$W$4*V65) -> 0 | X65: =ROUND(J65/4.3452380952381,1) -> 0 | Y65: T | Z65: 1 | AA65: =+IF($Y65="M",$U65,IF($Y65="MT",$U65/2,IF(Y65="MN",$U65/2,IF($Y65="MTN",$U65/3,0))))*Z65 -> 0 | AB65: 1 | AC65: =+IF($Y65="T",$U65,IF($Y65="MT",$U65/2,IF($Y65="TN",$U65/2,IF($Y65="MTN",$U65/3,0))))*AB65 -> 0 | AD65: 1 | AE65: =+IF($Y65="N",$U65,IF($Y65="MN",$U65/2,IF($Y65="TN",$U65/2,IF($Y65="MTN",$U65/3,0))))*AD65 -> 0 | AG65: =+AF65/AH$4 -> #DIV/0! | AH65: =AG65*AG$4/12 -> #DIV/0! | AJ65: =+AI65/AK$4 -> #DIV/0! | AK65: =AJ65*AJ$4/12 -> #DIV/0! | AM65: =+AL65/AN$4 -> #DIV/0! | AN65: =AM65*AM$4/12 -> #DIV/0! | AP65: =+AO65/AQ$4 -> #DIV/0! | AQ65: =AP65*AP$4/12 -> #DIV/0! | AS65: =+AR65/AT$4 -> 0 | AT65: =AS65*AS$4/12 -> 0 | AV65: =+AU65/AW$4 -> #DIV/0! | AW65: =AV65*AV$4/12 -> #DIV/0! | AY65: =+AX65/AZ$4 -> 0 | AZ65: =AY65*AY$4/12 -> 0 | BA65: =+AH65+AK65+AN65+AQ65+AT65+AW65+AZ65 -> #DIV/0!
I66: =IF(H66=Tablas!$B$5,Tablas!$C$5,VLOOKUP(H66,Tablas!$B$5:$D$40,2,FALSE)) -> 1 | J66: =IF(I66=0,"",VLOOKUP(I66,Tablas!$C$5:$D$40,2,FALSE)) -> 0 | K66: =IF(G66=0,"0",F66/G66) -> 0 | L66: =IF($X66=3,$K66,0)+IF($X66=4,$K66,0)+IF($X66=5,$K66,0)+IF($X66=6,$K66,0)+IF($X66=7,$K66,0)+IF($X66=10,$K66*2,0)+IF($X66=12,$K66*2,0)+IF($X66=14,$K66*2,0)+IF($X66=21,$K66*3,0)+IF($X66<=1,$K66*$J66/21.75,0)+IF($X66=15,$K66*3,0) -> 0 | M66: =IF($X66=2,$K66,0)+IF($X66=4,$K66,0)+IF($X66=5,$K66,0)+IF($X66=6,$K66,0)+IF($X66=7,$K66,0)+IF($X66=10,$K66*2,0)+IF($X66=12,$K66*2,0)+IF($X66=14,$K66*2,0)+IF($X66=15,$K66*3,0)+IF($X66=21,$K66*3,0)+IF($X66<=1,$K66*$J66/21.75,0) -> 0 | N66: =IF($X66=3,$K66,0)+IF($X66=4,$K66,0)+IF($X66=5,$K66,0)+IF($X66=6,$K66,0)+IF($X66=7,$K66,0)+IF($X66=10,$K66*2,0)+IF($X66=12,$K66*2,0)+IF($X66=14,$K66*2,0)+IF($X66=21,$K66*3,0)+IF($X66<=1,$K66*$J66/21.75,0)+IF($X66=15,$K66*3,0) -> 0 | O66: =IF($X66=2,$K66,0)+IF($X66=4,$K66,0)+IF($X66=5,$K66,0)+IF($X66=6,$K66,0)+IF($X66=7,$K66,0)+IF($X66=10,$K66*2,0)+IF($X66=12,$K66*2,0)+IF($X66=14,$K66*2,0)+IF($X66=15,$K66*3,0)+IF($X66=21,$K66*3,0)+IF($X66<=1,$K66*$J66/21.75,0) -> 0 | P66: =IF($X66=3,$K66,0)+IF($X66=4,$K66,0)+IF($X66=5,$K66,0)+IF($X66=6,$K66,0)+IF($X66=7,$K66,0)+IF($X66=10,$K66*2,0)+IF($X66=12,$K66*2,0)+IF($X66=14,$K66*2,0)+IF($X66=21,$K66*3,0)+IF($X66<=1,$K66*$J66/21.75,0)+IF($X66=15,$K66*3,0) -> 0 | Q66: 0.75 | R66: =(IF($X66=6,$K66,)+IF($X66=7,$K66,)+IF($X66=12,$K66*2,)+IF($X66=18,$K66*3,)+IF($X66=21,$K66*3,)+IF($X66=14,$K66*2,))*Q66 -> 0 | S66: 0.75 | T66: =(IF($X66=7,$K66,)+IF($X66=21,$K66*3,)+IF($X66=14,$K66*2,))*S66 -> 0 | U66: =SUM(+L66+M66+N66+O66+P66+R66+T66) -> 0 | V66: =+U66*4.345 -> 0 | W66: =IF(V66="","",$W$4*V66) -> 0 | X66: =ROUND(J66/4.3452380952381,1) -> 0 | Y66: M | Z66: 1 | AA66: =+IF($Y66="M",$U66,IF($Y66="MT",$U66/2,IF(Y66="MN",$U66/2,IF($Y66="MTN",$U66/3,0))))*Z66 -> 0 | AB66: 1 | AC66: =+IF($Y66="T",$U66,IF($Y66="MT",$U66/2,IF($Y66="TN",$U66/2,IF($Y66="MTN",$U66/3,0))))*AB66 -> 0 | AD66: 1 | AE66: =+IF($Y66="N",$U66,IF($Y66="MN",$U66/2,IF($Y66="TN",$U66/2,IF($Y66="MTN",$U66/3,0))))*AD66 -> 0 | AG66: =+AF66/AH$4 -> #DIV/0! | AH66: =AG66*AG$4/12 -> #DIV/0! | AJ66: =+AI66/AK$4 -> #DIV/0! | AK66: =AJ66*AJ$4/12 -> #DIV/0! | AM66: =+AL66/AN$4 -> #DIV/0! | AN66: =AM66*AM$4/12 -> #DIV/0! | AP66: =+AO66/AQ$4 -> #DIV/0! | AQ66: =AP66*AP$4/12 -> #DIV/0! | AS66: =+AR66/AT$4 -> 0 | AT66: =AS66*AS$4/12 -> 0 | AV66: =+AU66/AW$4 -> #DIV/0! | AW66: =AV66*AV$4/12 -> #DIV/0! | AY66: =+AX66/AZ$4 -> 0 | AZ66: =AY66*AY$4/12 -> 0 | BA66: =+AH66+AK66+AN66+AQ66+AT66+AW66+AZ66 -> #DIV/0!
I67: =IF(H67=Tablas!$B$5,Tablas!$C$5,VLOOKUP(H67,Tablas!$B$5:$D$40,2,FALSE)) -> 1 | J67: =IF(I67=0,"",VLOOKUP(I67,Tablas!$C$5:$D$40,2,FALSE)) -> 0 | K67: =IF(G67=0,"0",F67/G67) -> 0 | L67: =IF($X67=3,$K67,0)+IF($X67=4,$K67,0)+IF($X67=5,$K67,0)+IF($X67=6,$K67,0)+IF($X67=7,$K67,0)+IF($X67=10,$K67*2,0)+IF($X67=12,$K67*2,0)+IF($X67=14,$K67*2,0)+IF($X67=21,$K67*3,0)+IF($X67<=1,$K67*$J67/21.75,0)+IF($X67=15,$K67*3,0) -> 0 | M67: =IF($X67=2,$K67,0)+IF($X67=4,$K67,0)+IF($X67=5,$K67,0)+IF($X67=6,$K67,0)+IF($X67=7,$K67,0)+IF($X67=10,$K67*2,0)+IF($X67=12,$K67*2,0)+IF($X67=14,$K67*2,0)+IF($X67=15,$K67*3,0)+IF($X67=21,$K67*3,0)+IF($X67<=1,$K67*$J67/21.75,0) -> 0 | N67: =IF($X67=3,$K67,0)+IF($X67=4,$K67,0)+IF($X67=5,$K67,0)+IF($X67=6,$K67,0)+IF($X67=7,$K67,0)+IF($X67=10,$K67*2,0)+IF($X67=12,$K67*2,0)+IF($X67=14,$K67*2,0)+IF($X67=21,$K67*3,0)+IF($X67<=1,$K67*$J67/21.75,0)+IF($X67=15,$K67*3,0) -> 0 | O67: =IF($X67=2,$K67,0)+IF($X67=4,$K67,0)+IF($X67=5,$K67,0)+IF($X67=6,$K67,0)+IF($X67=7,$K67,0)+IF($X67=10,$K67*2,0)+IF($X67=12,$K67*2,0)+IF($X67=14,$K67*2,0)+IF($X67=15,$K67*3,0)+IF($X67=21,$K67*3,0)+IF($X67<=1,$K67*$J67/21.75,0) -> 0 | P67: =IF($X67=3,$K67,0)+IF($X67=4,$K67,0)+IF($X67=5,$K67,0)+IF($X67=6,$K67,0)+IF($X67=7,$K67,0)+IF($X67=10,$K67*2,0)+IF($X67=12,$K67*2,0)+IF($X67=14,$K67*2,0)+IF($X67=21,$K67*3,0)+IF($X67<=1,$K67*$J67/21.75,0)+IF($X67=15,$K67*3,0) -> 0 | Q67: 0.75 | R67: =(IF($X67=6,$K67,)+IF($X67=7,$K67,)+IF($X67=12,$K67*2,)+IF($X67=18,$K67*3,)+IF($X67=21,$K67*3,)+IF($X67=14,$K67*2,))*Q67 -> 0 | S67: 0.75 | T67: =(IF($X67=7,$K67,)+IF($X67=21,$K67*3,)+IF($X67=14,$K67*2,))*S67 -> 0 | U67: =SUM(+L67+M67+N67+O67+P67+R67+T67) -> 0 | V67: =+U67*4.345 -> 0 | W67: =IF(V67="","",$W$4*V67) -> 0 | X67: =ROUND(J67/4.3452380952381,1) -> 0 | Y67: M | Z67: 1 | AA67: =+IF($Y67="M",$U67,IF($Y67="MT",$U67/2,IF(Y67="MN",$U67/2,IF($Y67="MTN",$U67/3,0))))*Z67 -> 0 | AB67: 1 | AC67: =+IF($Y67="T",$U67,IF($Y67="MT",$U67/2,IF($Y67="TN",$U67/2,IF($Y67="MTN",$U67/3,0))))*AB67 -> 0 | AD67: 1 | AE67: =+IF($Y67="N",$U67,IF($Y67="MN",$U67/2,IF($Y67="TN",$U67/2,IF($Y67="MTN",$U67/3,0))))*AD67 -> 0 | AG67: =+AF67/AH$4 -> #DIV/0! | AH67: =AG67*AG$4/12 -> #DIV/0! | AJ67: =+AI67/AK$4 -> #DIV/0! | AK67: =AJ67*AJ$4/12 -> #DIV/0! | AM67: =+AL67/AN$4 -> #DIV/0! | AN67: =AM67*AM$4/12 -> #DIV/0! | AP67: =+AO67/AQ$4 -> #DIV/0! | AQ67: =AP67*AP$4/12 -> #DIV/0! | AS67: =+AR67/AT$4 -> 0 | AT67: =AS67*AS$4/12 -> 0 | AV67: =+AU67/AW$4 -> #DIV/0! | AW67: =AV67*AV$4/12 -> #DIV/0! | AY67: =+AX67/AZ$4 -> 0 | AZ67: =AY67*AY$4/12 -> 0 | BA67: =+AH67+AK67+AN67+AQ67+AT67+AW67+AZ67 -> #DIV/0!
I68: =IF(H68=Tablas!$B$5,Tablas!$C$5,VLOOKUP(H68,Tablas!$B$5:$D$40,2,FALSE)) -> 1 | J68: =IF(I68=0,"",VLOOKUP(I68,Tablas!$C$5:$D$40,2,FALSE)) -> 0 | K68: =IF(G68=0,"0",F68/G68) -> 0 | L68: =IF($X68=3,$K68,0)+IF($X68=4,$K68,0)+IF($X68=5,$K68,0)+IF($X68=6,$K68,0)+IF($X68=7,$K68,0)+IF($X68=10,$K68*2,0)+IF($X68=12,$K68*2,0)+IF($X68=14,$K68*2,0)+IF($X68=21,$K68*3,0)+IF($X68<=1,$K68*$J68/21.75,0)+IF($X68=15,$K68*3,0) -> 0 | M68: =IF($X68=2,$K68,0)+IF($X68=4,$K68,0)+IF($X68=5,$K68,0)+IF($X68=6,$K68,0)+IF($X68=7,$K68,0)+IF($X68=10,$K68*2,0)+IF($X68=12,$K68*2,0)+IF($X68=14,$K68*2,0)+IF($X68=15,$K68*3,0)+IF($X68=21,$K68*3,0)+IF($X68<=1,$K68*$J68/21.75,0) -> 0 | N68: =IF($X68=3,$K68,0)+IF($X68=4,$K68,0)+IF($X68=5,$K68,0)+IF($X68=6,$K68,0)+IF($X68=7,$K68,0)+IF($X68=10,$K68*2,0)+IF($X68=12,$K68*2,0)+IF($X68=14,$K68*2,0)+IF($X68=21,$K68*3,0)+IF($X68<=1,$K68*$J68/21.75,0)+IF($X68=15,$K68*3,0) -> 0 | O68: =IF($X68=2,$K68,0)+IF($X68=4,$K68,0)+IF($X68=5,$K68,0)+IF($X68=6,$K68,0)+IF($X68=7,$K68,0)+IF($X68=10,$K68*2,0)+IF($X68=12,$K68*2,0)+IF($X68=14,$K68*2,0)+IF($X68=15,$K68*3,0)+IF($X68=21,$K68*3,0)+IF($X68<=1,$K68*$J68/21.75,0) -> 0 | P68: =IF($X68=3,$K68,0)+IF($X68=4,$K68,0)+IF($X68=5,$K68,0)+IF($X68=6,$K68,0)+IF($X68=7,$K68,0)+IF($X68=10,$K68*2,0)+IF($X68=12,$K68*2,0)+IF($X68=14,$K68*2,0)+IF($X68=21,$K68*3,0)+IF($X68<=1,$K68*$J68/21.75,0)+IF($X68=15,$K68*3,0) -> 0 | Q68: 0.75 | R68: =(IF($X68=6,$K68,)+IF($X68=7,$K68,)+IF($X68=12,$K68*2,)+IF($X68=18,$K68*3,)+IF($X68=21,$K68*3,)+IF($X68=14,$K68*2,))*Q68 -> 0 | S68: 0.75 | T68: =(IF($X68=7,$K68,)+IF($X68=21,$K68*3,)+IF($X68=14,$K68*2,))*S68 -> 0 | U68: =SUM(+L68+M68+N68+O68+P68+R68+T68) -> 0 | V68: =+U68*4.345 -> 0 | W68: =IF(V68="","",$W$4*V68) -> 0 | X68: =ROUND(J68/4.3452380952381,1) -> 0 | Y68: M | Z68: 1 | AA68: =+IF($Y68="M",$U68,IF($Y68="MT",$U68/2,IF(Y68="MN",$U68/2,IF($Y68="MTN",$U68/3,0))))*Z68 -> 0 | AB68: 1 | AC68: =+IF($Y68="T",$U68,IF($Y68="MT",$U68/2,IF($Y68="TN",$U68/2,IF($Y68="MTN",$U68/3,0))))*AB68 -> 0 | AD68: 1 | AE68: =+IF($Y68="N",$U68,IF($Y68="MN",$U68/2,IF($Y68="TN",$U68/2,IF($Y68="MTN",$U68/3,0))))*AD68 -> 0 | AG68: =+AF68/AH$4 -> #DIV/0! | AH68: =AG68*AG$4/12 -> #DIV/0! | AJ68: =+AI68/AK$4 -> #DIV/0! | AK68: =AJ68*AJ$4/12 -> #DIV/0! | AM68: =+AL68/AN$4 -> #DIV/0! | AN68: =AM68*AM$4/12 -> #DIV/0! | AP68: =+AO68/AQ$4 -> #DIV/0! | AQ68: =AP68*AP$4/12 -> #DIV/0! | AS68: =+AR68/AT$4 -> 0 | AT68: =AS68*AS$4/12 -> 0 | AV68: =+AU68/AW$4 -> #DIV/0! | AW68: =AV68*AV$4/12 -> #DIV/0! | AY68: =+AX68/AZ$4 -> 0 | AZ68: =AY68*AY$4/12 -> 0 | BA68: =+AH68+AK68+AN68+AQ68+AT68+AW68+AZ68 -> #DIV/0!
I69: =IF(H69=Tablas!$B$5,Tablas!$C$5,VLOOKUP(H69,Tablas!$B$5:$D$40,2,FALSE)) -> 1 | J69: =IF(I69=0,"",VLOOKUP(I69,Tablas!$C$5:$D$40,2,FALSE)) -> 0 | K69: =IF(G69=0,"0",F69/G69) -> 0 | L69: =IF($X69=3,$K69,0)+IF($X69=4,$K69,0)+IF($X69=5,$K69,0)+IF($X69=6,$K69,0)+IF($X69=7,$K69,0)+IF($X69=10,$K69*2,0)+IF($X69=12,$K69*2,0)+IF($X69=14,$K69*2,0)+IF($X69=21,$K69*3,0)+IF($X69<=1,$K69*$J69/21.75,0)+IF($X69=15,$K69*3,0) -> 0 | M69: =IF($X69=2,$K69,0)+IF($X69=4,$K69,0)+IF($X69=5,$K69,0)+IF($X69=6,$K69,0)+IF($X69=7,$K69,0)+IF($X69=10,$K69*2,0)+IF($X69=12,$K69*2,0)+IF($X69=14,$K69*2,0)+IF($X69=15,$K69*3,0)+IF($X69=21,$K69*3,0)+IF($X69<=1,$K69*$J69/21.75,0) -> 0 | N69: =IF($X69=3,$K69,0)+IF($X69=4,$K69,0)+IF($X69=5,$K69,0)+IF($X69=6,$K69,0)+IF($X69=7,$K69,0)+IF($X69=10,$K69*2,0)+IF($X69=12,$K69*2,0)+IF($X69=14,$K69*2,0)+IF($X69=21,$K69*3,0)+IF($X69<=1,$K69*$J69/21.75,0)+IF($X69=15,$K69*3,0) -> 0 | O69: =IF($X69=2,$K69,0)+IF($X69=4,$K69,0)+IF($X69=5,$K69,0)+IF($X69=6,$K69,0)+IF($X69=7,$K69,0)+IF($X69=10,$K69*2,0)+IF($X69=12,$K69*2,0)+IF($X69=14,$K69*2,0)+IF($X69=15,$K69*3,0)+IF($X69=21,$K69*3,0)+IF($X69<=1,$K69*$J69/21.75,0) -> 0 | P69: =IF($X69=3,$K69,0)+IF($X69=4,$K69,0)+IF($X69=5,$K69,0)+IF($X69=6,$K69,0)+IF($X69=7,$K69,0)+IF($X69=10,$K69*2,0)+IF($X69=12,$K69*2,0)+IF($X69=14,$K69*2,0)+IF($X69=21,$K69*3,0)+IF($X69<=1,$K69*$J69/21.75,0)+IF($X69=15,$K69*3,0) -> 0 | Q69: 0.75 | R69: =(IF($X69=6,$K69,)+IF($X69=7,$K69,)+IF($X69=12,$K69*2,)+IF($X69=18,$K69*3,)+IF($X69=21,$K69*3,)+IF($X69=14,$K69*2,))*Q69 -> 0 | S69: 0.75 | T69: =(IF($X69=7,$K69,)+IF($X69=21,$K69*3,)+IF($X69=14,$K69*2,))*S69 -> 0 | U69: =SUM(+L69+M69+N69+O69+P69+R69+T69) -> 0 | V69: =+U69*4.345 -> 0 | W69: =IF(V69="","",$W$4*V69) -> 0 | X69: =ROUND(J69/4.3452380952381,1) -> 0 | Y69: M | Z69: 1 | AA69: =+IF($Y69="M",$U69,IF($Y69="MT",$U69/2,IF(Y69="MN",$U69/2,IF($Y69="MTN",$U69/3,0))))*Z69 -> 0 | AB69: 1 | AC69: =+IF($Y69="T",$U69,IF($Y69="MT",$U69/2,IF($Y69="TN",$U69/2,IF($Y69="MTN",$U69/3,0))))*AB69 -> 0 | AD69: 1 | AE69: =+IF($Y69="N",$U69,IF($Y69="MN",$U69/2,IF($Y69="TN",$U69/2,IF($Y69="MTN",$U69/3,0))))*AD69 -> 0 | AG69: =+AF69/AH$4 -> #DIV/0! | AH69: =AG69*AG$4/12 -> #DIV/0! | AJ69: =+AI69/AK$4 -> #DIV/0! | AK69: =AJ69*AJ$4/12 -> #DIV/0! | AM69: =+AL69/AN$4 -> #DIV/0! | AN69: =AM69*AM$4/12 -> #DIV/0! | AP69: =+AO69/AQ$4 -> #DIV/0! | AQ69: =AP69*AP$4/12 -> #DIV/0! | AS69: =+AR69/AT$4 -> 0 | AT69: =AS69*AS$4/12 -> 0 | AV69: =+AU69/AW$4 -> #DIV/0! | AW69: =AV69*AV$4/12 -> #DIV/0! | AY69: =+AX69/AZ$4 -> 0 | AZ69: =AY69*AY$4/12 -> 0 | BA69: =+AH69+AK69+AN69+AQ69+AT69+AW69+AZ69 -> #DIV/0!
I70: =IF(H70=Tablas!$B$5,Tablas!$C$5,VLOOKUP(H70,Tablas!$B$5:$D$40,2,FALSE)) -> 1 | J70: =IF(I70=0,"",VLOOKUP(I70,Tablas!$C$5:$D$40,2,FALSE)) -> 0 | K70: =IF(G70=0,"0",F70/G70) -> 0 | L70: =IF($X70=3,$K70,0)+IF($X70=4,$K70,0)+IF($X70=5,$K70,0)+IF($X70=6,$K70,0)+IF($X70=7,$K70,0)+IF($X70=10,$K70*2,0)+IF($X70=12,$K70*2,0)+IF($X70=14,$K70*2,0)+IF($X70=21,$K70*3,0)+IF($X70<=1,$K70*$J70/21.75,0)+IF($X70=15,$K70*3,0) -> 0 | M70: =IF($X70=2,$K70,0)+IF($X70=4,$K70,0)+IF($X70=5,$K70,0)+IF($X70=6,$K70,0)+IF($X70=7,$K70,0)+IF($X70=10,$K70*2,0)+IF($X70=12,$K70*2,0)+IF($X70=14,$K70*2,0)+IF($X70=15,$K70*3,0)+IF($X70=21,$K70*3,0)+IF($X70<=1,$K70*$J70/21.75,0) -> 0 | N70: =IF($X70=3,$K70,0)+IF($X70=4,$K70,0)+IF($X70=5,$K70,0)+IF($X70=6,$K70,0)+IF($X70=7,$K70,0)+IF($X70=10,$K70*2,0)+IF($X70=12,$K70*2,0)+IF($X70=14,$K70*2,0)+IF($X70=21,$K70*3,0)+IF($X70<=1,$K70*$J70/21.75,0)+IF($X70=15,$K70*3,0) -> 0 | O70: =IF($X70=2,$K70,0)+IF($X70=4,$K70,0)+IF($X70=5,$K70,0)+IF($X70=6,$K70,0)+IF($X70=7,$K70,0)+IF($X70=10,$K70*2,0)+IF($X70=12,$K70*2,0)+IF($X70=14,$K70*2,0)+IF($X70=15,$K70*3,0)+IF($X70=21,$K70*3,0)+IF($X70<=1,$K70*$J70/21.75,0) -> 0 | P70: =IF($X70=3,$K70,0)+IF($X70=4,$K70,0)+IF($X70=5,$K70,0)+IF($X70=6,$K70,0)+IF($X70=7,$K70,0)+IF($X70=10,$K70*2,0)+IF($X70=12,$K70*2,0)+IF($X70=14,$K70*2,0)+IF($X70=21,$K70*3,0)+IF($X70<=1,$K70*$J70/21.75,0)+IF($X70=15,$K70*3,0) -> 0 | Q70: 0.75 | R70: =(IF($X70=6,$K70,)+IF($X70=7,$K70,)+IF($X70=12,$K70*2,)+IF($X70=18,$K70*3,)+IF($X70=21,$K70*3,)+IF($X70=14,$K70*2,))*Q70 -> 0 | S70: 0.75 | T70: =(IF($X70=7,$K70,)+IF($X70=21,$K70*3,)+IF($X70=14,$K70*2,))*S70 -> 0 | U70: =SUM(+L70+M70+N70+O70+P70+R70+T70) -> 0 | V70: =+U70*4.345 -> 0 | W70: =IF(V70="","",$W$4*V70) -> 0 | X70: =ROUND(J70/4.3452380952381,1) -> 0 | Y70: M | Z70: 1 | AA70: =+IF($Y70="M",$U70,IF($Y70="MT",$U70/2,IF(Y70="MN",$U70/2,IF($Y70="MTN",$U70/3,0))))*Z70 -> 0 | AB70: 1 | AC70: =+IF($Y70="T",$U70,IF($Y70="MT",$U70/2,IF($Y70="TN",$U70/2,IF($Y70="MTN",$U70/3,0))))*AB70 -> 0 | AD70: 1 | AE70: =+IF($Y70="N",$U70,IF($Y70="MN",$U70/2,IF($Y70="TN",$U70/2,IF($Y70="MTN",$U70/3,0))))*AD70 -> 0 | AG70: =+AF70/AH$4 -> #DIV/0! | AH70: =AG70*AG$4/12 -> #DIV/0! | AJ70: =+AI70/AK$4 -> #DIV/0! | AK70: =AJ70*AJ$4/12 -> #DIV/0! | AM70: =+AL70/AN$4 -> #DIV/0! | AN70: =AM70*AM$4/12 -> #DIV/0! | AP70: =+AO70/AQ$4 -> #DIV/0! | AQ70: =AP70*AP$4/12 -> #DIV/0! | AS70: =+AR70/AT$4 -> 0 | AT70: =AS70*AS$4/12 -> 0 | AV70: =+AU70/AW$4 -> #DIV/0! | AW70: =AV70*AV$4/12 -> #DIV/0! | AY70: =+AX70/AZ$4 -> 0 | AZ70: =AY70*AY$4/12 -> 0 | BA70: =+AH70+AK70+AN70+AQ70+AT70+AW70+AZ70 -> #DIV/0!
I71: =IF(H71=Tablas!$B$5,Tablas!$C$5,VLOOKUP(H71,Tablas!$B$5:$D$40,2,FALSE)) -> 1 | J71: =IF(I71=0,"",VLOOKUP(I71,Tablas!$C$5:$D$40,2,FALSE)) -> 0 | K71: =IF(G71=0,"0",F71/G71) -> 0 | L71: =IF($X71=3,$K71,0)+IF($X71=4,$K71,0)+IF($X71=5,$K71,0)+IF($X71=6,$K71,0)+IF($X71=7,$K71,0)+IF($X71=10,$K71*2,0)+IF($X71=12,$K71*2,0)+IF($X71=14,$K71*2,0)+IF($X71=21,$K71*3,0)+IF($X71<=1,$K71*$J71/21.75,0)+IF($X71=15,$K71*3,0) -> 0 | M71: =IF($X71=2,$K71,0)+IF($X71=4,$K71,0)+IF($X71=5,$K71,0)+IF($X71=6,$K71,0)+IF($X71=7,$K71,0)+IF($X71=10,$K71*2,0)+IF($X71=12,$K71*2,0)+IF($X71=14,$K71*2,0)+IF($X71=15,$K71*3,0)+IF($X71=21,$K71*3,0)+IF($X71<=1,$K71*$J71/21.75,0) -> 0 | N71: =IF($X71=3,$K71,0)+IF($X71=4,$K71,0)+IF($X71=5,$K71,0)+IF($X71=6,$K71,0)+IF($X71=7,$K71,0)+IF($X71=10,$K71*2,0)+IF($X71=12,$K71*2,0)+IF($X71=14,$K71*2,0)+IF($X71=21,$K71*3,0)+IF($X71<=1,$K71*$J71/21.75,0)+IF($X71=15,$K71*3,0) -> 0 | O71: =IF($X71=2,$K71,0)+IF($X71=4,$K71,0)+IF($X71=5,$K71,0)+IF($X71=6,$K71,0)+IF($X71=7,$K71,0)+IF($X71=10,$K71*2,0)+IF($X71=12,$K71*2,0)+IF($X71=14,$K71*2,0)+IF($X71=15,$K71*3,0)+IF($X71=21,$K71*3,0)+IF($X71<=1,$K71*$J71/21.75,0) -> 0 | P71: =IF($X71=3,$K71,0)+IF($X71=4,$K71,0)+IF($X71=5,$K71,0)+IF($X71=6,$K71,0)+IF($X71=7,$K71,0)+IF($X71=10,$K71*2,0)+IF($X71=12,$K71*2,0)+IF($X71=14,$K71*2,0)+IF($X71=21,$K71*3,0)+IF($X71<=1,$K71*$J71/21.75,0)+IF($X71=15,$K71*3,0) -> 0 | Q71: 0.75 | R71: =(IF($X71=6,$K71,)+IF($X71=7,$K71,)+IF($X71=12,$K71*2,)+IF($X71=18,$K71*3,)+IF($X71=21,$K71*3,)+IF($X71=14,$K71*2,))*Q71 -> 0 | S71: 0.75 | T71: =(IF($X71=7,$K71,)+IF($X71=21,$K71*3,)+IF($X71=14,$K71*2,))*S71 -> 0 | U71: =SUM(+L71+M71+N71+O71+P71+R71+T71) -> 0 | V71: =+U71*4.345 -> 0 | W71: =IF(V71="","",$W$4*V71) -> 0 | X71: =ROUND(J71/4.3452380952381,1) -> 0 | Y71: M | Z71: 1 | AA71: =+IF($Y71="M",$U71,IF($Y71="MT",$U71/2,IF(Y71="MN",$U71/2,IF($Y71="MTN",$U71/3,0))))*Z71 -> 0 | AB71: 1 | AC71: =+IF($Y71="T",$U71,IF($Y71="MT",$U71/2,IF($Y71="TN",$U71/2,IF($Y71="MTN",$U71/3,0))))*AB71 -> 0 | AD71: 1 | AE71: =+IF($Y71="N",$U71,IF($Y71="MN",$U71/2,IF($Y71="TN",$U71/2,IF($Y71="MTN",$U71/3,0))))*AD71 -> 0 | AG71: =+AF71/AH$4 -> #DIV/0! | AH71: =AG71*AG$4/12 -> #DIV/0! | AJ71: =+AI71/AK$4 -> #DIV/0! | AK71: =AJ71*AJ$4/12 -> #DIV/0! | AM71: =+AL71/AN$4 -> #DIV/0! | AN71: =AM71*AM$4/12 -> #DIV/0! | AP71: =+AO71/AQ$4 -> #DIV/0! | AQ71: =AP71*AP$4/12 -> #DIV/0! | AS71: =+AR71/AT$4 -> 0 | AT71: =AS71*AS$4/12 -> 0 | AV71: =+AU71/AW$4 -> #DIV/0! | AW71: =AV71*AV$4/12 -> #DIV/0! | AY71: =+AX71/AZ$4 -> 0 | AZ71: =AY71*AY$4/12 -> 0 | BA71: =+AH71+AK71+AN71+AQ71+AT71+AW71+AZ71 -> #DIV/0!
I72: =IF(H72=Tablas!$B$5,Tablas!$C$5,VLOOKUP(H72,Tablas!$B$5:$D$40,2,FALSE)) -> 1 | J72: =IF(I72=0,"",VLOOKUP(I72,Tablas!$C$5:$D$40,2,FALSE)) -> 0 | K72: =IF(G72=0,"0",F72/G72) -> 0 | L72: =IF($X72=3,$K72,0)+IF($X72=4,$K72,0)+IF($X72=5,$K72,0)+IF($X72=6,$K72,0)+IF($X72=7,$K72,0)+IF($X72=10,$K72*2,0)+IF($X72=12,$K72*2,0)+IF($X72=14,$K72*2,0)+IF($X72=21,$K72*3,0)+IF($X72<=1,$K72*$J72/21.75,0)+IF($X72=15,$K72*3,0) -> 0 | M72: =IF($X72=2,$K72,0)+IF($X72=4,$K72,0)+IF($X72=5,$K72,0)+IF($X72=6,$K72,0)+IF($X72=7,$K72,0)+IF($X72=10,$K72*2,0)+IF($X72=12,$K72*2,0)+IF($X72=14,$K72*2,0)+IF($X72=15,$K72*3,0)+IF($X72=21,$K72*3,0)+IF($X72<=1,$K72*$J72/21.75,0) -> 0 | N72: =IF($X72=3,$K72,0)+IF($X72=4,$K72,0)+IF($X72=5,$K72,0)+IF($X72=6,$K72,0)+IF($X72=7,$K72,0)+IF($X72=10,$K72*2,0)+IF($X72=12,$K72*2,0)+IF($X72=14,$K72*2,0)+IF($X72=21,$K72*3,0)+IF($X72<=1,$K72*$J72/21.75,0)+IF($X72=15,$K72*3,0) -> 0 | O72: =IF($X72=2,$K72,0)+IF($X72=4,$K72,0)+IF($X72=5,$K72,0)+IF($X72=6,$K72,0)+IF($X72=7,$K72,0)+IF($X72=10,$K72*2,0)+IF($X72=12,$K72*2,0)+IF($X72=14,$K72*2,0)+IF($X72=15,$K72*3,0)+IF($X72=21,$K72*3,0)+IF($X72<=1,$K72*$J72/21.75,0) -> 0 | P72: =IF($X72=3,$K72,0)+IF($X72=4,$K72,0)+IF($X72=5,$K72,0)+IF($X72=6,$K72,0)+IF($X72=7,$K72,0)+IF($X72=10,$K72*2,0)+IF($X72=12,$K72*2,0)+IF($X72=14,$K72*2,0)+IF($X72=21,$K72*3,0)+IF($X72<=1,$K72*$J72/21.75,0)+IF($X72=15,$K72*3,0) -> 0 | Q72: 0.75 | R72: =(IF($X72=6,$K72,)+IF($X72=7,$K72,)+IF($X72=12,$K72*2,)+IF($X72=18,$K72*3,)+IF($X72=21,$K72*3,)+IF($X72=14,$K72*2,))*Q72 -> 0 | S72: 0.75 | T72: =(IF($X72=7,$K72,)+IF($X72=21,$K72*3,)+IF($X72=14,$K72*2,))*S72 -> 0 | U72: =SUM(+L72+M72+N72+O72+P72+R72+T72) -> 0 | V72: =+U72*4.345 -> 0 | W72: =IF(V72="","",$W$4*V72) -> 0 | X72: =ROUND(J72/4.3452380952381,1) -> 0 | Y72: M | Z72: 1 | AA72: =+IF($Y72="M",$U72,IF($Y72="MT",$U72/2,IF(Y72="MN",$U72/2,IF($Y72="MTN",$U72/3,0))))*Z72 -> 0 | AB72: 1 | AC72: =+IF($Y72="T",$U72,IF($Y72="MT",$U72/2,IF($Y72="TN",$U72/2,IF($Y72="MTN",$U72/3,0))))*AB72 -> 0 | AD72: 1 | AE72: =+IF($Y72="N",$U72,IF($Y72="MN",$U72/2,IF($Y72="TN",$U72/2,IF($Y72="MTN",$U72/3,0))))*AD72 -> 0 | AG72: =+AF72/AH$4 -> #DIV/0! | AH72: =AG72*AG$4/12 -> #DIV/0! | AJ72: =+AI72/AK$4 -> #DIV/0! | AK72: =AJ72*AJ$4/12 -> #DIV/0! | AM72: =+AL72/AN$4 -> #DIV/0! | AN72: =AM72*AM$4/12 -> #DIV/0! | AP72: =+AO72/AQ$4 -> #DIV/0! | AQ72: =AP72*AP$4/12 -> #DIV/0! | AS72: =+AR72/AT$4 -> 0 | AT72: =AS72*AS$4/12 -> 0 | AV72: =+AU72/AW$4 -> #DIV/0! | AW72: =AV72*AV$4/12 -> #DIV/0! | AY72: =+AX72/AZ$4 -> 0 | AZ72: =AY72*AY$4/12 -> 0 | BA72: =+AH72+AK72+AN72+AQ72+AT72+AW72+AZ72 -> #DIV/0!
... I98: =IF(H98=Tablas!$B$5,Tablas!$C$5,VLOOKUP(H98,Tablas!$B$5:$D$40,2,FALSE)) -> 1 | J98: =IF(I98=0,"",VLOOKUP(I98,Tablas!$C$5:$D$40,2,FALSE)) -> 0 | K98: =IF(G98=0,"0",F98/G98) -> 0 | L98: =IF($X98=3,$K98,0)+IF($X98=4,$K98,0)+IF($X98=5,$K98,0)+IF($X98=6,$K98,0)+IF($X98=7,$K98,0)+IF($X98=10,$K98*2,0)+IF($X98=12,$K98*2,0)+IF($X98=14,$K98*2,0)+IF($X98=21,$K98*3,0)+IF($X98<=1,$K98*$J98/21.75,0)+IF($X98=15,$K98*3,0) -> 0 | M98: =IF($X98=2,$K98,0)+IF($X98=4,$K98,0)+IF($X98=5,$K98,0)+IF($X98=6,$K98,0)+IF($X98=7,$K98,0)+IF($X98=10,$K98*2,0)+IF($X98=12,$K98*2,0)+IF($X98=14,$K98*2,0)+IF($X98=15,$K98*3,0)+IF($X98=21,$K98*3,0)+IF($X98<=1,$K98*$J98/21.75,0) -> 0 | N98: =IF($X98=3,$K98,0)+IF($X98=4,$K98,0)+IF($X98=5,$K98,0)+IF($X98=6,$K98,0)+IF($X98=7,$K98,0)+IF($X98=10,$K98*2,0)+IF($X98=12,$K98*2,0)+IF($X98=14,$K98*2,0)+IF($X98=21,$K98*3,0)+IF($X98<=1,$K98*$J98/21.75,0)+IF($X98=15,$K98*3,0) -> 0 | O98: =IF($X98=2,$K98,0)+IF($X98=4,$K98,0)+IF($X98=5,$K98,0)+IF($X98=6,$K98,0)+IF($X98=7,$K98,0)+IF($X98=10,$K98*2,0)+IF($X98=12,$K98*2,0)+IF($X98=14,$K98*2,0)+IF($X98=15,$K98*3,0)+IF($X98=21,$K98*3,0)+IF($X98<=1,$K98*$J98/21.75,0) -> 0 | P98: =IF($X98=3,$K98,0)+IF($X98=4,$K98,0)+IF($X98=5,$K98,0)+IF($X98=6,$K98,0)+IF($X98=7,$K98,0)+IF($X98=10,$K98*2,0)+IF($X98=12,$K98*2,0)+IF($X98=14,$K98*2,0)+IF($X98=21,$K98*3,0)+IF($X98<=1,$K98*$J98/21.75,0)+IF($X98=15,$K98*3,0) -> 0 | Q98: 0.75 | R98: =(IF($X98=6,$K98,)+IF($X98=7,$K98,)+IF($X98=12,$K98*2,)+IF($X98=18,$K98*3,)+IF($X98=21,$K98*3,)+IF($X98=14,$K98*2,))*Q98 -> 0 | S98: 0.75 | T98: =(IF($X98=7,$K98,)+IF($X98=21,$K98*3,)+IF($X98=14,$K98*2,))*S98 -> 0 | U98: =SUM(+L98+M98+N98+O98+P98+R98+T98) -> 0 | V98: =+U98*4.345 -> 0 | W98: =IF(V98="","",$W$4*V98) -> 0 | X98: =ROUND(J98/4.3452380952381,1) -> 0 | Y98: M | Z98: 1 | AA98: =+IF($Y98="M",$U98,IF($Y98="MT",$U98/2,IF(Y98="MN",$U98/2,IF($Y98="MTN",$U98/3,0))))*Z98 -> 0 | AB98: 1 | AC98: =+IF($Y98="T",$U98,IF($Y98="MT",$U98/2,IF($Y98="TN",$U98/2,IF($Y98="MTN",$U98/3,0))))*AB98 -> 0 | AD98: 1 | AE98: =+IF($Y98="N",$U98,IF($Y98="MN",$U98/2,IF($Y98="TN",$U98/2,IF($Y98="MTN",$U98/3,0))))*AD98 -> 0 | AG98: =+AF98/AH$4 -> #DIV/0! | AH98: =AG98*AG$4/12 -> #DIV/0! | AJ98: =+AI98/AK$4 -> #DIV/0! | AK98: =AJ98*AJ$4/12 -> #DIV/0! | AM98: =+AL98/AN$4 -> #DIV/0! | AN98: =AM98*AM$4/12 -> #DIV/0! | AP98: =+AO98/AQ$4 -> #DIV/0! | AQ98: =AP98*AP$4/12 -> #DIV/0! | AS98: =+AR98/AT$4 -> 0 | AT98: =AS98*AS$4/12 -> 0 | AV98: =+AU98/AW$4 -> #DIV/0! | AW98: =AV98*AV$4/12 -> #DIV/0! | AY98: =+AX98/AZ$4 -> 0 | AZ98: =AY98*AY$4/12 -> 0 | BA98: =+AH98+AK98+AN98+AQ98+AT98+AW98+AZ98 -> #DIV/0!
F99: =SUM(F8:F98) -> 1870.79 | L99: =SUM(L8:L98) -> 0 | M99: =SUM(M8:M98) -> 0 | N99: =SUM(N8:N98) -> 0 | O99: =SUM(O8:O98) -> 0 | P99: =SUM(P8:P98) -> 0 | R99: =SUM(R8:R98) -> 0 | T99: =SUM(T8:T98) -> 0 | U99: =SUM(U8:U98) -> 0 | V99: =SUM(V8:V98) -> 0 | W99: =SUM(W8:W98) -> 0 | AA99: =SUM(AA8:AA98) -> 0 | AC99: =SUM(AC8:AC98) -> 0 | AE99: =SUM(AE8:AE98) -> 0 | AF99: =SUM(AF8:AF98) -> 107.09 | AH99: =SUM(AH8:AH98) -> #DIV/0! | AI99: =SUM(AI8:AI98) -> 228.56 | AK99: =SUM(AK8:AK98) -> #DIV/0! | AL99: =SUM(AL8:AL98) -> 1562.34 | AN99: =SUM(AN8:AN98) -> #DIV/0! | AO99: =SUM(AO8:AO98) -> 0 | AQ99: =SUM(AQ8:AQ98) -> #DIV/0! | AR99: =SUM(AR8:AR98) -> 0 | AT99: =SUM(AT8:AT98) -> 0 | AU99: =SUM(AU8:AU98) -> 1562.34 | AW99: =SUM(AW8:AW98) -> #DIV/0! | AX99: =SUM(AX8:AX98) -> 0 | AZ99: =SUM(AZ8:AZ98) -> 0 | BA99: =SUM(BA8:BA98) -> #DIV/0!
AA100: =SUM(AA99:AE99) -> 0 | AF100: =+AH99/4.345 -> #DIV/0! | AI100: =+AK99/4.345 -> #DIV/0! | AL100: =+AN99/4.345 -> #DIV/0! | AO100: =+AQ99/4.345 -> #DIV/0! | AR100: =+AT99/4.345 -> 0 | AU100: =+AW99/4.345 -> #DIV/0! | AX100: =+AZ99/4.345 -> 0 | BA100: Total Mensual
AF101: Horas Semana

Sheet 2
B1: Inici | E1: =+'1'!E1 -> Estudi Tecnic Ajuntament de Sant Feliu de Codines | U1: =+'Resum Estudi'!E5 -> Escola Infantil Jaume Balmes
B3: =+'1'!B3:D3 -> Annex 4 | W3: Mesos | AF3: Vidres interiors | AI3: Vidres perimetre | AL3: Punts de llum i difusors d'aire | AO3: Limpieza de tapizados y moquetas | AR3: Limpieza de Techos | AU3: Tractament de terres | AX3: Aplicación de Emulsiones | BA3: Total Mensual
K4: TOTAL | L4: =+L75 -> 0 | M4: =+M75 -> 0 | N4: =+N75 -> 0 | O4: =+O75 -> 0 | P4: =+P75 -> 0 | Q4: =+Q75 -> 0 | R4: =+R75 -> 0 | S4: =+S75 -> 0 | ... V4: =+V75 -> 0 | W4: =+'Resum Estudi'!I6 -> 11.25 | AF4: Freq | AG4: 2 | AI4: Freq | AJ4: 2 | AL4: Freq | AM4: 1 | AO4: Freq | AP4: 1 | AR4: Freq | AS4: 1 | AT4: =+'1'!AT4 -> 1000 | AU4: Freq | AV4: 1 | AX4: Freq | AY4: 1 | AZ4: =+'1'!AZ4 -> 1000 | BA4: =BA75 -> #DIV/0!
X5: Horas semana por turnos
B6: Edifici | C6: Planta | D6: Zona | E6: Tipus de paviments | F6: Superficie | G6: Rendiment final | H6: Freqüència | K6: Hores unitat | L6: Dilluns | M6: Dimarts | N6: Dimecres | O6: Dijous | P6: Divendres | R6: Dissabte | T6: Diumenge | U6: Hores Setmana | V6: Hores Mes | W6: Hores Any | X6: D/S | Y6: Torn | Z6: Mati | AB6: Tarda | AD6: Nit | AG6: H/V | AH6: Hores/mes | AJ6: H/V | AK6: Hores/mes | AM6: H/V | AN6: Hores/mes | AP6: H/V | AQ6: Horas/mes | AS6: H/V | AT6: Horas/mes | AV6: H/V | AW6: Horas/mes | AY6: H/V | AZ6: Horas/mes | BA6: Total Mensual
B8: Escola Jaume Balmes - Infantil | C8: P Baixa | D8: Lavabo | E8: Vinilic | F8: 3.53 | H8: Diario 5/7 | I8: =IF(H8=Tablas!$B$5,Tablas!$C$5,VLOOKUP(H8,Tablas!$B$5:$D$40,2,FALSE)) -> 19 | J8: =IF(I8=0,"",VLOOKUP(I8,Tablas!$C$5:$D$40,2,FALSE)) -> 21.72619 | K8: =IF(G8=0,"0",F8/G8) -> 0 | L8: =IF($X8=3,$K8,0)+IF($X8=4,$K8,0)+IF($X8=5,$K8,0)+IF($X8=6,$K8,0)+IF($X8=7,$K8,0)+IF($X8=10,$K8*2,0)+IF($X8=12,$K8*2,0)+IF($X8=14,$K8*2,0)+IF($X8=21,$K8*3,0)+IF($X8<=1,$K8*$J8/21.75,0)+IF($X8=15,$K8*3,0) -> 0 | M8: =IF($X8=2,$K8,0)+IF($X8=4,$K8,0)+IF($X8=5,$K8,0)+IF($X8=6,$K8,0)+IF($X8=7,$K8,0)+IF($X8=10,$K8*2,0)+IF($X8=12,$K8*2,0)+IF($X8=14,$K8*2,0)+IF($X8=15,$K8*3,0)+IF($X8=21,$K8*3,0)+IF($X8<=1,$K8*$J8/21.75,0) -> 0 | N8: =IF($X8=3,$K8,0)+IF($X8=4,$K8,0)+IF($X8=5,$K8,0)+IF($X8=6,$K8,0)+IF($X8=7,$K8,0)+IF($X8=10,$K8*2,0)+IF($X8=12,$K8*2,0)+IF($X8=14,$K8*2,0)+IF($X8=21,$K8*3,0)+IF($X8<=1,$K8*$J8/21.75,0)+IF($X8=15,$K8*3,0) -> 0 | O8: =IF($X8=2,$K8,0)+IF($X8=4,$K8,0)+IF($X8=5,$K8,0)+IF($X8=6,$K8,0)+IF($X8=7,$K8,0)+IF($X8=10,$K8*2,0)+IF($X8=12,$K8*2,0)+IF($X8=14,$K8*2,0)+IF($X8=15,$K8*3,0)+IF($X8=21,$K8*3,0)+IF($X8<=1,$K8*$J8/21.75,0) -> 0 | P8: =IF($X8=3,$K8,0)+IF($X8=4,$K8,0)+IF($X8=5,$K8,0)+IF($X8=6,$K8,0)+IF($X8=7,$K8,0)+IF($X8=10,$K8*2,0)+IF($X8=12,$K8*2,0)+IF($X8=14,$K8*2,0)+IF($X8=21,$K8*3,0)+IF($X8<=1,$K8*$J8/21.75,0)+IF($X8=15,$K8*3,0) -> 0 | Q8: 0.75 | R8: =(IF($X8=6,$K8,)+IF($X8=7,$K8,)+IF($X8=12,$K8*2,)+IF($X8=18,$K8*3,)+IF($X8=21,$K8*3,)+IF($X8=14,$K8*2,))*Q8 -> 0 | S8: 0.75 | T8: =(IF($X8=7,$K8,)+IF($X8=21,$K8*3,)+IF($X8=14,$K8*2,))*S8 -> 0 | U8: =SUM(+L8+M8+N8+O8+P8+R8+T8) -> 0 | V8: =+U8*4.345 -> 0 | W8: =IF(V8="","",$W$4*V8) -> 0 | X8: =ROUND(J8/4.3452380952381,1) -> 5 | Y8: T | Z8: 1 | AA8: =+IF($Y8="M",$U8,IF($Y8="MT",$U8/2,IF(Y8="MN",$U8/2,IF($Y8="MTN",$U8/3,0))))*Z8 -> 0 | AB8: 1 | AC8: =+IF($Y8="T",$U8,IF($Y8="MT",$U8/2,IF($Y8="TN",$U8/2,IF($Y8="MTN",$U8/3,0))))*AB8 -> 0 | AD8: 1 | AE8: =+IF($Y8="N",$U8,IF($Y8="MN",$U8/2,IF($Y8="TN",$U8/2,IF($Y8="MTN",$U8/3,0))))*AD8 -> 0 | AG8: =+AF8/AH$4 -> #DIV/0! | AH8: =AG8*AG$4/12 -> #DIV/0! | AJ8: =+AI8/AK$4 -> #DIV/0! | AK8: =AJ8*AJ$4/12 -> #DIV/0! | AL8: 3.53 | AM8: =+AL8/AN$4 -> #DIV/0! | AN8: =AM8*AM$4/12 -> #DIV/0! | AP8: =+AO8/AQ$4 -> #DIV/0! | AQ8: =AP8*AP$4/12 -> #DIV/0! | AS8: =+AR8/AT$4 -> 0 | AT8: =AS8*AS$4/12 -> 0 | AU8: 3.53 | AV8: =+AU8/AW$4 -> #DIV/0! | AW8: =AV8*AV$4/12 -> #DIV/0! | AY8: =+AX8/AZ$4 -> 0 | AZ8: =AY8*AY$4/12 -> 0 | BA8: =+AH8+AK8+AN8+AQ8+AT8+AW8+AZ8 -> #DIV/0!
B9: Escola Jaume Balmes - Infantil | C9: P Baixa | D9: Passadís taller | E9: Vinilic | F9: 89.15 | H9: Diario 5/7 | I9: =IF(H9=Tablas!$B$5,Tablas!$C$5,VLOOKUP(H9,Tablas!$B$5:$D$40,2,FALSE)) -> 19 | J9: =IF(I9=0,"",VLOOKUP(I9,Tablas!$C$5:$D$40,2,FALSE)) -> 21.72619 | K9: =IF(G9=0,"0",F9/G9) -> 0 | L9: =IF($X9=3,$K9,0)+IF($X9=4,$K9,0)+IF($X9=5,$K9,0)+IF($X9=6,$K9,0)+IF($X9=7,$K9,0)+IF($X9=10,$K9*2,0)+IF($X9=12,$K9*2,0)+IF($X9=14,$K9*2,0)+IF($X9=21,$K9*3,0)+IF($X9<=1,$K9*$J9/21.75,0)+IF($X9=15,$K9*3,0) -> 0 | M9: =IF($X9=2,$K9,0)+IF($X9=4,$K9,0)+IF($X9=5,$K9,0)+IF($X9=6,$K9,0)+IF($X9=7,$K9,0)+IF($X9=10,$K9*2,0)+IF($X9=12,$K9*2,0)+IF($X9=14,$K9*2,0)+IF($X9=15,$K9*3,0)+IF($X9=21,$K9*3,0)+IF($X9<=1,$K9*$J9/21.75,0) -> 0 | N9: =IF($X9=3,$K9,0)+IF($X9=4,$K9,0)+IF($X9=5,$K9,0)+IF($X9=6,$K9,0)+IF($X9=7,$K9,0)+IF($X9=10,$K9*2,0)+IF($X9=12,$K9*2,0)+IF($X9=14,$K9*2,0)+IF($X9=21,$K9*3,0)+IF($X9<=1,$K9*$J9/21.75,0)+IF($X9=15,$K9*3,0) -> 0 | O9: =IF($X9=2,$K9,0)+IF($X9=4,$K9,0)+IF($X9=5,$K9,0)+IF($X9=6,$K9,0)+IF($X9=7,$K9,0)+IF($X9=10,$K9*2,0)+IF($X9=12,$K9*2,0)+IF($X9=14,$K9*2,0)+IF($X9=15,$K9*3,0)+IF($X9=21,$K9*3,0)+IF($X9<=1,$K9*$J9/21.75,0) -> 0 | P9: =IF($X9=3,$K9,0)+IF($X9=4,$K9,0)+IF($X9=5,$K9,0)+IF($X9=6,$K9,0)+IF($X9=7,$K9,0)+IF($X9=10,$K9*2,0)+IF($X9=12,$K9*2,0)+IF($X9=14,$K9*2,0)+IF($X9=21,$K9*3,0)+IF($X9<=1,$K9*$J9/21.75,0)+IF($X9=15,$K9*3,0) -> 0 | Q9: 0.75 | R9: =(IF($X9=6,$K9,)+IF($X9=7,$K9,)+IF($X9=12,$K9*2,)+IF($X9=18,$K9*3,)+IF($X9=21,$K9*3,)+IF($X9=14,$K9*2,))*Q9 -> 0 | S9: 0.75 | T9: =(IF($X9=7,$K9,)+IF($X9=21,$K9*3,)+IF($X9=14,$K9*2,))*S9 -> 0 | U9: =SUM(+L9+M9+N9+O9+P9+R9+T9) -> 0 | V9: =+U9*4.345 -> 0 | W9: =IF(V9="","",$W$4*V9) -> 0 | X9: =ROUND(J9/4.3452380952381,1) -> 5 | Y9: T | Z9: 1 | AA9: =+IF($Y9="M",$U9,IF($Y9="MT",$U9/2,IF(Y9="MN",$U9/2,IF($Y9="MTN",$U9/3,0))))*Z9 -> 0 | AB9: 1 | AC9: =+IF($Y9="T",$U9,IF($Y9="MT",$U9/2,IF($Y9="TN",$U9/2,IF($Y9="MTN",$U9/3,0))))*AB9 -> 0 | AD9: 1 | AE9: =+IF($Y9="N",$U9,IF($Y9="MN",$U9/2,IF($Y9="TN",$U9/2,IF($Y9="MTN",$U9/3,0))))*AD9 -> 0 | AG9: =+AF9/AH$4 -> #DIV/0! | AH9: =AG9*AG$4/12 -> #DIV/0! | AI9: 25 | AJ9: =+AI9/AK$4 -> #DIV/0! | AK9: =AJ9*AJ$4/12 -> #DIV/0! | AL9: 89.15 | AM9: =+AL9/AN$4 -> #DIV/0! | AN9: =AM9*AM$4/12 -> #DIV/0! | AP9: =+AO9/AQ$4 -> #DIV/0! | AQ9: =AP9*AP$4/12 -> #DIV/0! | AS9: =+AR9/AT$4 -> 0 | AT9: =AS9*AS$4/12 -> 0 | AU9: 89.15 | AV9: =+AU9/AW$4 -> #DIV/0! | AW9: =AV9*AV$4/12 -> #DIV/0! | AY9: =+AX9/AZ$4 -> 0 | AZ9: =AY9*AY$4/12 -> 0 | BA9: =+AH9+AK9+AN9+AQ9+AT9+AW9+AZ9 -> #DIV/0!
B10: Escola Jaume Balmes - Infantil | C10: P Baixa | D10: Sala migdiada | E10: Vinilic | F10: 70.15 | H10: Diario 5/7 | I10: =IF(H10=Tablas!$B$5,Tablas!$C$5,VLOOKUP(H10,Tablas!$B$5:$D$40,2,FALSE)) -> 19 | J10: =IF(I10=0,"",VLOOKUP(I10,Tablas!$C$5:$D$40,2,FALSE)) -> 21.72619 | K10: =IF(G10=0,"0",F10/G10) -> 0 | L10: =IF($X10=3,$K10,0)+IF($X10=4,$K10,0)+IF($X10=5,$K10,0)+IF($X10=6,$K10,0)+IF($X10=7,$K10,0)+IF($X10=10,$K10*2,0)+IF($X10=12,$K10*2,0)+IF($X10=14,$K10*2,0)+IF($X10=21,$K10*3,0)+IF($X10<=1,$K10*$J10/21.75,0)+IF($X10=15,$K10*3,0) -> 0 | M10: =IF($X10=2,$K10,0)+IF($X10=4,$K10,0)+IF($X10=5,$K10,0)+IF($X10=6,$K10,0)+IF($X10=7,$K10,0)+IF($X10=10,$K10*2,0)+IF($X10=12,$K10*2,0)+IF($X10=14,$K10*2,0)+IF($X10=15,$K10*3,0)+IF($X10=21,$K10*3,0)+IF($X10<=1,$K10*$J10/21.75,0) -> 0 | N10: =IF($X10=3,$K10,0)+IF($X10=4,$K10,0)+IF($X10=5,$K10,0)+IF($X10=6,$K10,0)+IF($X10=7,$K10,0)+IF($X10=10,$K10*2,0)+IF($X10=12,$K10*2,0)+IF($X10=14,$K10*2,0)+IF($X10=21,$K10*3,0)+IF($X10<=1,$K10*$J10/21.75,0)+IF($X10=15,$K10*3,0) -> 0 | O10: =IF($X10=2,$K10,0)+IF($X10=4,$K10,0)+IF($X10=5,$K10,0)+IF($X10=6,$K10,0)+IF($X10=7,$K10,0)+IF($X10=10,$K10*2,0)+IF($X10=12,$K10*2,0)+IF($X10=14,$K10*2,0)+IF($X10=15,$K10*3,0)+IF($X10=21,$K10*3,0)+IF($X10<=1,$K10*$J10/21.75,0) -> 0 | P10: =IF($X10=3,$K10,0)+IF($X10=4,$K10,0)+IF($X10=5,$K10,0)+IF($X10=6,$K10,0)+IF($X10=7,$K10,0)+IF($X10=10,$K10*2,0)+IF($X10=12,$K10*2,0)+IF($X10=14,$K10*2,0)+IF($X10=21,$K10*3,0)+IF($X10<=1,$K10*$J10/21.75,0)+IF($X10=15,$K10*3,0) -> 0 | Q10: 0.75 | R10: =(IF($X10=6,$K10,)+IF($X10=7,$K10,)+IF($X10=12,$K10*2,)+IF($X10=18,$K10*3,)+IF($X10=21,$K10*3,)+IF($X10=14,$K10*2,))*Q10 -> 0 | S10: 0.75 | T10: =(IF($X10=7,$K10,)+IF($X10=21,$K10*3,)+IF($X10=14,$K10*2,))*S10 -> 0 | U10: =SUM(+L10+M10+N10+O10+P10+R10+T10) -> 0 | V10: =+U10*4.345 -> 0 | W10: =IF(V10="","",$W$4*V10) -> 0 | X10: =ROUND(J10/4.3452380952381,1) -> 5 | Y10: T | Z10: 1 | AA10: =+IF($Y10="M",$U10,IF($Y10="MT",$U10/2,IF(Y10="MN",$U10/2,IF($Y10="MTN",$U10/3,0))))*Z10 -> 0 | AB10: 1 | AC10: =+IF($Y10="T",$U10,IF($Y10="MT",$U10/2,IF($Y10="TN",$U10/2,IF($Y10="MTN",$U10/3,0))))*AB10 -> 0 | AD10: 1 | AE10: =+IF($Y10="N",$U10,IF($Y10="MN",$U10/2,IF($Y10="TN",$U10/2,IF($Y10="MTN",$U10/3,0))))*AD10 -> 0 | AG10: =+AF10/AH$4 -> #DIV/0! | AH10: =AG10*AG$4/12 -> #DIV/0! | AI10: 10 | AJ10: =+AI10/AK$4 -> #DIV/0! | AK10: =AJ10*AJ$4/12 -> #DIV/0! | AL10: 70.15 | AM10: =+AL10/AN$4 -> #DIV/0! | AN10: =AM10*AM$4/12 -> #DIV/0! | AP10: =+AO10/AQ$4 -> #DIV/0! | AQ10: =AP10*AP$4/12 -> #DIV/0! | AS10: =+AR10/AT$4 -> 0 | AT10: =AS10*AS$4/12 -> 0 | AU10: 70.15 | AV10: =+AU10/AW$4 -> #DIV/0! | AW10: =AV10*AV$4/12 -> #DIV/0! | AY10: =+AX10/AZ$4 -> 0 | AZ10: =AY10*AY$4/12 -> 0 | BA10: =+AH10+AK10+AN10+AQ10+AT10+AW10+AZ10 -> #DIV/0!
B11: Escola Jaume Balmes - Infantil | C11: P Baixa | D11: Aula Petits Grups | E11: Vinilic | F11: 14.91 | H11: Diario 5/7 | I11: =IF(H11=Tablas!$B$5,Tablas!$C$5,VLOOKUP(H11,Tablas!$B$5:$D$40,2,FALSE)) -> 19 | J11: =IF(I11=0,"",VLOOKUP(I11,Tablas!$C$5:$D$40,2,FALSE)) -> 21.72619 | K11: =IF(G11=0,"0",F11/G11) -> 0 | L11: =IF($X11=3,$K11,0)+IF($X11=4,$K11,0)+IF($X11=5,$K11,0)+IF($X11=6,$K11,0)+IF($X11=7,$K11,0)+IF($X11=10,$K11*2,0)+IF($X11=12,$K11*2,0)+IF($X11=14,$K11*2,0)+IF($X11=21,$K11*3,0)+IF($X11<=1,$K11*$J11/21.75,0)+IF($X11=15,$K11*3,0) -> 0 | M11: =IF($X11=2,$K11,0)+IF($X11=4,$K11,0)+IF($X11=5,$K11,0)+IF($X11=6,$K11,0)+IF($X11=7,$K11,0)+IF($X11=10,$K11*2,0)+IF($X11=12,$K11*2,0)+IF($X11=14,$K11*2,0)+IF($X11=15,$K11*3,0)+IF($X11=21,$K11*3,0)+IF($X11<=1,$K11*$J11/21.75,0) -> 0 | N11: =IF($X11=3,$K11,0)+IF($X11=4,$K11,0)+IF($X11=5,$K11,0)+IF($X11=6,$K11,0)+IF($X11=7,$K11,0)+IF($X11=10,$K11*2,0)+IF($X11=12,$K11*2,0)+IF($X11=14,$K11*2,0)+IF($X11=21,$K11*3,0)+IF($X11<=1,$K11*$J11/21.75,0)+IF($X11=15,$K11*3,0) -> 0 | O11: =IF($X11=2,$K11,0)+IF($X11=4,$K11,0)+IF($X11=5,$K11,0)+IF($X11=6,$K11,0)+IF($X11=7,$K11,0)+IF($X11=10,$K11*2,0)+IF($X11=12,$K11*2,0)+IF($X11=14,$K11*2,0)+IF($X11=15,$K11*3,0)+IF($X11=21,$K11*3,0)+IF($X11<=1,$K11*$J11/21.75,0) -> 0 | P11: =IF($X11=3,$K11,0)+IF($X11=4,$K11,0)+IF($X11=5,$K11,0)+IF($X11=6,$K11,0)+IF($X11=7,$K11,0)+IF($X11=10,$K11*2,0)+IF($X11=12,$K11*2,0)+IF($X11=14,$K11*2,0)+IF($X11=21,$K11*3,0)+IF($X11<=1,$K11*$J11/21.75,0)+IF($X11=15,$K11*3,0) -> 0 | Q11: 0.75 | R11: =(IF($X11=6,$K11,)+IF($X11=7,$K11,)+IF($X11=12,$K11*2,)+IF($X11=18,$K11*3,)+IF($X11=21,$K11*3,)+IF($X11=14,$K11*2,))*Q11 -> 0 | S11: 0.75 | T11: =(IF($X11=7,$K11,)+IF($X11=21,$K11*3,)+IF($X11=14,$K11*2,))*S11 -> 0 | U11: =SUM(+L11+M11+N11+O11+P11+R11+T11) -> 0 | V11: =+U11*4.345 -> 0 | W11: =IF(V11="","",$W$4*V11) -> 0 | X11: =ROUND(J11/4.3452380952381,1) -> 5 | Y11: T | Z11: 1 | AA11: =+IF($Y11="M",$U11,IF($Y11="MT",$U11/2,IF(Y11="MN",$U11/2,IF($Y11="MTN",$U11/3,0))))*Z11 -> 0 | AB11: 1 | AC11: =+IF($Y11="T",$U11,IF($Y11="MT",$U11/2,IF($Y11="TN",$U11/2,IF($Y11="MTN",$U11/3,0))))*AB11 -> 0 | AD11: 1 | AE11: =+IF($Y11="N",$U11,IF($Y11="MN",$U11/2,IF($Y11="TN",$U11/2,IF($Y11="MTN",$U11/3,0))))*AD11 -> 0 | AG11: =+AF11/AH$4 -> #DIV/0! | AH11: =AG11*AG$4/12 -> #DIV/0! | AI11: 4 | AJ11: =+AI11/AK$4 -> #DIV/0! | AK11: =AJ11*AJ$4/12 -> #DIV/0! | AL11: 14.91 | AM11: =+AL11/AN$4 -> #DIV/0! | AN11: =AM11*AM$4/12 -> #DIV/0! | AP11: =+AO11/AQ$4 -> #DIV/0! | AQ11: =AP11*AP$4/12 -> #DIV/0! | AS11: =+AR11/AT$4 -> 0 | AT11: =AS11*AS$4/12 -> 0 | AU11: 14.91 | AV11: =+AU11/AW$4 -> #DIV/0! | AW11: =AV11*AV$4/12 -> #DIV/0! | AY11: =+AX11/AZ$4 -> 0 | AZ11: =AY11*AY$4/12 -> 0 | BA11: =+AH11+AK11+AN11+AQ11+AT11+AW11+AZ11 -> #DIV/0!
B12: Escola Jaume Balmes - Infantil | C12: P Baixa | D12: Bany magatzem | E12: Vinilic | F12: 13.01 | H12: Diario 5/7 | I12: =IF(H12=Tablas!$B$5,Tablas!$C$5,VLOOKUP(H12,Tablas!$B$5:$D$40,2,FALSE)) -> 19 | J12: =IF(I12=0,"",VLOOKUP(I12,Tablas!$C$5:$D$40,2,FALSE)) -> 21.72619 | K12: =IF(G12=0,"0",F12/G12) -> 0 | L12: =IF($X12=3,$K12,0)+IF($X12=4,$K12,0)+IF($X12=5,$K12,0)+IF($X12=6,$K12,0)+IF($X12=7,$K12,0)+IF($X12=10,$K12*2,0)+IF($X12=12,$K12*2,0)+IF($X12=14,$K12*2,0)+IF($X12=21,$K12*3,0)+IF($X12<=1,$K12*$J12/21.75,0)+IF($X12=15,$K12*3,0) -> 0 | M12: =IF($X12=2,$K12,0)+IF($X12=4,$K12,0)+IF($X12=5,$K12,0)+IF($X12=6,$K12,0)+IF($X12=7,$K12,0)+IF($X12=10,$K12*2,0)+IF($X12=12,$K12*2,0)+IF($X12=14,$K12*2,0)+IF($X12=15,$K12*3,0)+IF($X12=21,$K12*3,0)+IF($X12<=1,$K12*$J12/21.75,0) -> 0 | N12: =IF($X12=3,$K12,0)+IF($X12=4,$K12,0)+IF($X12=5,$K12,0)+IF($X12=6,$K12,0)+IF($X12=7,$K12,0)+IF($X12=10,$K12*2,0)+IF($X12=12,$K12*2,0)+IF($X12=14,$K12*2,0)+IF($X12=21,$K12*3,0)+IF($X12<=1,$K12*$J12/21.75,0)+IF($X12=15,$K12*3,0) -> 0 | O12: =IF($X12=2,$K12,0)+IF($X12=4,$K12,0)+IF($X12=5,$K12,0)+IF($X12=6,$K12,0)+IF($X12=7,$K12,0)+IF($X12=10,$K12*2,0)+IF($X12=12,$K12*2,0)+IF($X12=14,$K12*2,0)+IF($X12=15,$K12*3,0)+IF($X12=21,$K12*3,0)+IF($X12<=1,$K12*$J12/21.75,0) -> 0 | P12: =IF($X12=3,$K12,0)+IF($X12=4,$K12,0)+IF($X12=5,$K12,0)+IF($X12=6,$K12,0)+IF($X12=7,$K12,0)+IF($X12=10,$K12*2,0)+IF($X12=12,$K12*2,0)+IF($X12=14,$K12*2,0)+IF($X12=21,$K12*3,0)+IF($X12<=1,$K12*$J12/21.75,0)+IF($X12=15,$K12*3,0) -> 0 | Q12: 0.75 | R12: =(IF($X12=6,$K12,)+IF($X12=7,$K12,)+IF($X12=12,$K12*2,)+IF($X12=18,$K12*3,)+IF($X12=21,$K12*3,)+IF($X12=14,$K12*2,))*Q12 -> 0 | S12: 0.75 | T12: =(IF($X12=7,$K12,)+IF($X12=21,$K12*3,)+IF($X12=14,$K12*2,))*S12 -> 0 | U12: =SUM(+L12+M12+N12+O12+P12+R12+T12) -> 0 | V12: =+U12*4.345 -> 0 | W12: =IF(V12="","",$W$4*V12) -> 0 | X12: =ROUND(J12/4.3452380952381,1) -> 5 | Y12: T | Z12: 1 | AA12: =+IF($Y12="M",$U12,IF($Y12="MT",$U12/2,IF(Y12="MN",$U12/2,IF($Y12="MTN",$U12/3,0))))*Z12 -> 0 | AB12: 1 | AC12: =+IF($Y12="T",$U12,IF($Y12="MT",$U12/2,IF($Y12="TN",$U12/2,IF($Y12="MTN",$U12/3,0))))*AB12 -> 0 | AD12: 1 | AE12: =+IF($Y12="N",$U12,IF($Y12="MN",$U12/2,IF($Y12="TN",$U12/2,IF($Y12="MTN",$U12/3,0))))*AD12 -> 0 | AG12: =+AF12/AH$4 -> #DIV/0! | AH12: =AG12*AG$4/12 -> #DIV/0! | AI12: 4.25 | AJ12: =+AI12/AK$4 -> #DIV/0! | AK12: =AJ12*AJ$4/12 -> #DIV/0! | AL12: 13.01 | AM12: =+AL12/AN$4 -> #DIV/0! | AN12: =AM12*AM$4/12 -> #DIV/0! | AP12: =+AO12/AQ$4 -> #DIV/0! | AQ12: =AP12*AP$4/12 -> #DIV/0! | AS12: =+AR12/AT$4 -> 0 | AT12: =AS12*AS$4/12 -> 0 | AU12: 13.01 | AV12: =+AU12/AW$4 -> #DIV/0! | AW12: =AV12*AV$4/12 -> #DIV/0! | AY12: =+AX12/AZ$4 -> 0 | AZ12: =AY12*AY$4/12 -> 0 | BA12: =+AH12+AK12+AN12+AQ12+AT12+AW12+AZ12 -> #DIV/0!
